Workbook
Name CLASIFICACION: #NAME?
Name Consecuencias: #REF!
Name Deficiencia: #REF!
Name Exposicion: #REF!
Name exposición: [1]Listas!$K$3:$K$5
Name Peligro: #REF!
Name probabilidad: [1]Listas!$M$3:$M$5
Name roles: [1]Listas!$B$3:$B$7
Name variables: [1]Listas!$E$3:$E$7

Sheet Viveros
A2: Empresa | B2: CORPORACIÓN AUTÓNOMA REGIONAL DEL ATLÁNTICO - CRA | F2: MATRIZ DE IDENTIFICACIÓN DE PELIGROS Y EVALUACIÓN DE RIESGOS PARA LA SST
A3: Ultima actualización
A4: Tipo de actividades | B4: Actividades desarrolladas dentro de los viveros de la Corporación
C6: RUTINARIO | F6: PELIGRO | J6: EVALUACIÓN DEL RIESGO | T6: VALORACIÓN DE RIESGO | W6: REQUISITO LEGAL | Y6: PERSONAL | AC6: CONTROLES | AH6: MEJORAS IDENTIFICADAS | AI6: RE EVALUACIÓN DEL RIESGO | AP6: RE VALORACIÓN DE RIESGO
A7: PROCESO | B7: ACTIVIDAD | C7: SI | D7: No | E7: CARGOS | F7: CLASIFICACIÓN | G7: DESCRIPCIÓN | H7: FUENTE / PELIGRO | I7: CONSECUENCIA | J7: NIVEL DE DEFICIENCIA CUANTITATIVO | K7: NIVEL DE DEFICIENCIA CUALITATIVO | L7: NIVEL DE EXPOSICIÓN CUANTITATIVO | M7: NIVEL DE EXPOSICIÓN CUALITATIVO | N7: NIVEL DE PROBABILIDAD = (ND*NP) | O7: INTREPRETACIÓN DEL NIVEL DE PROBABILIDAD | P7: NIVEL DE CONSECUENCIA CUANTITATIVO | Q7: NIVEL DE CONSECUENCIA CUALIATTIVO | R7: NIVEL DE RIESGO (NR) E INTERVENCIÓN | S7: INTERPRETACIÓN DEL NIVEL DEL RIESGO | T7: ACEPTABILIDAD DEL RIESGO | U7: NUMERO DE EXPUESTOS | V7: PEOR CONSECUENCIA | W7: SI | X7: NO | Y7: Vinculado | Z7: Temporal | AA7: Contratistas | AB7: Visitantes/ Comunidad | AC7: ELIMINACIÓN | AD7: SUSTITUCIÓN | AE7: CONTROLES DE INGIENERÍA | AF7: CONTROLES ADMINISTRATIVOS | AG7: EQUIPOS/ ELEMENTOS DE PROTECCIÓN PERSONAL | AH7: DESCRIPCIÓN DE MEJORAS IDENTIFICADAS | AI7: NIVEL DE DEFICIENCIA CUANTITATIVO 2 | AJ7: NIVEL DE DEFICIENCIA CUALITATIVO 2 | AK7: NIVEL DE EXPOSICIÓN CUANTITATIVO 2 | AL7: NIVEL DE EXPOSICIÓN CUALITATIVO 2 | AM7: NIVEL DE PROBABILIDAD = (ND*NP) 2 | AN7: INTREPRETACIÓN DEL NIVEL DE PROBABILIDAD 2 | AO7: NIVEL DE CONSECUENCIA CUANTITATIVO 2 | AP7: NIVEL DE CONSECUENCIA CUALIATTIVO 2 | AQ7: NIVEL DE RIESGO (NR) E INTERVENCIÓN 2 | AR7: INTERPRETACIÓN DEL NIVEL DEL RIESGO 2 | AS7: ACEPTABILIDAD DEL RIESGO 2
A8: Subdirección ambiental | B8: Actividades propias de la administración y operación del vivero | C8: x | E8: Administradores y operadores del vivero | F8: Biológico | G8: Microorganismos (Virus) | H8: Exposición a agentes biológicos como VIRUS COVID-19 (contacto directo entre personas, contacto con objetos y superficies contaminados). Contacto con otras personas a menos de 2 mt de distancia, terceros sin EPP, manipulación de herramientas, elementos de trabajo contaminadas, elementos de oficina o superficies de contacto común. | I8: Enfermedad COVID-19. Infección Respiratoria Aguda (IRA) de leve a grave, que puede ocasionar enfermedad pulmonar crónica, neumonía o muerte. | J8: 2 | K8: =IF(J8=10,#REF!,IF(J8=6,#REF!,IF(J8=2,#REF!,IF(J8=1,#REF!)))) -> #REF! | L8: 2 | M8: =IF(L8=4,#REF!,IF(L8=3,#REF!,IF(L8=2,#REF!,IF(L8=1,#REF!)))) -> #REF! | N8: =+J8*L8 -> 4 | O8: =IF(AND(N8>=24,N8<=40),#REF!,IF(AND(N8>=10,N8<=20),#REF!,IF(AND(N8>=6,N8<=8),#REF!,IF(AND(N8>=0,N8<=4),#REF!)))) -> #REF! | P8: 100 | Q8: =IF(P8=100,#REF!,IF(P8=60,#REF!,IF(P8=25,#REF!,IF(P8=10,#REF!)))) -> #REF! | R8: =+N8*P8 -> 400 | S8: =IF(AND(R8>=600,R8<=4000),#REF!,IF(AND(R8>=150,R8<=500),#REF!,IF(AND(R8>=40,R8<=120),#REF!,IF(AND(R8>=0,R8<40),#REF!)))) -> #REF! | T8: =IF(AND(S8="I"),#REF!,IF(AND(S8="II"),#REF!,IF(AND(S8="III"),#REF!,IF(AND(S8="IV"),#REF!)))) -> #REF! | U8: 6 | V8: =I8 -> Enfermedad COVID-19. Infección Respiratoria Aguda (IRA) de leve a grave, que puede ocasionar enfermedad pulmonar crónica, neumonía o muerte. | W8: SI | Y8: x | Z8: x | AA8: x | AB8: x | AC8: N/A | AD8: N/A | AE8: N/A | AF8: Sistema de Vigilancia Biológico. Solicitud de Protocolos de Bioseguridad para COVID-19 al personal contratista de la operación. Capacitación prevención contagio del COVID-19. Divulgación de los protocolos de Bioseguridad, medidas de bioseguridad durante el traslado en vehículos de la corporación y particulares, desarrollo de actividades en campo y administrativas. Suministro de elementos de limpieza y desinfección alcohol, Alcohol glicerinado | AG8: Uso de Guantes, Mascarilla, pantalla facial | AJ8: =IF(AI8=10,#REF!,IF(AI8=6,#REF!,IF(AI8=2,#REF!,IF(AI8=1,#REF!)))) -> FALSE | AL8: =IF(AK8=4,#REF!,IF(AK8=3,#REF!,IF(AK8=2,#REF!,IF(AK8=1,#REF!)))) -> FALSE | AM8: =+AI8*AK8 -> 0 | AN8: =IF(AND(AM8>=24,AM8<=40),#REF!,IF(AND(AM8>=10,AM8<=20),#REF!,IF(AND(AM8>=6,AM8<=8),#REF!,IF(AND(AM8>=0,AM8<=4),#REF!)))) -> #REF! | AP8: =IF(AO8=100,#REF!,IF(AO8=60,#REF!,IF(AO8=25,#REF!,IF(AO8=10,#REF!)))) -> FALSE | AQ8: =+AM8*AO8 -> 0 | AR8: =IF(AND(AQ8>=600,AQ8<=4000),#REF!,IF(AND(AQ8>=150,AQ8<=500),#REF!,IF(AND(AQ8>=40,AQ8<=120),#REF!,IF(AND(AQ8>=0,AQ8<40),#REF!)))) -> #REF! | AS8: =IF(AND(AR8="I"),#REF!,IF(AND(AR8="II"),#REF!,IF(AND(AR8="III"),#REF!,IF(AND(AR8="IV"),#REF!)))) -> #REF!
C9: x | E9: Administradores y operadores del vivero | F9: Condiciones de seguridad | G9: Público. Orden público. | H9: Actos delictivos en las sedes u operaciones de la Corporación, o durante el traslado del personal a sus sitios de trabajo cometidos por terceros como protestas, atentados, secuestro, hurto, vandalismo, terrorismo, entre otros. | I9: Heridas, golpes, muerte, fatiga, estrés, disminución de la destreza y precisión. Estados de ansiedad y/o depresión y trastornos del aparato digestivo. | J9: 2 | K9: =IF(J9=10,#REF!,IF(J9=6,#REF!,IF(J9=2,#REF!,IF(J9=1,#REF!)))) -> #REF! | L9: 2 | M9: =IF(L9=4,#REF!,IF(L9=3,#REF!,IF(L9=2,#REF!,IF(L9=1,#REF!)))) -> #REF! | N9: =+J9*L9 -> 4 | O9: =IF(AND(N9>=24,N9<=40),#REF!,IF(AND(N9>=10,N9<=20),#REF!,IF(AND(N9>=6,N9<=8),#REF!,IF(AND(N9>=0,N9<=4),#REF!)))) -> #REF! | P9: 25 | Q9: =IF(P9=100,#REF!,IF(P9=60,#REF!,IF(P9=25,#REF!,IF(P9=10,#REF!)))) -> #REF! | R9: =+N9*P9 -> 100 | S9: =IF(AND(R9>=600,R9<=4000),#REF!,IF(AND(R9>=150,R9<=500),#REF!,IF(AND(R9>=40,R9<=120),#REF!,IF(AND(R9>=0,R9<40),#REF!)))) -> #REF! | T9: =IF(AND(S9="I"),#REF!,IF(AND(S9="II"),#REF!,IF(AND(S9="III"),#REF!,IF(AND(S9="IV"),#REF!)))) -> #REF! | U9: 6 | V9: =I9 -> Heridas, golpes, muerte, fatiga, estrés, disminución de la destreza y precisión. Estados de ansiedad y/o depresión y trastornos del aparato digestivo. | W9: SI | Y9: x | Z9: x | AA9: x | AB9: x | AC9: N/A | AD9: N/A | AE9: N/A | AF9: Diseño en implementación de SVE Psicosocial, gestión del riesgo público, capacitación sobre cómo proceder en situaciones de riesgo público. Contratista de servicios de vigilancia | AG9: N/A | AJ9: =IF(AI9=10,#REF!,IF(AI9=6,#REF!,IF(AI9=2,#REF!,IF(AI9=1,#REF!)))) -> FALSE | AL9: =IF(AK9=4,#REF!,IF(AK9=3,#REF!,IF(AK9=2,#REF!,IF(AK9=1,#REF!)))) -> FALSE | AM9: =+AI9*AK9 -> 0 | AN9: =IF(AND(AM9>=24,AM9<=40),#REF!,IF(AND(AM9>=10,AM9<=20),#REF!,IF(AND(AM9>=6,AM9<=8),#REF!,IF(AND(AM9>=0,AM9<=4),#REF!)))) -> #REF! | AP9: =IF(AO9=100,#REF!,IF(AO9=60,#REF!,IF(AO9=25,#REF!,IF(AO9=10,#REF!)))) -> FALSE | AQ9: =+AM9*AO9 -> 0 | AR9: =IF(AND(AQ9>=600,AQ9<=4000),#REF!,IF(AND(AQ9>=150,AQ9<=500),#REF!,IF(AND(AQ9>=40,AQ9<=120),#REF!,IF(AND(AQ9>=0,AQ9<40),#REF!)))) -> #REF! | AS9: =IF(AND(AR9="I"),#REF!,IF(AND(AR9="II"),#REF!,IF(AND(AR9="III"),#REF!,IF(AND(AR9="IV"),#REF!)))) -> #REF!
C10: x | E10: Administradores y operadores del vivero | F10: Químico | G10: Líquidos | H10: Uso de Alcohol al 70%, gel Hidroalcohólico, detergentes, jabón para desinfección personal y de puesto de trabajo | I10: Irritación en la piel, Resequedad en la piel, picazón, dermatitis de contacto, afectaciones respiratorias. | J10: 1 | K10: =IF(J10=10,#REF!,IF(J10=6,#REF!,IF(J10=2,#REF!,IF(J10=1,#REF!)))) -> #REF! | L10: 3 | M10: =IF(L10=4,#REF!,IF(L10=3,#REF!,IF(L10=2,#REF!,IF(L10=1,#REF!)))) -> #REF! | N10: =+J10*L10 -> 3 | O10: =IF(AND(N10>=24,N10<=40),#REF!,IF(AND(N10>=10,N10<=20),#REF!,IF(AND(N10>=6,N10<=8),#REF!,IF(AND(N10>=0,N10<=4),#REF!)))) -> #REF! | P10: 10 | Q10: =IF(P10=100,#REF!,IF(P10=60,#REF!,IF(P10=25,#REF!,IF(P10=10,#REF!)))) -> #REF! | R10: =+N10*P10 -> 30 | S10: =IF(AND(R10>=600,R10<=4000),#REF!,IF(AND(R10>=150,R10<=500),#REF!,IF(AND(R10>=40,R10<=120),#REF!,IF(AND(R10>=0,R10<40),#REF!)))) -> #REF! | T10: =IF(AND(S10="I"),#REF!,IF(AND(S10="II"),#REF!,IF(AND(S10="III"),#REF!,IF(AND(S10="IV"),#REF!)))) -> #REF! | U10: 6 | V10: =I10 -> Irritación en la piel, Resequedad en la piel, picazón, dermatitis de contacto, afectaciones respiratorias. | W10: SI | Y10: x | Z10: x | AA10: x | AB10: x | AC10: N/A | AD10: N/A | AE10: N/A | AF10: Programa de manejo de Químicos. Uso hidratante en manos para contrarrestar la resequedad generada por los productos de limpieza y desinfección Procedimiento de lavado de manos. Uso de alcohol a menos que el lavado de manos no este disponible. Procedimiento de Limpieza y desinfección de instalaciones y superficies. Conocimiento de las Hojas se seguridad Instrucciones del fabricante, etiquetas | AG10: Uso de EPP para la limpieza de herramientas y útiles de oficina y áreas de contacto frecuente | AJ10: =IF(AI10=10,#REF!,IF(AI10=6,#REF!,IF(AI10=2,#REF!,IF(AI10=1,#REF!)))) -> FALSE | AL10: =IF(AK10=4,#REF!,IF(AK10=3,#REF!,IF(AK10=2,#REF!,IF(AK10=1,#REF!)))) -> FALSE | AM10: =+AI10*AK10 -> 0 | AN10: =IF(AND(AM10>=24,AM10<=40),#REF!,IF(AND(AM10>=10,AM10<=20),#REF!,IF(AND(AM10>=6,AM10<=8),#REF!,IF(AND(AM10>=0,AM10<=4),#REF!)))) -> #REF! | AP10: =IF(AO10=100,#REF!,IF(AO10=60,#REF!,IF(AO10=25,#REF!,IF(AO10=10,#REF!)))) -> FALSE | AQ10: =+AM10*AO10 -> 0 | AR10: =IF(AND(AQ10>=600,AQ10<=4000),#REF!,IF(AND(AQ10>=150,AQ10<=500),#REF!,IF(AND(AQ10>=40,AQ10<=120),#REF!,IF(AND(AQ10>=0,AQ10<40),#REF!)))) -> #REF! | AS10: =IF(AND(AR10="I"),#REF!,IF(AND(AR10="II"),#REF!,IF(AND(AR10="III"),#REF!,IF(AND(AR10="IV"),#REF!)))) -> #REF!
C11: x | E11: Administradores y operadores del vivero | F11: Condiciones de seguridad | G11: Transito. | H11: Circulación del personal como peatones por las diferentes vías y carreteras. | I11: Accidentes de tránsito, fracturas, contusiones, laceraciones, muerte. | J11: 2 | K11: =IF(J11=10,#REF!,IF(J11=6,#REF!,IF(J11=2,#REF!,IF(J11=1,#REF!)))) -> #REF! | L11: 2 | M11: =IF(L11=4,#REF!,IF(L11=3,#REF!,IF(L11=2,#REF!,IF(L11=1,#REF!)))) -> #REF! | N11: =+J11*L11 -> 4 | O11: =IF(AND(N11>=24,N11<=40),#REF!,IF(AND(N11>=10,N11<=20),#REF!,IF(AND(N11>=6,N11<=8),#REF!,IF(AND(N11>=0,N11<=4),#REF!)))) -> #REF! | P11: 60 | Q11: =IF(P11=100,#REF!,IF(P11=60,#REF!,IF(P11=25,#REF!,IF(P11=10,#REF!)))) -> #REF! | R11: =+N11*P11 -> 240 | S11: =IF(AND(R11>=600,R11<=4000),#REF!,IF(AND(R11>=150,R11<=500),#REF!,IF(AND(R11>=40,R11<=120),#REF!,IF(AND(R11>=0,R11<40),#REF!)))) -> #REF! | T11: =IF(AND(S11="I"),#REF!,IF(AND(S11="II"),#REF!,IF(AND(S11="III"),#REF!,IF(AND(S11="IV"),#REF!)))) -> #REF! | U11: 6 | V11: =I11 -> Accidentes de tránsito, fracturas, contusiones, laceraciones, muerte. | W11: SI | Y11: x | Z11: x | AA11: x | AB11: x | AC11: N/A | AD11: N/A | AE11: N/A | AF11: Programa de manejo de Contratistas. Exigir al contratista programas de mantenimiento preventivo y correctivo y formación y entrenamiento en conducción segura y manejo defensivo del personal conductor. Diseño e implementación del PESV. Programa de mantenimiento a vehículos propios que garantice el buen estado de funcionamiento de los mismos. | AG11: N/A | AJ11: =IF(AI11=10,#REF!,IF(AI11=6,#REF!,IF(AI11=2,#REF!,IF(AI11=1,#REF!)))) -> FALSE | AL11: =IF(AK11=4,#REF!,IF(AK11=3,#REF!,IF(AK11=2,#REF!,IF(AK11=1,#REF!)))) -> FALSE | AM11: =+AI11*AK11 -> 0 | AN11: =IF(AND(AM11>=24,AM11<=40),#REF!,IF(AND(AM11>=10,AM11<=20),#REF!,IF(AND(AM11>=6,AM11<=8),#REF!,IF(AND(AM11>=0,AM11<=4),#REF!)))) -> #REF! | AP11: =IF(AO11=100,#REF!,IF(AO11=60,#REF!,IF(AO11=25,#REF!,IF(AO11=10,#REF!)))) -> FALSE | AQ11: =+AM11*AO11 -> 0 | AR11: =IF(AND(AQ11>=600,AQ11<=4000),#REF!,IF(AND(AQ11>=150,AQ11<=500),#REF!,IF(AND(AQ11>=40,AQ11<=120),#REF!,IF(AND(AQ11>=0,AQ11<40),#REF!)))) -> #REF! | AS11: =IF(AND(AR11="I"),#REF!,IF(AND(AR11="II"),#REF!,IF(AND(AR11="III"),#REF!,IF(AND(AR11="IV"),#REF!)))) -> #REF!
C12: x | E12: Administradores y operadores del vivero | F12: Fenómenos naturales* | G12: Tormentas, vientos huracanados, inundaciones | H12: Cambios en condiciones termo higrométricas (Temperatura ambiental, Humedad relativa y Velocidad del aire). Generado por situaciones naturales o antrópicas. | I12: Fatiga, estrés, resfriados, golpes, traumas. | J12: 1 | K12: =IF(J12=10,#REF!,IF(J12=6,#REF!,IF(J12=2,#REF!,IF(J12=1,#REF!)))) -> #REF! | L12: 1 | M12: =IF(L12=4,#REF!,IF(L12=3,#REF!,IF(L12=2,#REF!,IF(L12=1,#REF!)))) -> #REF! | N12: =+J12*L12 -> 1 | O12: =IF(AND(N12>=24,N12<=40),#REF!,IF(AND(N12>=10,N12<=20),#REF!,IF(AND(N12>=6,N12<=8),#REF!,IF(AND(N12>=0,N12<=4),#REF!)))) -> #REF! | P12: 25 | Q12: =IF(P12=100,#REF!,IF(P12=60,#REF!,IF(P12=25,#REF!,IF(P12=10,#REF!)))) -> #REF! | R12: =+N12*P12 -> 25 | S12: =IF(AND(R12>=600,R12<=4000),#REF!,IF(AND(R12>=150,R12<=500),#REF!,IF(AND(R12>=40,R12<=120),#REF!,IF(AND(R12>=0,R12<40),#REF!)))) -> #REF! | T12: =IF(AND(S12="I"),#REF!,IF(AND(S12="II"),#REF!,IF(AND(S12="III"),#REF!,IF(AND(S12="IV"),#REF!)))) -> #REF! | U12: 6 | V12: =I12 -> Fatiga, estrés, resfriados, golpes, traumas. | W12: SI | Y12: x | Z12: x | AA12: x | AB12: x | AC12: N/A | AD12: N/A | AE12: N/A | AF12: Capacitación de Brigadas de emergencias. Ciclo de formación continuado y certificado efectuado con la Cruz Roja. Plan de emergencia, cadena de llamados, equipos de comunicación disponibles | AG12: Suministro de Indumentarias propias para afrontar cambios climáticos, impermeables, botas pantaneras | AJ12: =IF(AI12=10,#REF!,IF(AI12=6,#REF!,IF(AI12=2,#REF!,IF(AI12=1,#REF!)))) -> FALSE | AL12: =IF(AK12=4,#REF!,IF(AK12=3,#REF!,IF(AK12=2,#REF!,IF(AK12=1,#REF!)))) -> FALSE | AM12: =+AI12*AK12 -> 0 | AN12: =IF(AND(AM12>=24,AM12<=40),#REF!,IF(AND(AM12>=10,AM12<=20),#REF!,IF(AND(AM12>=6,AM12<=8),#REF!,IF(AND(AM12>=0,AM12<=4),#REF!)))) -> #REF! | AP12: =IF(AO12=100,#REF!,IF(AO12=60,#REF!,IF(AO12=25,#REF!,IF(AO12=10,#REF!)))) -> FALSE | AQ12: =+AM12*AO12 -> 0 | AR12: =IF(AND(AQ12>=600,AQ12<=4000),#REF!,IF(AND(AQ12>=150,AQ12<=500),#REF!,IF(AND(AQ12>=40,AQ12<=120),#REF!,IF(AND(AQ12>=0,AQ12<40),#REF!)))) -> #REF! | AS12: =IF(AND(AR12="I"),#REF!,IF(AND(AR12="II"),#REF!,IF(AND(AR12="III"),#REF!,IF(AND(AR12="IV"),#REF!)))) -> #REF!
C13: x | E13: Administradores y operadores del vivero | F13: Biomecánicos | G13: Posturas prolongadas | H13: Posturas prolongadas (de pie, sentado, etc.). | I13: Desordenes de trauma acumulativo, lesiones del sistema músculo esquelético, Tendinitis, síndrome del túnel carpiano (STC) | J13: 2 | K13: =IF(J13=10,#REF!,IF(J13=6,#REF!,IF(J13=2,#REF!,IF(J13=1,#REF!)))) -> #REF! | L13: 3 | M13: =IF(L13=4,#REF!,IF(L13=3,#REF!,IF(L13=2,#REF!,IF(L13=1,#REF!)))) -> #REF! | N13: =+J13*L13 -> 6 | O13: =IF(AND(N13>=24,N13<=40),#REF!,IF(AND(N13>=10,N13<=20),#REF!,IF(AND(N13>=6,N13<=8),#REF!,IF(AND(N13>=0,N13<=4),#REF!)))) -> #REF! | P13: 10 | Q13: =IF(P13=100,#REF!,IF(P13=60,#REF!,IF(P13=25,#REF!,IF(P13=10,#REF!)))) -> #REF! | R13: =+N13*P13 -> 60 | S13: =IF(AND(R13>=600,R13<=4000),#REF!,IF(AND(R13>=150,R13<=500),#REF!,IF(AND(R13>=40,R13<=120),#REF!,IF(AND(R13>=0,R13<40),#REF!)))) -> #REF! | T13: =IF(AND(S13="I"),#REF!,IF(AND(S13="II"),#REF!,IF(AND(S13="III"),#REF!,IF(AND(S13="IV"),#REF!)))) -> #REF! | U13: 6 | V13: =I13 -> Desordenes de trauma acumulativo, lesiones del sistema músculo esquelético, Tendinitis, síndrome del túnel carpiano (STC) | W13: SI | Y13: x | Z13: x | AA13: x | AC13: N/A | AD13: N/A | AE13: Diseño de puesto de trabajo, escritorio, silla. | AF13: Exámenes médicos ocupacionales con énfasis osteomuscular. Suministro de Sillas ergonómicas ajustables a la antropometría del trabajador. Sistema de Vigilancia para Desordenes musculoesqueléticos. Capacitación Pausas Activas, Higiene postural. Programa de orden y aseo, | AG13: N/A | AJ13: =IF(AI13=10,#REF!,IF(AI13=6,#REF!,IF(AI13=2,#REF!,IF(AI13=1,#REF!)))) -> FALSE | AL13: =IF(AK13=4,#REF!,IF(AK13=3,#REF!,IF(AK13=2,#REF!,IF(AK13=1,#REF!)))) -> FALSE | AM13: =+AI13*AK13 -> 0 | AN13: =IF(AND(AM13>=24,AM13<=40),#REF!,IF(AND(AM13>=10,AM13<=20),#REF!,IF(AND(AM13>=6,AM13<=8),#REF!,IF(AND(AM13>=0,AM13<=4),#REF!)))) -> #REF! | AP13: =IF(AO13=100,#REF!,IF(AO13=60,#REF!,IF(AO13=25,#REF!,IF(AO13=10,#REF!)))) -> FALSE | AQ13: =+AM13*AO13 -> 0 | AR13: =IF(AND(AQ13>=600,AQ13<=4000),#REF!,IF(AND(AQ13>=150,AQ13<=500),#REF!,IF(AND(AQ13>=40,AQ13<=120),#REF!,IF(AND(AQ13>=0,AQ13<40),#REF!)))) -> #REF! | AS13: =IF(AND(AR13="I"),#REF!,IF(AND(AR13="II"),#REF!,IF(AND(AR13="III"),#REF!,IF(AND(AR13="IV"),#REF!)))) -> #REF!
C14: x | E14: Administradores y operadores del vivero | F14: Psicosocial | G14: Condiciones de la tarea (carga mental, contenido de la tarea, demandas emocionales). Comunicación, tecnología, organización del trabajo, demandas cualitativas y cuantitativas de la labor. | H14: Alta carga laboral. Atención a personal externo e interno(usuarios, funcionarios, contratistas, asesores, entes de control). Exigencia en las actividades diarias. Trabajo bajo presión. Jornadas extenuantes de trabajo. Tiempos prolongados de traslado entre las áreas de trabajo | I14: Fatiga, estrés, disminución de la destreza y precisión. Estados de ansiedad y/o depresión y trastornos del aparato digestivo. | J14: 2 | K14: =IF(J14=10,#REF!,IF(J14=6,#REF!,IF(J14=2,#REF!,IF(J14=1,#REF!)))) -> #REF! | L14: 3 | M14: =IF(L14=4,#REF!,IF(L14=3,#REF!,IF(L14=2,#REF!,IF(L14=1,#REF!)))) -> #REF! | N14: =+J14*L14 -> 6 | O14: =IF(AND(N14>=24,N14<=40),#REF!,IF(AND(N14>=10,N14<=20),#REF!,IF(AND(N14>=6,N14<=8),#REF!,IF(AND(N14>=0,N14<=4),#REF!)))) -> #REF! | P14: 60 | Q14: =IF(P14=100,#REF!,IF(P14=60,#REF!,IF(P14=25,#REF!,IF(P14=10,#REF!)))) -> #REF! | R14: =+N14*P14 -> 360 | S14: =IF(AND(R14>=600,R14<=4000),#REF!,IF(AND(R14>=150,R14<=500),#REF!,IF(AND(R14>=40,R14<=120),#REF!,IF(AND(R14>=0,R14<40),#REF!)))) -> #REF! | T14: =IF(AND(S14="I"),#REF!,IF(AND(S14="II"),#REF!,IF(AND(S14="III"),#REF!,IF(AND(S14="IV"),#REF!)))) -> #REF! | U14: 6 | V14: =I14 -> Fatiga, estrés, disminución de la destreza y precisión. Estados de ansiedad y/o depresión y trastornos del aparato digestivo. | W14: SI | Y14: x | Z14: x | AA14: x | AC14: N/A | AD14: N/A | AE14: N/A | AF14: Desarrollo de SVE Psicosocial. Implementación de las baterías de medición del riesgo psicosocial Implementación del plan de acción, según los niveles de riesgo y áreas afectadas. Desarrollo de actividades de bienestar, trabajo en equipo, técnicas de relajación, pausas activas, rumba terapias. Actividades de bienestar y Desarrollo. Actividades intralaborales para la mejora del clima laboral. | AG14: N/A | AJ14: =IF(AI14=10,#REF!,IF(AI14=6,#REF!,IF(AI14=2,#REF!,IF(AI14=1,#REF!)))) -> FALSE | AL14: =IF(AK14=4,#REF!,IF(AK14=3,#REF!,IF(AK14=2,#REF!,IF(AK14=1,#REF!)))) -> FALSE | AM14: =+AI14*AK14 -> 0 | AN14: =IF(AND(AM14>=24,AM14<=40),#REF!,IF(AND(AM14>=10,AM14<=20),#REF!,IF(AND(AM14>=6,AM14<=8),#REF!,IF(AND(AM14>=0,AM14<=4),#REF!)))) -> #REF! | AP14: =IF(AO14=100,#REF!,IF(AO14=60,#REF!,IF(AO14=25,#REF!,IF(AO14=10,#REF!)))) -> FALSE | AQ14: =+AM14*AO14 -> 0 | AR14: =IF(AND(AQ14>=600,AQ14<=4000),#REF!,IF(AND(AQ14>=150,AQ14<=500),#REF!,IF(AND(AQ14>=40,AQ14<=120),#REF!,IF(AND(AQ14>=0,AQ14<40),#REF!)))) -> #REF! | AS14: =IF(AND(AR14="I"),#REF!,IF(AND(AR14="II"),#REF!,IF(AND(AR14="III"),#REF!,IF(AND(AR14="IV"),#REF!)))) -> #REF!
C15: x | E15: Administradores y operadores del vivero | F15: Físico | G15: Iluminación deficiente o en exceso. | H15: Fuentes inadecuadas de iluminación | I15: Fatiga visual, cefalea, disminución de la destreza y precisión, afectaciones a la vista, deslumbramiento, caídas a nivel, golpes. | J15: 1 | K15: =IF(J15=10,#REF!,IF(J15=6,#REF!,IF(J15=2,#REF!,IF(J15=1,#REF!)))) -> #REF! | L15: 4 | M15: =IF(L15=4,#REF!,IF(L15=3,#REF!,IF(L15=2,#REF!,IF(L15=1,#REF!)))) -> #REF! | N15: =+J15*L15 -> 4 | O15: =IF(AND(N15>=24,N15<=40),#REF!,IF(AND(N15>=10,N15<=20),#REF!,IF(AND(N15>=6,N15<=8),#REF!,IF(AND(N15>=0,N15<=4),#REF!)))) -> #REF! | P15: 10 | Q15: =IF(P15=100,#REF!,IF(P15=60,#REF!,IF(P15=25,#REF!,IF(P15=10,#REF!)))) -> #REF! | R15: =+N15*P15 -> 40 | S15: =IF(AND(R15>=600,R15<=4000),#REF!,IF(AND(R15>=150,R15<=500),#REF!,IF(AND(R15>=40,R15<=120),#REF!,IF(AND(R15>=0,R15<40),#REF!)))) -> #REF! | T15: =IF(AND(S15="I"),#REF!,IF(AND(S15="II"),#REF!,IF(AND(S15="III"),#REF!,IF(AND(S15="IV"),#REF!)))) -> #REF! | U15: 6 | V15: =I15 -> Fatiga visual, cefalea, disminución de la destreza y precisión, afectaciones a la vista, deslumbramiento, caídas a nivel, golpes. | W15: SI | Y15: x | Z15: x | AA15: x | AC15: N/A | AD15: N/A | AE15: Actividades de mantenimiento a la infraestructura, incluidos los equipos de iluminación. | AF15: Efectuar mediciones higiénicas para verificar los niveles de iluminación de las áreas de trabajo. | AG15: N/A | AJ15: =IF(AI15=10,#REF!,IF(AI15=6,#REF!,IF(AI15=2,#REF!,IF(AI15=1,#REF!)))) -> FALSE | AL15: =IF(AK15=4,#REF!,IF(AK15=3,#REF!,IF(AK15=2,#REF!,IF(AK15=1,#REF!)))) -> FALSE | AM15: =+AI15*AK15 -> 0 | AN15: =IF(AND(AM15>=24,AM15<=40),#REF!,IF(AND(AM15>=10,AM15<=20),#REF!,IF(AND(AM15>=6,AM15<=8),#REF!,IF(AND(AM15>=0,AM15<=4),#REF!)))) -> #REF! | AP15: =IF(AO15=100,#REF!,IF(AO15=60,#REF!,IF(AO15=25,#REF!,IF(AO15=10,#REF!)))) -> FALSE | AQ15: =+AM15*AO15 -> 0 | AR15: =IF(AND(AQ15>=600,AQ15<=4000),#REF!,IF(AND(AQ15>=150,AQ15<=500),#REF!,IF(AND(AQ15>=40,AQ15<=120),#REF!,IF(AND(AQ15>=0,AQ15<40),#REF!)))) -> #REF! | AS15: =IF(AND(AR15="I"),#REF!,IF(AND(AR15="II"),#REF!,IF(AND(AR15="III"),#REF!,IF(AND(AR15="IV"),#REF!)))) -> #REF!
C16: x | E16: Administradores y operadores del vivero | F16: Condiciones de seguridad | G16: Locativos | H16: Traslado por las diferentes áreas de las instalaciones de los viveros Uso de escaleras (escaleras de caracol, rectas) | I16: Caídas al mismo nivel, caídas a diferente nivel, contusiones, golpes, fracturas | J16: 2 | K16: =IF(J16=10,#REF!,IF(J16=6,#REF!,IF(J16=2,#REF!,IF(J16=1,#REF!)))) -> #REF! | L16: 3 | M16: =IF(L16=4,#REF!,IF(L16=3,#REF!,IF(L16=2,#REF!,IF(L16=1,#REF!)))) -> #REF! | N16: =+J16*L16 -> 6 | O16: =IF(AND(N16>=24,N16<=40),#REF!,IF(AND(N16>=10,N16<=20),#REF!,IF(AND(N16>=6,N16<=8),#REF!,IF(AND(N16>=0,N16<=4),#REF!)))) -> #REF! | P16: 60 | Q16: =IF(P16=100,#REF!,IF(P16=60,#REF!,IF(P16=25,#REF!,IF(P16=10,#REF!)))) -> #REF! | R16: =+N16*P16 -> 360 | S16: =IF(AND(R16>=600,R16<=4000),#REF!,IF(AND(R16>=150,R16<=500),#REF!,IF(AND(R16>=40,R16<=120),#REF!,IF(AND(R16>=0,R16<40),#REF!)))) -> #REF! | T16: =IF(AND(S16="I"),#REF!,IF(AND(S16="II"),#REF!,IF(AND(S16="III"),#REF!,IF(AND(S16="IV"),#REF!)))) -> #REF! | U16: 6 | V16: =I16 -> Caídas al mismo nivel, caídas a diferente nivel, contusiones, golpes, fracturas | W16: SI | Y16: x | Z16: x | AA16: x | AB16: x | AC16: N/A | AD16: N/A | AE16: Mantenimiento a la infraestructura de la Corporación. | AF16: Implementación de programas de Orden y Aseo. Redistribución del espacio y puestos de trabajo. Establecer directrices para el manejo y almacenamiento de la documentación que ha cumplido su ciclo administrativo. Aumentar el área de archivo de las diferentes subdirecciones. Desarrollo de jornadas de recolección de documentación elementos innecesarios. Señalización de zonas de riesgo para el personal. Actividades de toma de conciencia. | AG16: N/A | AJ16: =IF(AI16=10,#REF!,IF(AI16=6,#REF!,IF(AI16=2,#REF!,IF(AI16=1,#REF!)))) -> FALSE | AL16: =IF(AK16=4,#REF!,IF(AK16=3,#REF!,IF(AK16=2,#REF!,IF(AK16=1,#REF!)))) -> FALSE | AM16: =+AI16*AK16 -> 0 | AN16: =IF(AND(AM16>=24,AM16<=40),#REF!,IF(AND(AM16>=10,AM16<=20),#REF!,IF(AND(AM16>=6,AM16<=8),#REF!,IF(AND(AM16>=0,AM16<=4),#REF!)))) -> #REF! | AP16: =IF(AO16=100,#REF!,IF(AO16=60,#REF!,IF(AO16=25,#REF!,IF(AO16=10,#REF!)))) -> FALSE | AQ16: =+AM16*AO16 -> 0 | AR16: =IF(AND(AQ16>=600,AQ16<=4000),#REF!,IF(AND(AQ16>=150,AQ16<=500),#REF!,IF(AND(AQ16>=40,AQ16<=120),#REF!,IF(AND(AQ16>=0,AQ16<40),#REF!)))) -> #REF! | AS16: =IF(AND(AR16="I"),#REF!,IF(AND(AR16="II"),#REF!,IF(AND(AR16="III"),#REF!,IF(AND(AR16="IV"),#REF!)))) -> #REF!
C17: x | E17: Administradores y operadores del vivero | F17: Condiciones de seguridad | G17: Locativos | H17: Condiciones inadecuadas del sitio de trabajo. Deficientes condiciones de orden y aseo. | I17: Desordenes de trauma acumulativo, lesiones del sistema músculo esquelético, Tendinitis, síndrome del túnel carpiano (STC), golpes, caídas a nivel, contusiones | J17: 1 | K17: =IF(J17=10,#REF!,IF(J17=6,#REF!,IF(J17=2,#REF!,IF(J17=1,#REF!)))) -> #REF! | L17: 3 | M17: =IF(L17=4,#REF!,IF(L17=3,#REF!,IF(L17=2,#REF!,IF(L17=1,#REF!)))) -> #REF! | N17: =+J17*L17 -> 3 | O17: =IF(AND(N17>=24,N17<=40),#REF!,IF(AND(N17>=10,N17<=20),#REF!,IF(AND(N17>=6,N17<=8),#REF!,IF(AND(N17>=0,N17<=4),#REF!)))) -> #REF! | P17: 10 | Q17: =IF(P17=100,#REF!,IF(P17=60,#REF!,IF(P17=25,#REF!,IF(P17=10,#REF!)))) -> #REF! | R17: =+N17*P17 -> 30 | S17: =IF(AND(R17>=600,R17<=4000),#REF!,IF(AND(R17>=150,R17<=500),#REF!,IF(AND(R17>=40,R17<=120),#REF!,IF(AND(R17>=0,R17<40),#REF!)))) -> #REF! | T17: =IF(AND(S17="I"),#REF!,IF(AND(S17="II"),#REF!,IF(AND(S17="III"),#REF!,IF(AND(S17="IV"),#REF!)))) -> #REF! | U17: 6 | V17: =I17 -> Desordenes de trauma acumulativo, lesiones del sistema músculo esquelético, Tendinitis, síndrome del túnel carpiano (STC), golpes, caídas a nivel, contusiones | W17: SI | Y17: x | Z17: x | AA17: x | AC17: N/A | AD17: N/A | AE17: Diseño de puesto de trabajo, escritorio, silla. | AF17: Sistema de Vigilancia para Desordenes musculoesqueléticos. Capacitación Pausas Activas, Higiene postural Orden y aseo frecuente en el área de trabajo. | AG17: N/A | AH17: Expandir el área de las oficinas, hay pocos puestos de trabajo en relación al numero de personal por áreas. Diseño de puestos de trabajo para personal vinculado y contratista. | AJ17: =IF(AI17=10,#REF!,IF(AI17=6,#REF!,IF(AI17=2,#REF!,IF(AI17=1,#REF!)))) -> FALSE | AL17: =IF(AK17=4,#REF!,IF(AK17=3,#REF!,IF(AK17=2,#REF!,IF(AK17=1,#REF!)))) -> FALSE | AM17: =+AI17*AK17 -> 0 | AN17: =IF(AND(AM17>=24,AM17<=40),#REF!,IF(AND(AM17>=10,AM17<=20),#REF!,IF(AND(AM17>=6,AM17<=8),#REF!,IF(AND(AM17>=0,AM17<=4),#REF!)))) -> #REF! | AP17: =IF(AO17=100,#REF!,IF(AO17=60,#REF!,IF(AO17=25,#REF!,IF(AO17=10,#REF!)))) -> FALSE | AQ17: =+AM17*AO17 -> 0 | AR17: =IF(AND(AQ17>=600,AQ17<=4000),#REF!,IF(AND(AQ17>=150,AQ17<=500),#REF!,IF(AND(AQ17>=40,AQ17<=120),#REF!,IF(AND(AQ17>=0,AQ17<40),#REF!)))) -> #REF! | AS17: =IF(AND(AR17="I"),#REF!,IF(AND(AR17="II"),#REF!,IF(AND(AR17="III"),#REF!,IF(AND(AR17="IV"),#REF!)))) -> #REF!
C18: x | E18: Administradores y operadores del vivero | F18: Condiciones de seguridad | G18: Locativo | H18: Deterioro de estructuras locativas, grietas en paredes de casas, filtración de aguas lluvias, presencia de humedad. | I18: Colapso de estructuras, golpes, poli traumas muerte | J18: 2 | K18: =IF(J18=10,#REF!,IF(J18=6,#REF!,IF(J18=2,#REF!,IF(J18=1,#REF!)))) -> #REF! | L18: 2 | M18: =IF(L18=4,#REF!,IF(L18=3,#REF!,IF(L18=2,#REF!,IF(L18=1,#REF!)))) -> #REF! | N18: =+J18*L18 -> 4 | O18: =IF(AND(N18>=24,N18<=40),#REF!,IF(AND(N18>=10,N18<=20),#REF!,IF(AND(N18>=6,N18<=8),#REF!,IF(AND(N18>=0,N18<=4),#REF!)))) -> #REF! | P18: 100 | Q18: =IF(P18=100,#REF!,IF(P18=60,#REF!,IF(P18=25,#REF!,IF(P18=10,#REF!)))) -> #REF! | R18: =+N18*P18 -> 400 | S18: =IF(AND(R18>=600,R18<=4000),#REF!,IF(AND(R18>=150,R18<=500),#REF!,IF(AND(R18>=40,R18<=120),#REF!,IF(AND(R18>=0,R18<40),#REF!)))) -> #REF! | T18: =IF(AND(S18="I"),#REF!,IF(AND(S18="II"),#REF!,IF(AND(S18="III"),#REF!,IF(AND(S18="IV"),#REF!)))) -> #REF! | U18: 6 | V18: =I18 -> Colapso de estructuras, golpes, poli traumas muerte | W18: SI | Y18: x | Z18: x | AA18: x | AB18: x | AC18: N/A | AD18: N/A | AE18: N/A | AF18: Programa de mantenimiento de infraestructura. | AG18: N/A | AJ18: =IF(AI18=10,#REF!,IF(AI18=6,#REF!,IF(AI18=2,#REF!,IF(AI18=1,#REF!)))) -> FALSE | AL18: =IF(AK18=4,#REF!,IF(AK18=3,#REF!,IF(AK18=2,#REF!,IF(AK18=1,#REF!)))) -> FALSE | AM18: =+AI18*AK18 -> 0 | AN18: =IF(AND(AM18>=24,AM18<=40),#REF!,IF(AND(AM18>=10,AM18<=20),#REF!,IF(AND(AM18>=6,AM18<=8),#REF!,IF(AND(AM18>=0,AM18<=4),#REF!)))) -> #REF! | AP18: =IF(AO18=100,#REF!,IF(AO18=60,#REF!,IF(AO18=25,#REF!,IF(AO18=10,#REF!)))) -> FALSE | AQ18: =+AM18*AO18 -> 0 | AR18: =IF(AND(AQ18>=600,AQ18<=4000),#REF!,IF(AND(AQ18>=150,AQ18<=500),#REF!,IF(AND(AQ18>=40,AQ18<=120),#REF!,IF(AND(AQ18>=0,AQ18<40),#REF!)))) -> #REF! | AS18: =IF(AND(AR18="I"),#REF!,IF(AND(AR18="II"),#REF!,IF(AND(AR18="III"),#REF!,IF(AND(AR18="IV"),#REF!)))) -> #REF!
C19: x | E19: Administradores y operadores del vivero | F19: Biomecánicos | G19: Movimientos repetitivos | H19: Movimientos repetitivos (digitación, uso de herramientas, entre otros) | I19: Desordenes de trauma acumulativo, lesiones del sistema músculo esquelético, Tendinitis, síndrome del túnel carpiano (STC) | J19: 2 | K19: =IF(J19=10,#REF!,IF(J19=6,#REF!,IF(J19=2,#REF!,IF(J19=1,#REF!)))) -> #REF! | L19: 3 | M19: =IF(L19=4,#REF!,IF(L19=3,#REF!,IF(L19=2,#REF!,IF(L19=1,#REF!)))) -> #REF! | N19: =+J19*L19 -> 6 | O19: =IF(AND(N19>=24,N19<=40),#REF!,IF(AND(N19>=10,N19<=20),#REF!,IF(AND(N19>=6,N19<=8),#REF!,IF(AND(N19>=0,N19<=4),#REF!)))) -> #REF! | P19: 10 | Q19: =IF(P19=100,#REF!,IF(P19=60,#REF!,IF(P19=25,#REF!,IF(P19=10,#REF!)))) -> #REF! | R19: =+N19*P19 -> 60 | S19: =IF(AND(R19>=600,R19<=4000),#REF!,IF(AND(R19>=150,R19<=500),#REF!,IF(AND(R19>=40,R19<=120),#REF!,IF(AND(R19>=0,R19<40),#REF!)))) -> #REF! | T19: =IF(AND(S19="I"),#REF!,IF(AND(S19="II"),#REF!,IF(AND(S19="III"),#REF!,IF(AND(S19="IV"),#REF!)))) -> #REF! | U19: 6 | V19: =I19 -> Desordenes de trauma acumulativo, lesiones del sistema músculo esquelético, Tendinitis, síndrome del túnel carpiano (STC) | W19: SI | Y19: x | Z19: x | AA19: x | AC19: N/A | AD19: N/A | AE19: Diseño de puesto de trabajo, escritorio, silla. | AF19: Exámenes médicos ocupacionales con énfasis osteomuscular. Suministro de Sillas ergonómicas ajustables a la antropometría del trabajador. Sistema de Vigilancia para Desordenes musculoesqueléticos. Capacitación Pausas Activas, Higiene postural. Programa de orden y aseo, | AG19: N/A
C20: x | E20: Administradores y operadores del vivero | F20: Condiciones de seguridad | G20: Condiciones de seguridad(Electricidad) | H20: Exposición a electricidad estática por manipulación de equipos eléctricos (PC, impresora, cargadores, monitor, proyector, entre otros) | I20: Descargas eléctricas, dolor de cabeza, quemaduras, shock, golpes, heridas, contusiones. | J20: 2 | K20: =IF(J20=10,#REF!,IF(J20=6,#REF!,IF(J20=2,#REF!,IF(J20=1,#REF!)))) -> #REF! | L20: 2 | M20: =IF(L20=4,#REF!,IF(L20=3,#REF!,IF(L20=2,#REF!,IF(L20=1,#REF!)))) -> #REF! | N20: =+J20*L20 -> 4 | O20: =IF(AND(N20>=24,N20<=40),#REF!,IF(AND(N20>=10,N20<=20),#REF!,IF(AND(N20>=6,N20<=8),#REF!,IF(AND(N20>=0,N20<=4),#REF!)))) -> #REF! | P20: 60 | Q20: =IF(P20=100,#REF!,IF(P20=60,#REF!,IF(P20=25,#REF!,IF(P20=10,#REF!)))) -> #REF! | R20: =+N20*P20 -> 240 | S20: =IF(AND(R20>=600,R20<=4000),#REF!,IF(AND(R20>=150,R20<=500),#REF!,IF(AND(R20>=40,R20<=120),#REF!,IF(AND(R20>=0,R20<40),#REF!)))) -> #REF! | T20: =IF(AND(S20="I"),#REF!,IF(AND(S20="II"),#REF!,IF(AND(S20="III"),#REF!,IF(AND(S20="IV"),#REF!)))) -> #REF! | U20: 5 | V20: =I20 -> Descargas eléctricas, dolor de cabeza, quemaduras, shock, golpes, heridas, contusiones. | W20: SI | Y20: x | AC20: N/A | AD20: N/A | AE20: Colocación de tapetes para la descarga de la carga estática acumulada por las personas del área. Verificar la ubicación de los CPU, reguladores de voltaje descargas instalaciones eléctricas. Revisar las puestas a tierra de las oficinas. | AF20: N/A | AG20: N/A | AJ20: =IF(AI20=10,#REF!,IF(AI20=6,#REF!,IF(AI20=2,#REF!,IF(AI20=1,#REF!)))) -> FALSE | AL20: =IF(AK20=4,#REF!,IF(AK20=3,#REF!,IF(AK20=2,#REF!,IF(AK20=1,#REF!)))) -> FALSE | AM20: =+AI20*AK20 -> 0 | AN20: =IF(AND(AM20>=24,AM20<=40),#REF!,IF(AND(AM20>=10,AM20<=20),#REF!,IF(AND(AM20>=6,AM20<=8),#REF!,IF(AND(AM20>=0,AM20<=4),#REF!)))) -> #REF! | AP20: =IF(AO20=100,#REF!,IF(AO20=60,#REF!,IF(AO20=25,#REF!,IF(AO20=10,#REF!)))) -> FALSE | AQ20: =+AM20*AO20 -> 0 | AR20: =IF(AND(AQ20>=600,AQ20<=4000),#REF!,IF(AND(AQ20>=150,AQ20<=500),#REF!,IF(AND(AQ20>=40,AQ20<=120),#REF!,IF(AND(AQ20>=0,AQ20<40),#REF!)))) -> #REF! | AS20: =IF(AND(AR20="I"),#REF!,IF(AND(AR20="II"),#REF!,IF(AND(AR20="III"),#REF!,IF(AND(AR20="IV"),#REF!)))) -> #REF!
C21: x | E21: Administradores y operadores del vivero | F21: Condiciones de seguridad | G21: Condiciones de seguridad(Electricidad) | H21: Exposición a energía eléctrica por manipulación de equipos eléctricos (PC, impresora, cargadores, monitor, proyector, entre otros) | I21: Descargas eléctricas, dolor de cabeza, quemaduras, shock, golpes, heridas, contusiones. | J21: 2 | K21: =IF(J21=10,#REF!,IF(J21=6,#REF!,IF(J21=2,#REF!,IF(J21=1,#REF!)))) -> #REF! | L21: 2 | M21: =IF(L21=4,#REF!,IF(L21=3,#REF!,IF(L21=2,#REF!,IF(L21=1,#REF!)))) -> #REF! | N21: =+J21*L21 -> 4 | O21: =IF(AND(N21>=24,N21<=40),#REF!,IF(AND(N21>=10,N21<=20),#REF!,IF(AND(N21>=6,N21<=8),#REF!,IF(AND(N21>=0,N21<=4),#REF!)))) -> #REF! | P21: 60 | Q21: =IF(P21=100,#REF!,IF(P21=60,#REF!,IF(P21=25,#REF!,IF(P21=10,#REF!)))) -> #REF! | R21: =+N21*P21 -> 240 | S21: =IF(AND(R21>=600,R21<=4000),#REF!,IF(AND(R21>=150,R21<=500),#REF!,IF(AND(R21>=40,R21<=120),#REF!,IF(AND(R21>=0,R21<40),#REF!)))) -> #REF! | T21: =IF(AND(S21="I"),#REF!,IF(AND(S21="II"),#REF!,IF(AND(S21="III"),#REF!,IF(AND(S21="IV"),#REF!)))) -> #REF! | U21: 5 | V21: =I21 -> Descargas eléctricas, dolor de cabeza, quemaduras, shock, golpes, heridas, contusiones. | W21: SI | Y21: x | AC21: N/A | AD21: N/A | AE21: Mantenimiento a la infraestructura (Redes eléctricas) de la Corporación. | AF21: N/A | AG21: N/A
C22: x | E22: Operadores del vivero Personal contratista | F22: Químico | G22: Líquidos, Gases y vapores | H22: Exposición o manipulación de combustibles, sustancias químicas, sustancias tóxicas. | I22: Incendios, quemaduras, intoxicación, afectaciones respiratorias, dermatitis, alergias. | J22: 2 | K22: =IF(J22=10,#REF!,IF(J22=6,#REF!,IF(J22=2,#REF!,IF(J22=1,#REF!)))) -> #REF! | L22: 3 | M22: =IF(L22=4,#REF!,IF(L22=3,#REF!,IF(L22=2,#REF!,IF(L22=1,#REF!)))) -> #REF! | N22: =+J22*L22 -> 6 | O22: =IF(AND(N22>=24,N22<=40),#REF!,IF(AND(N22>=10,N22<=20),#REF!,IF(AND(N22>=6,N22<=8),#REF!,IF(AND(N22>=0,N22<=4),#REF!)))) -> #REF! | P22: 60 | Q22: =IF(P22=100,#REF!,IF(P22=60,#REF!,IF(P22=25,#REF!,IF(P22=10,#REF!)))) -> #REF! | R22: =+N22*P22 -> 360 | S22: =IF(AND(R22>=600,R22<=4000),#REF!,IF(AND(R22>=150,R22<=500),#REF!,IF(AND(R22>=40,R22<=120),#REF!,IF(AND(R22>=0,R22<40),#REF!)))) -> #REF! | T22: =IF(AND(S22="I"),#REF!,IF(AND(S22="II"),#REF!,IF(AND(S22="III"),#REF!,IF(AND(S22="IV"),#REF!)))) -> #REF! | U22: 6 | V22: =I22 -> Incendios, quemaduras, intoxicación, afectaciones respiratorias, dermatitis, alergias. | W22: SI | Y22: x | AC22: N/A | AD22: N/A | AE22: N/A | AF22: Capacitación de Brigadas de emergencias. Ciclo de formación continuado y certificado efectuado con la Cruz Roja Programa de manejo de sustancias Químicas. | AG22: Suministro de mascarilla, guantes, gafas de seguridad, calzado de seguridad.
C23: x | E23: Operadores del vivero Personal contratista | F23: Biológico | G23: Microorganismos, macroorganismos. | H23: Manipulación o exposición a residuos sólidos, basuras, vertimientos, aguas estancadas, fangos, fluidos, secreciones, partes en descomposición. | I23: Cortes, traumas, heridas, infección, mordeduras, picaduras | J23: 2 | K23: =IF(J23=10,#REF!,IF(J23=6,#REF!,IF(J23=2,#REF!,IF(J23=1,#REF!)))) -> #REF! | L23: 3 | M23: =IF(L23=4,#REF!,IF(L23=3,#REF!,IF(L23=2,#REF!,IF(L23=1,#REF!)))) -> #REF! | N23: =+J23*L23 -> 6 | O23: =IF(AND(N23>=24,N23<=40),#REF!,IF(AND(N23>=10,N23<=20),#REF!,IF(AND(N23>=6,N23<=8),#REF!,IF(AND(N23>=0,N23<=4),#REF!)))) -> #REF! | P23: 60 | Q23: =IF(P23=100,#REF!,IF(P23=60,#REF!,IF(P23=25,#REF!,IF(P23=10,#REF!)))) -> #REF! | R23: =+N23*P23 -> 360 | S23: =IF(AND(R23>=600,R23<=4000),#REF!,IF(AND(R23>=150,R23<=500),#REF!,IF(AND(R23>=40,R23<=120),#REF!,IF(AND(R23>=0,R23<40),#REF!)))) -> #REF! | T23: =IF(AND(S23="I"),#REF!,IF(AND(S23="II"),#REF!,IF(AND(S23="III"),#REF!,IF(AND(S23="IV"),#REF!)))) -> #REF! | U23: 6 | V23: =I23 -> Cortes, traumas, heridas, infección, mordeduras, picaduras | W23: SI | Y23: x | AC23: N/A | AD23: N/A | AE23: N/A | AF23: Incluir en SVE Riesgo Biológico | AG23: Suministro de gafas de seguridad, mascarilla, guantes, calzado de seguridad.
C24: x | E24: Operadores del vivero Personal contratista | F24: Biológico | G24: Macroorganismos (Mordeduras, golpes, pisadas de animales, picadas etc.) fauna acuática. | H24: Contacto directo o indirecto con seres vivos (roedores, serpientes, caballos, reptiles, osos, etc.) por medio de mordedura, picadura, rasgadura y en general ataque de animales | I24: Golpes, traumas, heridas, infecciones, intoxicación, Mordeduras, picaduras, punciones, reacciones alérgicas, muerte | J24: 2 | K24: =IF(J24=10,#REF!,IF(J24=6,#REF!,IF(J24=2,#REF!,IF(J24=1,#REF!)))) -> #REF! | L24: 3 | M24: =IF(L24=4,#REF!,IF(L24=3,#REF!,IF(L24=2,#REF!,IF(L24=1,#REF!)))) -> #REF! | N24: =+J24*L24 -> 6 | O24: =IF(AND(N24>=24,N24<=40),#REF!,IF(AND(N24>=10,N24<=20),#REF!,IF(AND(N24>=6,N24<=8),#REF!,IF(AND(N24>=0,N24<=4),#REF!)))) -> #REF! | P24: 60 | Q24: =IF(P24=100,#REF!,IF(P24=60,#REF!,IF(P24=25,#REF!,IF(P24=10,#REF!)))) -> #REF! | R24: =+N24*P24 -> 360 | S24: =IF(AND(R24>=600,R24<=4000),#REF!,IF(AND(R24>=150,R24<=500),#REF!,IF(AND(R24>=40,R24<=120),#REF!,IF(AND(R24>=0,R24<40),#REF!)))) -> #REF! | T24: =IF(AND(S24="I"),#REF!,IF(AND(S24="II"),#REF!,IF(AND(S24="III"),#REF!,IF(AND(S24="IV"),#REF!)))) -> #REF! | U24: 6 | V24: =I24 -> Golpes, traumas, heridas, infecciones, intoxicación, Mordeduras, picaduras, punciones, reacciones alérgicas, muerte | W24: SI | Y24: x | AC24: N/A | AD24: N/A | AE24: N/A | AF24: Diseño e implementación de programa de Vigilancia para el riesgo Biológico. seguimiento a la recuperación del personal que haya sufrido mordeduras o picaduras. Capacitación del personal en primeros auxilios, manejo de heridas, uso de botiquín. Establecer dentro del plan de emergencias, un procedimiento para el manejo de reacciones adversas producto de picaduras, que incluya el listado de clínicas y hospitales del atlántico y su capacidad para la atención de eventos de reacciones de tipo local, sistémicas toxicas, Inmunológicas por mordeduras de serpientes y otros animales. Retiro de elementos en desuso que pueden ser usados por los animales como madrigueras, corte de la vegetación, mejorar las condiciones de iluminación nocturna | AG24: Suministro de guantes, calzado de seguridad, gafas de seguridad
C25: x | E25: Operadores del vivero Personal contratista | F25: Condiciones de seguridad | G25: Manejo de herramientas manuales | H25: uso de herramientas de manuales y eléctricas. | I25: Golpes, traumas, laceraciones, punciones | J25: 2 | K25: =IF(J25=10,#REF!,IF(J25=6,#REF!,IF(J25=2,#REF!,IF(J25=1,#REF!)))) -> #REF! | L25: 3 | M25: =IF(L25=4,#REF!,IF(L25=3,#REF!,IF(L25=2,#REF!,IF(L25=1,#REF!)))) -> #REF! | N25: =+J25*L25 -> 6 | O25: =IF(AND(N25>=24,N25<=40),#REF!,IF(AND(N25>=10,N25<=20),#REF!,IF(AND(N25>=6,N25<=8),#REF!,IF(AND(N25>=0,N25<=4),#REF!)))) -> #REF! | P25: 60 | Q25: =IF(P25=100,#REF!,IF(P25=60,#REF!,IF(P25=25,#REF!,IF(P25=10,#REF!)))) -> #REF! | R25: =+N25*P25 -> 360 | S25: =IF(AND(R25>=600,R25<=4000),#REF!,IF(AND(R25>=150,R25<=500),#REF!,IF(AND(R25>=40,R25<=120),#REF!,IF(AND(R25>=0,R25<40),#REF!)))) -> #REF! | T25: =IF(AND(S25="I"),#REF!,IF(AND(S25="II"),#REF!,IF(AND(S25="III"),#REF!,IF(AND(S25="IV"),#REF!)))) -> #REF! | U25: 6 | V25: =I25 -> Golpes, traumas, laceraciones, punciones | W25: SI | Y25: x | AC25: N/A | AD25: N/A | AE25: N/A | AF25: Programa de riesgo mecánico Actividades de mantenimiento a las herramientas rotativas y manuales. | AG25: Suministro de botas de seguridad, gafas de seguridad y guantes tipo ingeniero, pechera, polainas
C26: x | E26: Operadores del vivero Personal contratista | F26: Biológico | G26: Derivados de origen animal (Pieles, pelo, estiércol, desechos, etc.) | H26: Inhalación, contacto y consumo de pelos, plumas, excrementos, sustancias antigénicas (enzima, proteínas), larvas de invertebrados, polvo vegetal, Polen, Madera, Esporas fúngicas, Micotoxinas, Sustancias antigénicas (antibióticos, polisacáridos) incluye además Musgos, Helechos, Semillas, Derivados de Vegetales | I26: Zoonosis, Enfermedades infecciosas, gastrointestinales, tóxicas y reacciones alérgicas. | J26: 2 | K26: =IF(J26=10,#REF!,IF(J26=6,#REF!,IF(J26=2,#REF!,IF(J26=1,#REF!)))) -> #REF! | L26: 3 | M26: =IF(L26=4,#REF!,IF(L26=3,#REF!,IF(L26=2,#REF!,IF(L26=1,#REF!)))) -> #REF! | N26: =+J26*L26 -> 6 | O26: =IF(AND(N26>=24,N26<=40),#REF!,IF(AND(N26>=10,N26<=20),#REF!,IF(AND(N26>=6,N26<=8),#REF!,IF(AND(N26>=0,N26<=4),#REF!)))) -> #REF! | P26: 60 | Q26: =IF(P26=100,#REF!,IF(P26=60,#REF!,IF(P26=25,#REF!,IF(P26=10,#REF!)))) -> #REF! | R26: =+N26*P26 -> 360 | S26: =IF(AND(R26>=600,R26<=4000),#REF!,IF(AND(R26>=150,R26<=500),#REF!,IF(AND(R26>=40,R26<=120),#REF!,IF(AND(R26>=0,R26<40),#REF!)))) -> #REF! | T26: =IF(AND(S26="I"),#REF!,IF(AND(S26="II"),#REF!,IF(AND(S26="III"),#REF!,IF(AND(S26="IV"),#REF!)))) -> #REF! | U26: 6 | V26: =I26 -> Zoonosis, Enfermedades infecciosas, gastrointestinales, tóxicas y reacciones alérgicas. | W26: SI | Y26: x | AA26: x | AC26: N/A | AD26: N/A | AE26: N/A | AF26: Incluir en SVE Riesgo Biológico. | AG26: Suministro de gafas de seguridad, calzado de seguridad, guantes.
B27: Mantenimientos preventivos y correctivos a los equipos del vivero | C27: x | E27: Operadores del vivero Personal contratista | F27: Químico | G27: Líquidos, Gases y vapores | H27: Almacenamiento de productos químicos | I27: Incendios, quemaduras, intoxicación, afectaciones respiratorias, dermatitis, alergias. | J27: 2 | K27: =IF(J27=10,#REF!,IF(J27=6,#REF!,IF(J27=2,#REF!,IF(J27=1,#REF!)))) -> #REF! | L27: 3 | M27: =IF(L27=4,#REF!,IF(L27=3,#REF!,IF(L27=2,#REF!,IF(L27=1,#REF!)))) -> #REF! | N27: =+J27*L27 -> 6 | O27: =IF(AND(N27>=24,N27<=40),#REF!,IF(AND(N27>=10,N27<=20),#REF!,IF(AND(N27>=6,N27<=8),#REF!,IF(AND(N27>=0,N27<=4),#REF!)))) -> #REF! | P27: 60 | Q27: =IF(P27=100,#REF!,IF(P27=60,#REF!,IF(P27=25,#REF!,IF(P27=10,#REF!)))) -> #REF! | R27: =+N27*P27 -> 360 | S27: =IF(AND(R27>=600,R27<=4000),#REF!,IF(AND(R27>=150,R27<=500),#REF!,IF(AND(R27>=40,R27<=120),#REF!,IF(AND(R27>=0,R27<40),#REF!)))) -> #REF! | T27: =IF(AND(S27="I"),#REF!,IF(AND(S27="II"),#REF!,IF(AND(S27="III"),#REF!,IF(AND(S27="IV"),#REF!)))) -> #REF! | U27: 6 | V27: =I27 -> Incendios, quemaduras, intoxicación, afectaciones respiratorias, dermatitis, alergias. | W27: SI | Y27: x | AC27: N/A | AD27: N/A | AE27: N/A | AF27: Capacitación de Brigadas de emergencias. Ciclo de formación continuado y certificado efectuado con la Cruz Roja Programa de manejo de sustancias Químicas. | AG27: Suministro de mascarilla, guantes, gafas de seguridad, calzado de seguridad.
C28: x | F28: Químico | G28: Líquidos, Gases y vapores | H28: Exposición o manipulación de combustibles, sustancias químicas, sustancias tóxicas. | I28: Incendios, quemaduras, intoxicación, afectaciones respiratorias, dermatitis, alergias. | J28: 2 | K28: =IF(J28=10,#REF!,IF(J28=6,#REF!,IF(J28=2,#REF!,IF(J28=1,#REF!)))) -> #REF! | L28: 3 | M28: =IF(L28=4,#REF!,IF(L28=3,#REF!,IF(L28=2,#REF!,IF(L28=1,#REF!)))) -> #REF! | N28: =+J28*L28 -> 6 | O28: =IF(AND(N28>=24,N28<=40),#REF!,IF(AND(N28>=10,N28<=20),#REF!,IF(AND(N28>=6,N28<=8),#REF!,IF(AND(N28>=0,N28<=4),#REF!)))) -> #REF! | P28: 60 | Q28: =IF(P28=100,#REF!,IF(P28=60,#REF!,IF(P28=25,#REF!,IF(P28=10,#REF!)))) -> #REF! | R28: =+N28*P28 -> 360 | S28: =IF(AND(R28>=600,R28<=4000),#REF!,IF(AND(R28>=150,R28<=500),#REF!,IF(AND(R28>=40,R28<=120),#REF!,IF(AND(R28>=0,R28<40),#REF!)))) -> #REF! | T28: =IF(AND(S28="I"),#REF!,IF(AND(S28="II"),#REF!,IF(AND(S28="III"),#REF!,IF(AND(S28="IV"),#REF!)))) -> #REF! | U28: 6 | V28: =I28 -> Incendios, quemaduras, intoxicación, afectaciones respiratorias, dermatitis, alergias. | W28: SI | Y28: x | AC28: N/A | AD28: N/A | AE28: N/A | AF28: Capacitación de Brigadas de emergencias. Ciclo de formación continuado y certificado efectuado con la Cruz Roja Programa de manejo de sustancias Químicas. | AG28: Suministro de mascarilla, guantes, gafas de seguridad, calzado de seguridad.
C29: x | F29: Condiciones de seguridad | G29: Actividades de mantenimiento a la infraestructura o equipos que requieren trabajo en altura. Instalación de equipos que requieren trabajo en altura. Obras civiles que requieren de trabajo en altura | H29: Acceso y desarrollo de trabajo en alturas. | I29: Caídas a diferente nivel, golpes, traumas, laceraciones, muerte. | J29: 2 | K29: =IF(J29=10,#REF!,IF(J29=6,#REF!,IF(J29=2,#REF!,IF(J29=1,#REF!)))) -> #REF! | L29: 2 | M29: =IF(L29=4,#REF!,IF(L29=3,#REF!,IF(L29=2,#REF!,IF(L29=1,#REF!)))) -> #REF! | N29: =+J29*L29 -> 4 | O29: =IF(AND(N29>=24,N29<=40),#REF!,IF(AND(N29>=10,N29<=20),#REF!,IF(AND(N29>=6,N29<=8),#REF!,IF(AND(N29>=0,N29<=4),#REF!)))) -> #REF! | P29: 100 | Q29: =IF(P29=100,#REF!,IF(P29=60,#REF!,IF(P29=25,#REF!,IF(P29=10,#REF!)))) -> #REF! | R29: =+N29*P29 -> 400 | S29: =IF(AND(R29>=600,R29<=4000),#REF!,IF(AND(R29>=150,R29<=500),#REF!,IF(AND(R29>=40,R29<=120),#REF!,IF(AND(R29>=0,R29<40),#REF!)))) -> #REF! | T29: =IF(AND(S29="I"),#REF!,IF(AND(S29="II"),#REF!,IF(AND(S29="III"),#REF!,IF(AND(S29="IV"),#REF!)))) -> #REF! | U29: 6 | V29: =I29 -> Caídas a diferente nivel, golpes, traumas, laceraciones, muerte. | W29: SI | Y29: x | Z29: x | AA29: x | AC29: N/A | AD29: N/A | AE29: N/A | AF29: Diseño e implementación de Programas de trabajo seguro en alturas. Capacitar al personal en TSA, Expedición de permisos, efectuar exámenes médicos para determinar la aptitud física para desarrollar trabajos en alturas. | AG29: Suministro de botas de seguridad, guantes y gafas de seguridad. Impermeables. Suministro de EPP contra caídas.
C30: x | F30: Condiciones de seguridad | G30: Operación y mantenimiento de redes eléctricas o equipos eléctricos | H30: Operación o mantenimiento de equipos o redes eléctricas | I30: Electrocución, afectación de órganos vitales, quemaduras, incendio y muerte | J30: 2 | K30: =IF(J30=10,#REF!,IF(J30=6,#REF!,IF(J30=2,#REF!,IF(J30=1,#REF!)))) -> #REF! | L30: 2 | M30: =IF(L30=4,#REF!,IF(L30=3,#REF!,IF(L30=2,#REF!,IF(L30=1,#REF!)))) -> #REF! | N30: =+J30*L30 -> 4 | O30: =IF(AND(N30>=24,N30<=40),#REF!,IF(AND(N30>=10,N30<=20),#REF!,IF(AND(N30>=6,N30<=8),#REF!,IF(AND(N30>=0,N30<=4),#REF!)))) -> #REF! | P30: 100 | Q30: =IF(P30=100,#REF!,IF(P30=60,#REF!,IF(P30=25,#REF!,IF(P30=10,#REF!)))) -> #REF! | R30: =+N30*P30 -> 400 | S30: =IF(AND(R30>=600,R30<=4000),#REF!,IF(AND(R30>=150,R30<=500),#REF!,IF(AND(R30>=40,R30<=120),#REF!,IF(AND(R30>=0,R30<40),#REF!)))) -> #REF! | T30: =IF(AND(S30="I"),#REF!,IF(AND(S30="II"),#REF!,IF(AND(S30="III"),#REF!,IF(AND(S30="IV"),#REF!)))) -> #REF! | U30: 6 | V30: =I30 -> Electrocución, afectación de órganos vitales, quemaduras, incendio y muerte | W30: SI | Y30: x | Z30: x | AA30: x | AC30: N/A | AD30: N/A | AE30: N/A | AF30: Programa de mantenimiento a equipos eléctricos. Señalización de zonas de riesgo eléctrico Desarrollo de programa de formación en Brigadas: Personal calificado para el desarrollo de los trabajos. Capacitación en uso de extintores. Brigadas de emergencias y plan de emergencias | AG30: Suministro de gafas de seguridad, guantes, mascarilla, botas de seguridad.
C31: x | F31: Condiciones de seguridad | G31: Mecánicos. Atrapamientos. | H31: Contacto con superficies abrasivas o filosas | I31: Heridas, laceraciones, cortes | J31: 1 | K31: =IF(J31=10,#REF!,IF(J31=6,#REF!,IF(J31=2,#REF!,IF(J31=1,#REF!)))) -> #REF! | L31: 1 | M31: =IF(L31=4,#REF!,IF(L31=3,#REF!,IF(L31=2,#REF!,IF(L31=1,#REF!)))) -> #REF! | N31: =+J31*L31 -> 1 | O31: =IF(AND(N31>=24,N31<=40),#REF!,IF(AND(N31>=10,N31<=20),#REF!,IF(AND(N31>=6,N31<=8),#REF!,IF(AND(N31>=0,N31<=4),#REF!)))) -> #REF! | P31: 25 | Q31: =IF(P31=100,#REF!,IF(P31=60,#REF!,IF(P31=25,#REF!,IF(P31=10,#REF!)))) -> #REF! | R31: =+N31*P31 -> 25 | S31: =IF(AND(R31>=600,R31<=4000),#REF!,IF(AND(R31>=150,R31<=500),#REF!,IF(AND(R31>=40,R31<=120),#REF!,IF(AND(R31>=0,R31<40),#REF!)))) -> #REF! | T31: =IF(AND(S31="I"),#REF!,IF(AND(S31="II"),#REF!,IF(AND(S31="III"),#REF!,IF(AND(S31="IV"),#REF!)))) -> #REF! | U31: 6 | V31: =I31 -> Heridas, laceraciones, cortes | W31: SI | Y31: x | AA31: x | AC31: N/A | AD31: N/A | AE31: N/A | AF31: N/A | AG31: Suministro de Guantes Tipo Ing, gafas de seguridad, calzado de seguridad
C32: x | F32: Químico | G32: Material particulado | H32: Exposición a material particulado | I32: intoxicaciones, alteración del sistema nervioso, enfermedades infecto-contagiosas | J32: 1 | K32: =IF(J32=10,#REF!,IF(J32=6,#REF!,IF(J32=2,#REF!,IF(J32=1,#REF!)))) -> #REF! | L32: 3 | M32: =IF(L32=4,#REF!,IF(L32=3,#REF!,IF(L32=2,#REF!,IF(L32=1,#REF!)))) -> #REF! | N32: =+J32*L32 -> 3 | O32: =IF(AND(N32>=24,N32<=40),#REF!,IF(AND(N32>=10,N32<=20),#REF!,IF(AND(N32>=6,N32<=8),#REF!,IF(AND(N32>=0,N32<=4),#REF!)))) -> #REF! | P32: 10 | Q32: =IF(P32=100,#REF!,IF(P32=60,#REF!,IF(P32=25,#REF!,IF(P32=10,#REF!)))) -> #REF! | R32: =+N32*P32 -> 30 | S32: =IF(AND(R32>=600,R32<=4000),#REF!,IF(AND(R32>=150,R32<=500),#REF!,IF(AND(R32>=40,R32<=120),#REF!,IF(AND(R32>=0,R32<40),#REF!)))) -> #REF! | T32: =IF(AND(S32="I"),#REF!,IF(AND(S32="II"),#REF!,IF(AND(S32="III"),#REF!,IF(AND(S32="IV"),#REF!)))) -> #REF! | U32: 6 | V32: =I32 -> intoxicaciones, alteración del sistema nervioso, enfermedades infecto-contagiosas | W32: SI | Y32: x | AA32: x | AC32: N/A | AD32: N/A | AE32: N/A | AF32: N/A | AG32: Uso de mascarilla, gafas de seguridad, guantes tipo ingeniero.
C33: x | F33: Físico | G33: Radiaciones no ionizantes. | H33: Exposición a luz solar y altas temperaturas | I33: Alteraciones de la piel, deshidratación, alteración en algunos tejidos blandos (ojos). Fatiga, estrés, cambios neurológico, resfriados. | J33: 2 | K33: Medio (M) | L33: 2 | M33: Ocasional (EO) | N33: =+J33*L33 -> 4 | O33: Bajo (B) | P33: 25 | Q33: Grave (G) | R33: =+N33*P33 -> 100 | S33: III | T33: MEJORABLE | U33: 6 | V33: Alteraciones de la piel, deshidratación, alteración en algunos tejidos blandos (ojos). Fatiga, estrés, cambios neurológico, resfriados. | W33: SI | Y33: x | Z33: x | AA33: x | AB33: x | AC33: N/A | AD33: N/A | AE33: N/A | AF33: Disponibilidad de puntos de hidratación | AG33: uso de gafas para exteriores, gorras con protección en la nuca, manguillas o camisas mangas largas, uso de protector solar.
C34: x | F34: Biomecánicos | G34: Carga dinámica por esfuerzos | H34: Manipulación de cargas | I34: Desordenes de trauma acumulativo, lesiones del sistema músculo esquelético. | J34: 2 | K34: =IF(J34=10,#REF!,IF(J34=6,#REF!,IF(J34=2,#REF!,IF(J34=1,#REF!)))) -> #REF! | L34: 2 | M34: =IF(L34=4,#REF!,IF(L34=3,#REF!,IF(L34=2,#REF!,IF(L34=1,#REF!)))) -> #REF! | N34: =+J34*L34 -> 4 | O34: =IF(AND(N34>=24,N34<=40),#REF!,IF(AND(N34>=10,N34<=20),#REF!,IF(AND(N34>=6,N34<=8),#REF!,IF(AND(N34>=0,N34<=4),#REF!)))) -> #REF! | P34: 100 | Q34: =IF(P34=100,#REF!,IF(P34=60,#REF!,IF(P34=25,#REF!,IF(P34=10,#REF!)))) -> #REF! | R34: =+N34*P34 -> 400 | S34: =IF(AND(R34>=600,R34<=4000),#REF!,IF(AND(R34>=150,R34<=500),#REF!,IF(AND(R34>=40,R34<=120),#REF!,IF(AND(R34>=0,R34<40),#REF!)))) -> #REF! | T34: =IF(AND(S34="I"),#REF!,IF(AND(S34="II"),#REF!,IF(AND(S34="III"),#REF!,IF(AND(S34="IV"),#REF!)))) -> #REF! | U34: 6 | V34: =I34 -> Desordenes de trauma acumulativo, lesiones del sistema músculo esquelético. | W34: SI | Y34: x | AA34: x | AC34: N/A | AD34: N/A | AE34: N/A | AF34: Capacitación sobre la manipulación segura de cargas | AG34: Suministro de mascarillas y gafas de seguridad

Sheet Zoocriaderos
A2: Empresa | B2: CORPORACIÓN AUTÓNOMA REGIONAL DEL ATLÁNTICO - CRA | F2: MATRIZ DE IDENTIFICACIÓN DE PELIGROS Y EVALUACIÓN DE RIESGOS PARA LA SST
A3: Ultima actualización
A4: Tipo de actividades | B4: Actividades desarrolladas dentro de los zoocriaderos de la Corporación
C6: RUTINARIO | F6: PELIGRO | J6: EVALUACIÓN DEL RIESGO | T6: VALORACIÓN DE RIESGO | W6: REQUISITO LEGAL | Y6: PERSONAL | AC6: CONTROLES | AH6: MEJORAS IDENTIFICADAS | AI6: RE EVALUACIÓN DEL RIESGO | AP6: RE VALORACIÓN DE RIESGO
A7: PROCESO | B7: ACTIVIDAD | C7: SI | D7: No | E7: CARGOS | F7: CLASIFICACIÓN | G7: DESCRIPCIÓN | H7: FUENTE / PELIGRO | I7: CONSECUENCIA | J7: NIVEL DE DEFICIENCIA CUANTITATIVO | K7: NIVEL DE DEFICIENCIA CUALITATIVO | L7: NIVEL DE EXPOSICIÓN CUANTITATIVO | M7: NIVEL DE EXPOSICIÓN CUALITATIVO | N7: NIVEL DE PROBABILIDAD = (ND*NP) | O7: INTREPRETACIÓN DEL NIVEL DE PROBABILIDAD | P7: NIVEL DE CONSECUENCIA CUANTITATIVO | Q7: NIVEL DE CONSECUENCIA CUALIATTIVO | R7: NIVEL DE RIESGO (NR) E INTERVENCIÓN | S7: INTERPRETACIÓN DEL NIVEL DEL RIESGO | T7: ACEPTABILIDAD DEL RIESGO | U7: NUMERO DE EXPUESTOS | V7: PEOR CONSECUENCIA | W7: SI | X7: NO | Y7: Vinculado | Z7: Temporal | AA7: Contratistas | AB7: Visitantes/ Comunidad | AC7: ELIMINACIÓN | AD7: SUSTITUCIÓN | AE7: CONTROLES DE INGIENERÍA | AF7: CONTROLES ADMINISTRATIVOS | AG7: EQUIPOS/ ELEMENTOS DE PROTECCIÓN PERSONAL | AH7: DESCRIPCIÓN DE MEJORAS IDENTIFICADAS | AI7: NIVEL DE DEFICIENCIA CUANTITATIVO 2 | AJ7: NIVEL DE DEFICIENCIA CUALITATIVO 2 | AK7: NIVEL DE EXPOSICIÓN CUANTITATIVO 2 | AL7: NIVEL DE EXPOSICIÓN CUALITATIVO 2 | AM7: NIVEL DE PROBABILIDAD = (ND*NP) 2 | AN7: INTREPRETACIÓN DEL NIVEL DE PROBABILIDAD 2 | AO7: NIVEL DE CONSECUENCIA CUANTITATIVO 2 | AP7: NIVEL DE CONSECUENCIA CUALIATTIVO 2 | AQ7: NIVEL DE RIESGO (NR) E INTERVENCIÓN 2 | AR7: INTERPRETACIÓN DEL NIVEL DEL RIESGO 2 | AS7: ACEPTABILIDAD DEL RIESGO 2
A8: Subdirección ambiental | B8: Actividades propias de la administración y operación del zoo criadero | C8: x | E8: Administradores y operadores del zoo criadero | F8: Biológico | G8: Microorganismos (Virus) | H8: Exposición a agentes biológicos como VIRUS COVID-19 (contacto directo entre personas, contacto con objetos y superficies contaminados). Contacto con otras personas a menos de 2 mt de distancia, terceros sin EPP, manipulación de herramientas, elementos de trabajo contaminadas, elementos de oficina o superficies de contacto común. | I8: Enfermedad COVID-19. Infección Respiratoria Aguda (IRA) de leve a grave, que puede ocasionar enfermedad pulmonar crónica, neumonía o muerte. | J8: 2 | K8: =IF(J8=10,#REF!,IF(J8=6,#REF!,IF(J8=2,#REF!,IF(J8=1,#REF!)))) -> #REF! | L8: 2 | M8: =IF(L8=4,#REF!,IF(L8=3,#REF!,IF(L8=2,#REF!,IF(L8=1,#REF!)))) -> #REF! | N8: =+J8*L8 -> 4 | O8: =IF(AND(N8>=24,N8<=40),#REF!,IF(AND(N8>=10,N8<=20),#REF!,IF(AND(N8>=6,N8<=8),#REF!,IF(AND(N8>=0,N8<=4),#REF!)))) -> #REF! | P8: 100 | Q8: =IF(P8=100,#REF!,IF(P8=60,#REF!,IF(P8=25,#REF!,IF(P8=10,#REF!)))) -> #REF! | R8: =+N8*P8 -> 400 | S8: =IF(AND(R8>=600,R8<=4000),#REF!,IF(AND(R8>=150,R8<=500),#REF!,IF(AND(R8>=40,R8<=120),#REF!,IF(AND(R8>=0,R8<40),#REF!)))) -> #REF! | T8: =IF(AND(S8="I"),#REF!,IF(AND(S8="II"),#REF!,IF(AND(S8="III"),#REF!,IF(AND(S8="IV"),#REF!)))) -> #REF! | U8: 6 | V8: =I8 -> Enfermedad COVID-19. Infección Respiratoria Aguda (IRA) de leve a grave, que puede ocasionar enfermedad pulmonar crónica, neumonía o muerte. | W8: SI | Y8: x | Z8: x | AA8: x | AB8: x | AC8: N/A | AD8: N/A | AE8: N/A | AF8: Sistema de Vigilancia Biológico. Solicitud de Protocolos de Bioseguridad para COVID-19 al personal contratista de la operación. Capacitación prevención contagio del COVID-19. Divulgación de los protocolos de Bioseguridad, medidas de bioseguridad durante el traslado en vehículos de la corporación y particulares, desarrollo de actividades en campo y administrativas. Suministro de elementos de limpieza y desinfección alcohol, Alcohol glicerinado | AG8: Uso de Guantes, Mascarilla, pantalla facial | AJ8: =IF(AI8=10,#REF!,IF(AI8=6,#REF!,IF(AI8=2,#REF!,IF(AI8=1,#REF!)))) -> FALSE | AL8: =IF(AK8=4,#REF!,IF(AK8=3,#REF!,IF(AK8=2,#REF!,IF(AK8=1,#REF!)))) -> FALSE | AM8: =+AI8*AK8 -> 0 | AN8: =IF(AND(AM8>=24,AM8<=40),#REF!,IF(AND(AM8>=10,AM8<=20),#REF!,IF(AND(AM8>=6,AM8<=8),#REF!,IF(AND(AM8>=0,AM8<=4),#REF!)))) -> #REF! | AP8: =IF(AO8=100,#REF!,IF(AO8=60,#REF!,IF(AO8=25,#REF!,IF(AO8=10,#REF!)))) -> FALSE | AQ8: =+AM8*AO8 -> 0 | AR8: =IF(AND(AQ8>=600,AQ8<=4000),#REF!,IF(AND(AQ8>=150,AQ8<=500),#REF!,IF(AND(AQ8>=40,AQ8<=120),#REF!,IF(AND(AQ8>=0,AQ8<40),#REF!)))) -> #REF! | AS8: =IF(AND(AR8="I"),#REF!,IF(AND(AR8="II"),#REF!,IF(AND(AR8="III"),#REF!,IF(AND(AR8="IV"),#REF!)))) -> #REF!
C9: x | E9: Administradores y operadores del zoo criadero | F9: Condiciones de seguridad | G9: Público. Orden público. | H9: Actos delictivos en las sedes u operaciones de la Corporación, o durante el traslado del personal a sus sitios de trabajo cometidos por terceros como protestas, atentados, secuestro, hurto, vandalismo, terrorismo, entre otros. | I9: Heridas, golpes, muerte, fatiga, estrés, disminución de la destreza y precisión. Estados de ansiedad y/o depresión y trastornos del aparato digestivo. | J9: 2 | K9: =IF(J9=10,#REF!,IF(J9=6,#REF!,IF(J9=2,#REF!,IF(J9=1,#REF!)))) -> #REF! | L9: 2 | M9: =IF(L9=4,#REF!,IF(L9=3,#REF!,IF(L9=2,#REF!,IF(L9=1,#REF!)))) -> #REF! | N9: =+J9*L9 -> 4 | O9: =IF(AND(N9>=24,N9<=40),#REF!,IF(AND(N9>=10,N9<=20),#REF!,IF(AND(N9>=6,N9<=8),#REF!,IF(AND(N9>=0,N9<=4),#REF!)))) -> #REF! | P9: 25 | Q9: =IF(P9=100,#REF!,IF(P9=60,#REF!,IF(P9=25,#REF!,IF(P9=10,#REF!)))) -> #REF! | R9: =+N9*P9 -> 100 | S9: =IF(AND(R9>=600,R9<=4000),#REF!,IF(AND(R9>=150,R9<=500),#REF!,IF(AND(R9>=40,R9<=120),#REF!,IF(AND(R9>=0,R9<40),#REF!)))) -> #REF! | T9: =IF(AND(S9="I"),#REF!,IF(AND(S9="II"),#REF!,IF(AND(S9="III"),#REF!,IF(AND(S9="IV"),#REF!)))) -> #REF! | U9: 6 | V9: =I9 -> Heridas, golpes, muerte, fatiga, estrés, disminución de la destreza y precisión. Estados de ansiedad y/o depresión y trastornos del aparato digestivo. | W9: SI | Y9: x | Z9: x | AA9: x | AB9: x | AC9: N/A | AD9: N/A | AE9: N/A | AF9: Diseño en implementación de SVE Psicosocial, gestión del riesgo público, capacitación sobre cómo proceder en situaciones de riesgo público. Contratista de servicios de vigilancia | AG9: N/A | AJ9: =IF(AI9=10,#REF!,IF(AI9=6,#REF!,IF(AI9=2,#REF!,IF(AI9=1,#REF!)))) -> FALSE | AL9: =IF(AK9=4,#REF!,IF(AK9=3,#REF!,IF(AK9=2,#REF!,IF(AK9=1,#REF!)))) -> FALSE | AM9: =+AI9*AK9 -> 0 | AN9: =IF(AND(AM9>=24,AM9<=40),#REF!,IF(AND(AM9>=10,AM9<=20),#REF!,IF(AND(AM9>=6,AM9<=8),#REF!,IF(AND(AM9>=0,AM9<=4),#REF!)))) -> #REF! | AP9: =IF(AO9=100,#REF!,IF(AO9=60,#REF!,IF(AO9=25,#REF!,IF(AO9=10,#REF!)))) -> FALSE | AQ9: =+AM9*AO9 -> 0 | AR9: =IF(AND(AQ9>=600,AQ9<=4000),#REF!,IF(AND(AQ9>=150,AQ9<=500),#REF!,IF(AND(AQ9>=40,AQ9<=120),#REF!,IF(AND(AQ9>=0,AQ9<40),#REF!)))) -> #REF! | AS9: =IF(AND(AR9="I"),#REF!,IF(AND(AR9="II"),#REF!,IF(AND(AR9="III"),#REF!,IF(AND(AR9="IV"),#REF!)))) -> #REF!
C10: x | E10: Administradores y operadores del zoo criadero | F10: Químico | G10: Líquidos | H10: Uso de Alcohol al 70%, gel Hidroalcohólico, detergentes, jabón para desinfección personal y de puesto de trabajo | I10: Irritación en la piel, Resequedad en la piel, picazón, dermatitis de contacto, afectaciones respiratorias. | J10: 1 | K10: =IF(J10=10,#REF!,IF(J10=6,#REF!,IF(J10=2,#REF!,IF(J10=1,#REF!)))) -> #REF! | L10: 3 | M10: =IF(L10=4,#REF!,IF(L10=3,#REF!,IF(L10=2,#REF!,IF(L10=1,#REF!)))) -> #REF! | N10: =+J10*L10 -> 3 | O10: =IF(AND(N10>=24,N10<=40),#REF!,IF(AND(N10>=10,N10<=20),#REF!,IF(AND(N10>=6,N10<=8),#REF!,IF(AND(N10>=0,N10<=4),#REF!)))) -> #REF! | P10: 10 | Q10: =IF(P10=100,#REF!,IF(P10=60,#REF!,IF(P10=25,#REF!,IF(P10=10,#REF!)))) -> #REF! | R10: =+N10*P10 -> 30 | S10: =IF(AND(R10>=600,R10<=4000),#REF!,IF(AND(R10>=150,R10<=500),#REF!,IF(AND(R10>=40,R10<=120),#REF!,IF(AND(R10>=0,R10<40),#REF!)))) -> #REF! | T10: =IF(AND(S10="I"),#REF!,IF(AND(S10="II"),#REF!,IF(AND(S10="III"),#REF!,IF(AND(S10="IV"),#REF!)))) -> #REF! | U10: 6 | V10: =I10 -> Irritación en la piel, Resequedad en la piel, picazón, dermatitis de contacto, afectaciones respiratorias. | W10: SI | Y10: x | Z10: x | AA10: x | AB10: x | AC10: N/A | AD10: N/A | AE10: N/A | AF10: Programa de manejo de Químicos. Uso hidratante en manos para contrarrestar la resequedad generada por los productos de limpieza y desinfección Procedimiento de lavado de manos. Uso de alcohol a menos que el lavado de manos no este disponible. Procedimiento de Limpieza y desinfección de instalaciones y superficies. Conocimiento de las Hojas se seguridad Instrucciones del fabricante, etiquetas | AG10: Uso de EPP para la limpieza de herramientas y útiles de oficina y áreas de contacto frecuente | AJ10: =IF(AI10=10,#REF!,IF(AI10=6,#REF!,IF(AI10=2,#REF!,IF(AI10=1,#REF!)))) -> FALSE | AL10: =IF(AK10=4,#REF!,IF(AK10=3,#REF!,IF(AK10=2,#REF!,IF(AK10=1,#REF!)))) -> FALSE | AM10: =+AI10*AK10 -> 0 | AN10: =IF(AND(AM10>=24,AM10<=40),#REF!,IF(AND(AM10>=10,AM10<=20),#REF!,IF(AND(AM10>=6,AM10<=8),#REF!,IF(AND(AM10>=0,AM10<=4),#REF!)))) -> #REF! | AP10: =IF(AO10=100,#REF!,IF(AO10=60,#REF!,IF(AO10=25,#REF!,IF(AO10=10,#REF!)))) -> FALSE | AQ10: =+AM10*AO10 -> 0 | AR10: =IF(AND(AQ10>=600,AQ10<=4000),#REF!,IF(AND(AQ10>=150,AQ10<=500),#REF!,IF(AND(AQ10>=40,AQ10<=120),#REF!,IF(AND(AQ10>=0,AQ10<40),#REF!)))) -> #REF! | AS10: =IF(AND(AR10="I"),#REF!,IF(AND(AR10="II"),#REF!,IF(AND(AR10="III"),#REF!,IF(AND(AR10="IV"),#REF!)))) -> #REF!
C11: x | E11: Administradores y operadores del zoo criadero | F11: Condiciones de seguridad | G11: Transito. | H11: Circulación del personal como peatones por las diferentes vías y carreteras. | I11: Accidentes de tránsito, fracturas, contusiones, laceraciones, muerte. | J11: 2 | K11: =IF(J11=10,#REF!,IF(J11=6,#REF!,IF(J11=2,#REF!,IF(J11=1,#REF!)))) -> #REF! | L11: 2 | M11: =IF(L11=4,#REF!,IF(L11=3,#REF!,IF(L11=2,#REF!,IF(L11=1,#REF!)))) -> #REF! | N11: =+J11*L11 -> 4 | O11: =IF(AND(N11>=24,N11<=40),#REF!,IF(AND(N11>=10,N11<=20),#REF!,IF(AND(N11>=6,N11<=8),#REF!,IF(AND(N11>=0,N11<=4),#REF!)))) -> #REF! | P11: 60 | Q11: =IF(P11=100,#REF!,IF(P11=60,#REF!,IF(P11=25,#REF!,IF(P11=10,#REF!)))) -> #REF! | R11: =+N11*P11 -> 240 | S11: =IF(AND(R11>=600,R11<=4000),#REF!,IF(AND(R11>=150,R11<=500),#REF!,IF(AND(R11>=40,R11<=120),#REF!,IF(AND(R11>=0,R11<40),#REF!)))) -> #REF! | T11: =IF(AND(S11="I"),#REF!,IF(AND(S11="II"),#REF!,IF(AND(S11="III"),#REF!,IF(AND(S11="IV"),#REF!)))) -> #REF! | U11: 6 | V11: =I11 -> Accidentes de tránsito, fracturas, contusiones, laceraciones, muerte. | W11: SI | Y11: x | Z11: x | AA11: x | AB11: x | AC11: N/A | AD11: N/A | AE11: N/A | AF11: Programa de manejo de Contratistas. Exigir al contratista programas de mantenimiento preventivo y correctivo y formación y entrenamiento en conducción segura y manejo defensivo del personal conductor. Diseño e implementación del PESV. Programa de mantenimiento a vehículos propios que garantice el buen estado de funcionamiento de los mismos. | AG11: N/A | AJ11: =IF(AI11=10,#REF!,IF(AI11=6,#REF!,IF(AI11=2,#REF!,IF(AI11=1,#REF!)))) -> FALSE | AL11: =IF(AK11=4,#REF!,IF(AK11=3,#REF!,IF(AK11=2,#REF!,IF(AK11=1,#REF!)))) -> FALSE | AM11: =+AI11*AK11 -> 0 | AN11: =IF(AND(AM11>=24,AM11<=40),#REF!,IF(AND(AM11>=10,AM11<=20),#REF!,IF(AND(AM11>=6,AM11<=8),#REF!,IF(AND(AM11>=0,AM11<=4),#REF!)))) -> #REF! | AP11: =IF(AO11=100,#REF!,IF(AO11=60,#REF!,IF(AO11=25,#REF!,IF(AO11=10,#REF!)))) -> FALSE | AQ11: =+AM11*AO11 -> 0 | AR11: =IF(AND(AQ11>=600,AQ11<=4000),#REF!,IF(AND(AQ11>=150,AQ11<=500),#REF!,IF(AND(AQ11>=40,AQ11<=120),#REF!,IF(AND(AQ11>=0,AQ11<40),#REF!)))) -> #REF! | AS11: =IF(AND(AR11="I"),#REF!,IF(AND(AR11="II"),#REF!,IF(AND(AR11="III"),#REF!,IF(AND(AR11="IV"),#REF!)))) -> #REF!
C12: x | E12: Administradores y operadores del zoo criadero | F12: Fenómenos naturales* | G12: Tormentas, vientos huracanados, inundaciones | H12: Cambios en condiciones termo higrométricas (Temperatura ambiental, Humedad relativa y Velocidad del aire). Generado por situaciones naturales o antrópicas. | I12: Fatiga, estrés, resfriados, golpes, traumas. | J12: 1 | K12: =IF(J12=10,#REF!,IF(J12=6,#REF!,IF(J12=2,#REF!,IF(J12=1,#REF!)))) -> #REF! | L12: 1 | M12: =IF(L12=4,#REF!,IF(L12=3,#REF!,IF(L12=2,#REF!,IF(L12=1,#REF!)))) -> #REF! | N12: =+J12*L12 -> 1 | O12: =IF(AND(N12>=24,N12<=40),#REF!,IF(AND(N12>=10,N12<=20),#REF!,IF(AND(N12>=6,N12<=8),#REF!,IF(AND(N12>=0,N12<=4),#REF!)))) -> #REF! | P12: 25 | Q12: =IF(P12=100,#REF!,IF(P12=60,#REF!,IF(P12=25,#REF!,IF(P12=10,#REF!)))) -> #REF! | R12: =+N12*P12 -> 25 | S12: =IF(AND(R12>=600,R12<=4000),#REF!,IF(AND(R12>=150,R12<=500),#REF!,IF(AND(R12>=40,R12<=120),#REF!,IF(AND(R12>=0,R12<40),#REF!)))) -> #REF! | T12: =IF(AND(S12="I"),#REF!,IF(AND(S12="II"),#REF!,IF(AND(S12="III"),#REF!,IF(AND(S12="IV"),#REF!)))) -> #REF! | U12: 6 | V12: =I12 -> Fatiga, estrés, resfriados, golpes, traumas. | W12: SI | Y12: x | Z12: x | AA12: x | AB12: x | AC12: N/A | AD12: N/A | AE12: N/A | AF12: Capacitación de Brigadas de emergencias. Ciclo de formación continuado y certificado efectuado con la Cruz Roja. Plan de emergencia, cadena de llamados, equipos de comunicación disponibles | AG12: Suministro de Indumentarias propias para afrontar cambios climáticos, impermeables, botas pantaneras | AJ12: =IF(AI12=10,#REF!,IF(AI12=6,#REF!,IF(AI12=2,#REF!,IF(AI12=1,#REF!)))) -> FALSE | AL12: =IF(AK12=4,#REF!,IF(AK12=3,#REF!,IF(AK12=2,#REF!,IF(AK12=1,#REF!)))) -> FALSE | AM12: =+AI12*AK12 -> 0 | AN12: =IF(AND(AM12>=24,AM12<=40),#REF!,IF(AND(AM12>=10,AM12<=20),#REF!,IF(AND(AM12>=6,AM12<=8),#REF!,IF(AND(AM12>=0,AM12<=4),#REF!)))) -> #REF! | AP12: =IF(AO12=100,#REF!,IF(AO12=60,#REF!,IF(AO12=25,#REF!,IF(AO12=10,#REF!)))) -> FALSE | AQ12: =+AM12*AO12 -> 0 | AR12: =IF(AND(AQ12>=600,AQ12<=4000),#REF!,IF(AND(AQ12>=150,AQ12<=500),#REF!,IF(AND(AQ12>=40,AQ12<=120),#REF!,IF(AND(AQ12>=0,AQ12<40),#REF!)))) -> #REF! | AS12: =IF(AND(AR12="I"),#REF!,IF(AND(AR12="II"),#REF!,IF(AND(AR12="III"),#REF!,IF(AND(AR12="IV"),#REF!)))) -> #REF!
C13: x | E13: Administradores y operadores del zoo criadero | F13: Biomecánicos | G13: Posturas prolongadas | H13: Posturas prolongadas (de pie, sentado, etc.). | I13: Desordenes de trauma acumulativo, lesiones del sistema músculo esquelético, Tendinitis, síndrome del túnel carpiano (STC) | J13: 2 | K13: =IF(J13=10,#REF!,IF(J13=6,#REF!,IF(J13=2,#REF!,IF(J13=1,#REF!)))) -> #REF! | L13: 3 | M13: =IF(L13=4,#REF!,IF(L13=3,#REF!,IF(L13=2,#REF!,IF(L13=1,#REF!)))) -> #REF! | N13: =+J13*L13 -> 6 | O13: =IF(AND(N13>=24,N13<=40),#REF!,IF(AND(N13>=10,N13<=20),#REF!,IF(AND(N13>=6,N13<=8),#REF!,IF(AND(N13>=0,N13<=4),#REF!)))) -> #REF! | P13: 10 | Q13: =IF(P13=100,#REF!,IF(P13=60,#REF!,IF(P13=25,#REF!,IF(P13=10,#REF!)))) -> #REF! | R13: =+N13*P13 -> 60 | S13: =IF(AND(R13>=600,R13<=4000),#REF!,IF(AND(R13>=150,R13<=500),#REF!,IF(AND(R13>=40,R13<=120),#REF!,IF(AND(R13>=0,R13<40),#REF!)))) -> #REF! | T13: =IF(AND(S13="I"),#REF!,IF(AND(S13="II"),#REF!,IF(AND(S13="III"),#REF!,IF(AND(S13="IV"),#REF!)))) -> #REF! | U13: 6 | V13: =I13 -> Desordenes de trauma acumulativo, lesiones del sistema músculo esquelético, Tendinitis, síndrome del túnel carpiano (STC) | W13: SI | Y13: x | Z13: x | AA13: x | AC13: N/A | AD13: N/A | AE13: Diseño de puesto de trabajo, escritorio, silla. | AF13: Exámenes médicos ocupacionales con énfasis osteomuscular. Suministro de Sillas ergonómicas ajustables a la antropometría del trabajador. Sistema de Vigilancia para Desordenes musculoesqueléticos. Capacitación Pausas Activas, Higiene postural. Programa de orden y aseo, | AG13: N/A | AJ13: =IF(AI13=10,#REF!,IF(AI13=6,#REF!,IF(AI13=2,#REF!,IF(AI13=1,#REF!)))) -> FALSE | AL13: =IF(AK13=4,#REF!,IF(AK13=3,#REF!,IF(AK13=2,#REF!,IF(AK13=1,#REF!)))) -> FALSE | AM13: =+AI13*AK13 -> 0 | AN13: =IF(AND(AM13>=24,AM13<=40),#REF!,IF(AND(AM13>=10,AM13<=20),#REF!,IF(AND(AM13>=6,AM13<=8),#REF!,IF(AND(AM13>=0,AM13<=4),#REF!)))) -> #REF! | AP13: =IF(AO13=100,#REF!,IF(AO13=60,#REF!,IF(AO13=25,#REF!,IF(AO13=10,#REF!)))) -> FALSE | AQ13: =+AM13*AO13 -> 0 | AR13: =IF(AND(AQ13>=600,AQ13<=4000),#REF!,IF(AND(AQ13>=150,AQ13<=500),#REF!,IF(AND(AQ13>=40,AQ13<=120),#REF!,IF(AND(AQ13>=0,AQ13<40),#REF!)))) -> #REF! | AS13: =IF(AND(AR13="I"),#REF!,IF(AND(AR13="II"),#REF!,IF(AND(AR13="III"),#REF!,IF(AND(AR13="IV"),#REF!)))) -> #REF!
C14: x | E14: Administradores y operadores del zoo criadero | F14: Psicosocial | G14: Condiciones de la tarea (carga mental, contenido de la tarea, demandas emocionales). Comunicación, tecnología, organización del trabajo, demandas cualitativas y cuantitativas de la labor. | H14: Alta carga laboral. Atención a personal externo e interno(usuarios, funcionarios, contratistas, asesores, entes de control). Exigencia en las actividades diarias. Trabajo bajo presión. Jornadas extenuantes de trabajo. Tiempos prolongados de traslado entre las áreas de trabajo | I14: Fatiga, estrés, disminución de la destreza y precisión. Estados de ansiedad y/o depresión y trastornos del aparato digestivo. | J14: 2 | K14: =IF(J14=10,#REF!,IF(J14=6,#REF!,IF(J14=2,#REF!,IF(J14=1,#REF!)))) -> #REF! | L14: 3 | M14: =IF(L14=4,#REF!,IF(L14=3,#REF!,IF(L14=2,#REF!,IF(L14=1,#REF!)))) -> #REF! | N14: =+J14*L14 -> 6 | O14: =IF(AND(N14>=24,N14<=40),#REF!,IF(AND(N14>=10,N14<=20),#REF!,IF(AND(N14>=6,N14<=8),#REF!,IF(AND(N14>=0,N14<=4),#REF!)))) -> #REF! | P14: 60 | Q14: =IF(P14=100,#REF!,IF(P14=60,#REF!,IF(P14=25,#REF!,IF(P14=10,#REF!)))) -> #REF! | R14: =+N14*P14 -> 360 | S14: =IF(AND(R14>=600,R14<=4000),#REF!,IF(AND(R14>=150,R14<=500),#REF!,IF(AND(R14>=40,R14<=120),#REF!,IF(AND(R14>=0,R14<40),#REF!)))) -> #REF! | T14: =IF(AND(S14="I"),#REF!,IF(AND(S14="II"),#REF!,IF(AND(S14="III"),#REF!,IF(AND(S14="IV"),#REF!)))) -> #REF! | U14: 6 | V14: =I14 -> Fatiga, estrés, disminución de la destreza y precisión. Estados de ansiedad y/o depresión y trastornos del aparato digestivo. | W14: SI | Y14: x | Z14: x | AA14: x | AC14: N/A | AD14: N/A | AE14: N/A | AF14: Desarrollo de SVE Psicosocial. Implementación de las baterías de medición del riesgo psicosocial Implementación del plan de acción, según los niveles de riesgo y áreas afectadas. Desarrollo de actividades de bienestar, trabajo en equipo, técnicas de relajación, pausas activas, rumba terapias. Actividades de bienestar y Desarrollo. Actividades intralaborales para la mejora del clima laboral. | AG14: N/A | AJ14: =IF(AI14=10,#REF!,IF(AI14=6,#REF!,IF(AI14=2,#REF!,IF(AI14=1,#REF!)))) -> FALSE | AL14: =IF(AK14=4,#REF!,IF(AK14=3,#REF!,IF(AK14=2,#REF!,IF(AK14=1,#REF!)))) -> FALSE | AM14: =+AI14*AK14 -> 0 | AN14: =IF(AND(AM14>=24,AM14<=40),#REF!,IF(AND(AM14>=10,AM14<=20),#REF!,IF(AND(AM14>=6,AM14<=8),#REF!,IF(AND(AM14>=0,AM14<=4),#REF!)))) -> #REF! | AP14: =IF(AO14=100,#REF!,IF(AO14=60,#REF!,IF(AO14=25,#REF!,IF(AO14=10,#REF!)))) -> FALSE | AQ14: =+AM14*AO14 -> 0 | AR14: =IF(AND(AQ14>=600,AQ14<=4000),#REF!,IF(AND(AQ14>=150,AQ14<=500),#REF!,IF(AND(AQ14>=40,AQ14<=120),#REF!,IF(AND(AQ14>=0,AQ14<40),#REF!)))) -> #REF! | AS14: =IF(AND(AR14="I"),#REF!,IF(AND(AR14="II"),#REF!,IF(AND(AR14="III"),#REF!,IF(AND(AR14="IV"),#REF!)))) -> #REF!
C15: x | E15: Administradores y operadores del zoo criadero | F15: Físico | G15: Iluminación deficiente o en exceso. | H15: Fuentes inadecuadas de iluminación | I15: Fatiga visual, cefalea, disminución de la destreza y precisión, afectaciones a la vista, deslumbramiento, caídas a nivel, golpes. | J15: 1 | K15: =IF(J15=10,#REF!,IF(J15=6,#REF!,IF(J15=2,#REF!,IF(J15=1,#REF!)))) -> #REF! | L15: 4 | M15: =IF(L15=4,#REF!,IF(L15=3,#REF!,IF(L15=2,#REF!,IF(L15=1,#REF!)))) -> #REF! | N15: =+J15*L15 -> 4 | O15: =IF(AND(N15>=24,N15<=40),#REF!,IF(AND(N15>=10,N15<=20),#REF!,IF(AND(N15>=6,N15<=8),#REF!,IF(AND(N15>=0,N15<=4),#REF!)))) -> #REF! | P15: 10 | Q15: =IF(P15=100,#REF!,IF(P15=60,#REF!,IF(P15=25,#REF!,IF(P15=10,#REF!)))) -> #REF! | R15: =+N15*P15 -> 40 | S15: =IF(AND(R15>=600,R15<=4000),#REF!,IF(AND(R15>=150,R15<=500),#REF!,IF(AND(R15>=40,R15<=120),#REF!,IF(AND(R15>=0,R15<40),#REF!)))) -> #REF! | T15: =IF(AND(S15="I"),#REF!,IF(AND(S15="II"),#REF!,IF(AND(S15="III"),#REF!,IF(AND(S15="IV"),#REF!)))) -> #REF! | U15: 6 | V15: =I15 -> Fatiga visual, cefalea, disminución de la destreza y precisión, afectaciones a la vista, deslumbramiento, caídas a nivel, golpes. | W15: SI | Y15: x | Z15: x | AA15: x | AC15: N/A | AD15: N/A | AE15: Actividades de mantenimiento a la infraestructura, incluidos los equipos de iluminación. | AF15: Efectuar mediciones higiénicas para verificar los niveles de iluminación de las áreas de trabajo. | AG15: N/A | AJ15: =IF(AI15=10,#REF!,IF(AI15=6,#REF!,IF(AI15=2,#REF!,IF(AI15=1,#REF!)))) -> FALSE | AL15: =IF(AK15=4,#REF!,IF(AK15=3,#REF!,IF(AK15=2,#REF!,IF(AK15=1,#REF!)))) -> FALSE | AM15: =+AI15*AK15 -> 0 | AN15: =IF(AND(AM15>=24,AM15<=40),#REF!,IF(AND(AM15>=10,AM15<=20),#REF!,IF(AND(AM15>=6,AM15<=8),#REF!,IF(AND(AM15>=0,AM15<=4),#REF!)))) -> #REF! | AP15: =IF(AO15=100,#REF!,IF(AO15=60,#REF!,IF(AO15=25,#REF!,IF(AO15=10,#REF!)))) -> FALSE | AQ15: =+AM15*AO15 -> 0 | AR15: =IF(AND(AQ15>=600,AQ15<=4000),#REF!,IF(AND(AQ15>=150,AQ15<=500),#REF!,IF(AND(AQ15>=40,AQ15<=120),#REF!,IF(AND(AQ15>=0,AQ15<40),#REF!)))) -> #REF! | AS15: =IF(AND(AR15="I"),#REF!,IF(AND(AR15="II"),#REF!,IF(AND(AR15="III"),#REF!,IF(AND(AR15="IV"),#REF!)))) -> #REF!
C16: x | E16: Administradores y operadores del zoo criadero | F16: Condiciones de seguridad | G16: Locativos | H16: Traslado por las diferentes áreas de las instalaciones de la Corporación Uso de escaleras (escaleras de caracol, rectas) | I16: Caídas al mismo nivel, caídas a diferente nivel, contusiones, golpes, fracturas | J16: 2 | K16: =IF(J16=10,#REF!,IF(J16=6,#REF!,IF(J16=2,#REF!,IF(J16=1,#REF!)))) -> #REF! | L16: 3 | M16: =IF(L16=4,#REF!,IF(L16=3,#REF!,IF(L16=2,#REF!,IF(L16=1,#REF!)))) -> #REF! | N16: =+J16*L16 -> 6 | O16: =IF(AND(N16>=24,N16<=40),#REF!,IF(AND(N16>=10,N16<=20),#REF!,IF(AND(N16>=6,N16<=8),#REF!,IF(AND(N16>=0,N16<=4),#REF!)))) -> #REF! | P16: 60 | Q16: =IF(P16=100,#REF!,IF(P16=60,#REF!,IF(P16=25,#REF!,IF(P16=10,#REF!)))) -> #REF! | R16: =+N16*P16 -> 360 | S16: =IF(AND(R16>=600,R16<=4000),#REF!,IF(AND(R16>=150,R16<=500),#REF!,IF(AND(R16>=40,R16<=120),#REF!,IF(AND(R16>=0,R16<40),#REF!)))) -> #REF! | T16: =IF(AND(S16="I"),#REF!,IF(AND(S16="II"),#REF!,IF(AND(S16="III"),#REF!,IF(AND(S16="IV"),#REF!)))) -> #REF! | U16: 6 | V16: =I16 -> Caídas al mismo nivel, caídas a diferente nivel, contusiones, golpes, fracturas | W16: SI | Y16: x | Z16: x | AA16: x | AB16: x | AC16: N/A | AD16: N/A | AE16: Mantenimiento a la infraestructura de la Corporación. | AF16: Implementación de programas de Orden y Aseo. Redistribución del espacio y puestos de trabajo. Establecer directrices para el manejo y almacenamiento de la documentación que ha cumplido su ciclo administrativo. Aumentar el área de archivo de las diferentes subdirecciones. Desarrollo de jornadas de recolección de documentación elementos innecesarios. Señalización de zonas de riesgo para el personal. Actividades de toma de conciencia. | AG16: N/A | AJ16: =IF(AI16=10,#REF!,IF(AI16=6,#REF!,IF(AI16=2,#REF!,IF(AI16=1,#REF!)))) -> FALSE | AL16: =IF(AK16=4,#REF!,IF(AK16=3,#REF!,IF(AK16=2,#REF!,IF(AK16=1,#REF!)))) -> FALSE | AM16: =+AI16*AK16 -> 0 | AN16: =IF(AND(AM16>=24,AM16<=40),#REF!,IF(AND(AM16>=10,AM16<=20),#REF!,IF(AND(AM16>=6,AM16<=8),#REF!,IF(AND(AM16>=0,AM16<=4),#REF!)))) -> #REF! | AP16: =IF(AO16=100,#REF!,IF(AO16=60,#REF!,IF(AO16=25,#REF!,IF(AO16=10,#REF!)))) -> FALSE | AQ16: =+AM16*AO16 -> 0 | AR16: =IF(AND(AQ16>=600,AQ16<=4000),#REF!,IF(AND(AQ16>=150,AQ16<=500),#REF!,IF(AND(AQ16>=40,AQ16<=120),#REF!,IF(AND(AQ16>=0,AQ16<40),#REF!)))) -> #REF! | AS16: =IF(AND(AR16="I"),#REF!,IF(AND(AR16="II"),#REF!,IF(AND(AR16="III"),#REF!,IF(AND(AR16="IV"),#REF!)))) -> #REF!
C17: x | E17: Administradores y operadores del zoo criadero | F17: Condiciones de seguridad | G17: Locativos | H17: Condiciones inadecuadas del sitio de trabajo. Deficientes condiciones de orden y aseo. | I17: Desordenes de trauma acumulativo, lesiones del sistema músculo esquelético, Tendinitis, síndrome del túnel carpiano (STC), golpes, caídas a nivel, contusiones | J17: 1 | K17: =IF(J17=10,#REF!,IF(J17=6,#REF!,IF(J17=2,#REF!,IF(J17=1,#REF!)))) -> #REF! | L17: 3 | M17: =IF(L17=4,#REF!,IF(L17=3,#REF!,IF(L17=2,#REF!,IF(L17=1,#REF!)))) -> #REF! | N17: =+J17*L17 -> 3 | O17: =IF(AND(N17>=24,N17<=40),#REF!,IF(AND(N17>=10,N17<=20),#REF!,IF(AND(N17>=6,N17<=8),#REF!,IF(AND(N17>=0,N17<=4),#REF!)))) -> #REF! | P17: 10 | Q17: =IF(P17=100,#REF!,IF(P17=60,#REF!,IF(P17=25,#REF!,IF(P17=10,#REF!)))) -> #REF! | R17: =+N17*P17 -> 30 | S17: =IF(AND(R17>=600,R17<=4000),#REF!,IF(AND(R17>=150,R17<=500),#REF!,IF(AND(R17>=40,R17<=120),#REF!,IF(AND(R17>=0,R17<40),#REF!)))) -> #REF! | T17: =IF(AND(S17="I"),#REF!,IF(AND(S17="II"),#REF!,IF(AND(S17="III"),#REF!,IF(AND(S17="IV"),#REF!)))) -> #REF! | U17: 6 | V17: =I17 -> Desordenes de trauma acumulativo, lesiones del sistema músculo esquelético, Tendinitis, síndrome del túnel carpiano (STC), golpes, caídas a nivel, contusiones | W17: SI | Y17: x | Z17: x | AA17: x | AC17: N/A | AD17: N/A | AE17: Diseño de puesto de trabajo, escritorio, silla. | AF17: Sistema de Vigilancia para Desordenes musculoesqueléticos. Capacitación Pausas Activas, Higiene postural Orden y aseo frecuente en el área de trabajo. | AG17: N/A | AH17: Expandir el área de las oficinas, hay pocos puestos de trabajo en relación al numero de personal por áreas. Diseño de puestos de trabajo para personal vinculado y contratista. | AJ17: =IF(AI17=10,#REF!,IF(AI17=6,#REF!,IF(AI17=2,#REF!,IF(AI17=1,#REF!)))) -> FALSE | AL17: =IF(AK17=4,#REF!,IF(AK17=3,#REF!,IF(AK17=2,#REF!,IF(AK17=1,#REF!)))) -> FALSE | AM17: =+AI17*AK17 -> 0 | AN17: =IF(AND(AM17>=24,AM17<=40),#REF!,IF(AND(AM17>=10,AM17<=20),#REF!,IF(AND(AM17>=6,AM17<=8),#REF!,IF(AND(AM17>=0,AM17<=4),#REF!)))) -> #REF! | AP17: =IF(AO17=100,#REF!,IF(AO17=60,#REF!,IF(AO17=25,#REF!,IF(AO17=10,#REF!)))) -> FALSE | AQ17: =+AM17*AO17 -> 0 | AR17: =IF(AND(AQ17>=600,AQ17<=4000),#REF!,IF(AND(AQ17>=150,AQ17<=500),#REF!,IF(AND(AQ17>=40,AQ17<=120),#REF!,IF(AND(AQ17>=0,AQ17<40),#REF!)))) -> #REF! | AS17: =IF(AND(AR17="I"),#REF!,IF(AND(AR17="II"),#REF!,IF(AND(AR17="III"),#REF!,IF(AND(AR17="IV"),#REF!)))) -> #REF!
C18: x | E18: Administradores y operadores del zoo criadero | F18: Condiciones de seguridad | G18: Locativo | H18: Deterioro de estructuras locativas, grietas en paredes de casas, filtración de aguas lluvias, presencia de humedad. | I18: Colapso de estructuras, golpes, poli traumas muerte | J18: 2 | K18: =IF(J18=10,#REF!,IF(J18=6,#REF!,IF(J18=2,#REF!,IF(J18=1,#REF!)))) -> #REF! | L18: 2 | M18: =IF(L18=4,#REF!,IF(L18=3,#REF!,IF(L18=2,#REF!,IF(L18=1,#REF!)))) -> #REF! | N18: =+J18*L18 -> 4 | O18: =IF(AND(N18>=24,N18<=40),#REF!,IF(AND(N18>=10,N18<=20),#REF!,IF(AND(N18>=6,N18<=8),#REF!,IF(AND(N18>=0,N18<=4),#REF!)))) -> #REF! | P18: 100 | Q18: =IF(P18=100,#REF!,IF(P18=60,#REF!,IF(P18=25,#REF!,IF(P18=10,#REF!)))) -> #REF! | R18: =+N18*P18 -> 400 | S18: =IF(AND(R18>=600,R18<=4000),#REF!,IF(AND(R18>=150,R18<=500),#REF!,IF(AND(R18>=40,R18<=120),#REF!,IF(AND(R18>=0,R18<40),#REF!)))) -> #REF! | T18: =IF(AND(S18="I"),#REF!,IF(AND(S18="II"),#REF!,IF(AND(S18="III"),#REF!,IF(AND(S18="IV"),#REF!)))) -> #REF! | U18: 6 | V18: =I18 -> Colapso de estructuras, golpes, poli traumas muerte | W18: SI | Y18: x | Z18: x | AA18: x | AB18: x | AC18: N/A | AD18: N/A | AE18: N/A | AF18: Programa de mantenimiento de infraestructura. | AG18: N/A | AJ18: =IF(AI18=10,#REF!,IF(AI18=6,#REF!,IF(AI18=2,#REF!,IF(AI18=1,#REF!)))) -> FALSE | AL18: =IF(AK18=4,#REF!,IF(AK18=3,#REF!,IF(AK18=2,#REF!,IF(AK18=1,#REF!)))) -> FALSE | AM18: =+AI18*AK18 -> 0 | AN18: =IF(AND(AM18>=24,AM18<=40),#REF!,IF(AND(AM18>=10,AM18<=20),#REF!,IF(AND(AM18>=6,AM18<=8),#REF!,IF(AND(AM18>=0,AM18<=4),#REF!)))) -> #REF! | AP18: =IF(AO18=100,#REF!,IF(AO18=60,#REF!,IF(AO18=25,#REF!,IF(AO18=10,#REF!)))) -> FALSE | AQ18: =+AM18*AO18 -> 0 | AR18: =IF(AND(AQ18>=600,AQ18<=4000),#REF!,IF(AND(AQ18>=150,AQ18<=500),#REF!,IF(AND(AQ18>=40,AQ18<=120),#REF!,IF(AND(AQ18>=0,AQ18<40),#REF!)))) -> #REF! | AS18: =IF(AND(AR18="I"),#REF!,IF(AND(AR18="II"),#REF!,IF(AND(AR18="III"),#REF!,IF(AND(AR18="IV"),#REF!)))) -> #REF!
C19: x | E19: Administradores y operadores del zoo criadero | F19: Biomecánicos | G19: Movimientos repetitivos | H19: Movimientos repetitivos (digitación, uso de herramientas, entre otros) | I19: Desordenes de trauma acumulativo, lesiones del sistema músculo esquelético, Tendinitis, síndrome del túnel carpiano (STC) | J19: 2 | K19: =IF(J19=10,#REF!,IF(J19=6,#REF!,IF(J19=2,#REF!,IF(J19=1,#REF!)))) -> #REF! | L19: 3 | M19: =IF(L19=4,#REF!,IF(L19=3,#REF!,IF(L19=2,#REF!,IF(L19=1,#REF!)))) -> #REF! | N19: =+J19*L19 -> 6 | O19: =IF(AND(N19>=24,N19<=40),#REF!,IF(AND(N19>=10,N19<=20),#REF!,IF(AND(N19>=6,N19<=8),#REF!,IF(AND(N19>=0,N19<=4),#REF!)))) -> #REF! | P19: 10 | Q19: =IF(P19=100,#REF!,IF(P19=60,#REF!,IF(P19=25,#REF!,IF(P19=10,#REF!)))) -> #REF! | R19: =+N19*P19 -> 60 | S19: =IF(AND(R19>=600,R19<=4000),#REF!,IF(AND(R19>=150,R19<=500),#REF!,IF(AND(R19>=40,R19<=120),#REF!,IF(AND(R19>=0,R19<40),#REF!)))) -> #REF! | T19: =IF(AND(S19="I"),#REF!,IF(AND(S19="II"),#REF!,IF(AND(S19="III"),#REF!,IF(AND(S19="IV"),#REF!)))) -> #REF! | U19: 6 | V19: =I19 -> Desordenes de trauma acumulativo, lesiones del sistema músculo esquelético, Tendinitis, síndrome del túnel carpiano (STC) | W19: SI | Y19: x | Z19: x | AA19: x | AC19: N/A | AD19: N/A | AE19: Diseño de puesto de trabajo, escritorio, silla. | AF19: Exámenes médicos ocupacionales con énfasis osteomuscular. Suministro de Sillas ergonómicas ajustables a la antropometría del trabajador. Sistema de Vigilancia para Desordenes musculoesqueléticos. Capacitación Pausas Activas, Higiene postural. Programa de orden y aseo, | AG19: N/A
C20: x | E20: Administradores y operadores del zoo criadero | F20: Condiciones de seguridad | G20: Condiciones de seguridad(Electricidad) | H20: Exposición a electricidad estática por manipulación de equipos eléctricos (PC, impresora, cargadores, monitor, proyector, entre otros) | I20: Descargas eléctricas, dolor de cabeza, quemaduras, shock, golpes, heridas, contusiones. | J20: 2 | K20: =IF(J20=10,#REF!,IF(J20=6,#REF!,IF(J20=2,#REF!,IF(J20=1,#REF!)))) -> #REF! | L20: 2 | M20: =IF(L20=4,#REF!,IF(L20=3,#REF!,IF(L20=2,#REF!,IF(L20=1,#REF!)))) -> #REF! | N20: =+J20*L20 -> 4 | O20: =IF(AND(N20>=24,N20<=40),#REF!,IF(AND(N20>=10,N20<=20),#REF!,IF(AND(N20>=6,N20<=8),#REF!,IF(AND(N20>=0,N20<=4),#REF!)))) -> #REF! | P20: 60 | Q20: =IF(P20=100,#REF!,IF(P20=60,#REF!,IF(P20=25,#REF!,IF(P20=10,#REF!)))) -> #REF! | R20: =+N20*P20 -> 240 | S20: =IF(AND(R20>=600,R20<=4000),#REF!,IF(AND(R20>=150,R20<=500),#REF!,IF(AND(R20>=40,R20<=120),#REF!,IF(AND(R20>=0,R20<40),#REF!)))) -> #REF! | T20: =IF(AND(S20="I"),#REF!,IF(AND(S20="II"),#REF!,IF(AND(S20="III"),#REF!,IF(AND(S20="IV"),#REF!)))) -> #REF! | U20: 6 | V20: =I20 -> Descargas eléctricas, dolor de cabeza, quemaduras, shock, golpes, heridas, contusiones. | W20: SI | Y20: x | AC20: N/A | AD20: N/A | AE20: Colocación de tapetes para la descarga de la carga estática acumulada por las personas del área. Verificar la ubicación de los CPU, reguladores de voltaje descargas instalaciones eléctricas. Revisar las puestas a tierra de las oficinas. | AF20: N/A | AG20: N/A | AJ20: =IF(AI20=10,#REF!,IF(AI20=6,#REF!,IF(AI20=2,#REF!,IF(AI20=1,#REF!)))) -> FALSE | AL20: =IF(AK20=4,#REF!,IF(AK20=3,#REF!,IF(AK20=2,#REF!,IF(AK20=1,#REF!)))) -> FALSE | AM20: =+AI20*AK20 -> 0 | AN20: =IF(AND(AM20>=24,AM20<=40),#REF!,IF(AND(AM20>=10,AM20<=20),#REF!,IF(AND(AM20>=6,AM20<=8),#REF!,IF(AND(AM20>=0,AM20<=4),#REF!)))) -> #REF! | AP20: =IF(AO20=100,#REF!,IF(AO20=60,#REF!,IF(AO20=25,#REF!,IF(AO20=10,#REF!)))) -> FALSE | AQ20: =+AM20*AO20 -> 0 | AR20: =IF(AND(AQ20>=600,AQ20<=4000),#REF!,IF(AND(AQ20>=150,AQ20<=500),#REF!,IF(AND(AQ20>=40,AQ20<=120),#REF!,IF(AND(AQ20>=0,AQ20<40),#REF!)))) -> #REF! | AS20: =IF(AND(AR20="I"),#REF!,IF(AND(AR20="II"),#REF!,IF(AND(AR20="III"),#REF!,IF(AND(AR20="IV"),#REF!)))) -> #REF!
C21: x | E21: Administradores y operadores del zoo criadero | F21: Condiciones de seguridad | G21: Condiciones de seguridad(Electricidad) | H21: Exposición a energía eléctrica por manipulación de equipos eléctricos (PC, impresora, cargadores, monitor, proyector, entre otros) | I21: Descargas eléctricas, dolor de cabeza, quemaduras, shock, golpes, heridas, contusiones. | J21: 2 | K21: =IF(J21=10,#REF!,IF(J21=6,#REF!,IF(J21=2,#REF!,IF(J21=1,#REF!)))) -> #REF! | L21: 2 | M21: =IF(L21=4,#REF!,IF(L21=3,#REF!,IF(L21=2,#REF!,IF(L21=1,#REF!)))) -> #REF! | N21: =+J21*L21 -> 4 | O21: =IF(AND(N21>=24,N21<=40),#REF!,IF(AND(N21>=10,N21<=20),#REF!,IF(AND(N21>=6,N21<=8),#REF!,IF(AND(N21>=0,N21<=4),#REF!)))) -> #REF! | P21: 60 | Q21: =IF(P21=100,#REF!,IF(P21=60,#REF!,IF(P21=25,#REF!,IF(P21=10,#REF!)))) -> #REF! | R21: =+N21*P21 -> 240 | S21: =IF(AND(R21>=600,R21<=4000),#REF!,IF(AND(R21>=150,R21<=500),#REF!,IF(AND(R21>=40,R21<=120),#REF!,IF(AND(R21>=0,R21<40),#REF!)))) -> #REF! | T21: =IF(AND(S21="I"),#REF!,IF(AND(S21="II"),#REF!,IF(AND(S21="III"),#REF!,IF(AND(S21="IV"),#REF!)))) -> #REF! | U21: 6 | V21: =I21 -> Descargas eléctricas, dolor de cabeza, quemaduras, shock, golpes, heridas, contusiones. | W21: SI | Y21: x | AC21: N/A | AD21: N/A | AE21: Mantenimiento a la infraestructura (Redes eléctricas) de la Corporación. | AF21: N/A | AG21: N/A
C22: x | E22: Operadores del zoo criadero Personal contratista | F22: Químico | G22: Líquidos, Gases y vapores | H22: Exposición o manipulación de combustibles, sustancias químicas, sustancias tóxicas. | I22: Incendios, quemaduras, intoxicación, afectaciones respiratorias, dermatitis, alergias. | J22: 2 | K22: =IF(J22=10,#REF!,IF(J22=6,#REF!,IF(J22=2,#REF!,IF(J22=1,#REF!)))) -> #REF! | L22: 3 | M22: =IF(L22=4,#REF!,IF(L22=3,#REF!,IF(L22=2,#REF!,IF(L22=1,#REF!)))) -> #REF! | N22: =+J22*L22 -> 6 | O22: =IF(AND(N22>=24,N22<=40),#REF!,IF(AND(N22>=10,N22<=20),#REF!,IF(AND(N22>=6,N22<=8),#REF!,IF(AND(N22>=0,N22<=4),#REF!)))) -> #REF! | P22: 60 | Q22: =IF(P22=100,#REF!,IF(P22=60,#REF!,IF(P22=25,#REF!,IF(P22=10,#REF!)))) -> #REF! | R22: =+N22*P22 -> 360 | S22: =IF(AND(R22>=600,R22<=4000),#REF!,IF(AND(R22>=150,R22<=500),#REF!,IF(AND(R22>=40,R22<=120),#REF!,IF(AND(R22>=0,R22<40),#REF!)))) -> #REF! | T22: =IF(AND(S22="I"),#REF!,IF(AND(S22="II"),#REF!,IF(AND(S22="III"),#REF!,IF(AND(S22="IV"),#REF!)))) -> #REF! | U22: 6 | V22: =I22 -> Incendios, quemaduras, intoxicación, afectaciones respiratorias, dermatitis, alergias. | W22: SI | Y22: x | AC22: N/A | AD22: N/A | AE22: N/A | AF22: Capacitación de Brigadas de emergencias. Ciclo de formación continuado y certificado efectuado con la Cruz Roja Programa de manejo de sustancias Químicas. | AG22: Suministro de mascarilla, guantes, gafas de seguridad, calzado de seguridad.
C23: x | E23: Operadores del zoo criadero Personal contratista | F23: Biológico | G23: Microorganismos, macroorganismos. | H23: Manipulación o exposición a residuos sólidos, basuras, vertimientos, aguas estancadas, fangos, fluidos, secreciones, partes en descomposición. | I23: Cortes, traumas, heridas, infección, mordeduras, picaduras | J23: 2 | K23: =IF(J23=10,#REF!,IF(J23=6,#REF!,IF(J23=2,#REF!,IF(J23=1,#REF!)))) -> #REF! | L23: 3 | M23: =IF(L23=4,#REF!,IF(L23=3,#REF!,IF(L23=2,#REF!,IF(L23=1,#REF!)))) -> #REF! | N23: =+J23*L23 -> 6 | O23: =IF(AND(N23>=24,N23<=40),#REF!,IF(AND(N23>=10,N23<=20),#REF!,IF(AND(N23>=6,N23<=8),#REF!,IF(AND(N23>=0,N23<=4),#REF!)))) -> #REF! | P23: 60 | Q23: =IF(P23=100,#REF!,IF(P23=60,#REF!,IF(P23=25,#REF!,IF(P23=10,#REF!)))) -> #REF! | R23: =+N23*P23 -> 360 | S23: =IF(AND(R23>=600,R23<=4000),#REF!,IF(AND(R23>=150,R23<=500),#REF!,IF(AND(R23>=40,R23<=120),#REF!,IF(AND(R23>=0,R23<40),#REF!)))) -> #REF! | T23: =IF(AND(S23="I"),#REF!,IF(AND(S23="II"),#REF!,IF(AND(S23="III"),#REF!,IF(AND(S23="IV"),#REF!)))) -> #REF! | U23: 6 | V23: =I23 -> Cortes, traumas, heridas, infección, mordeduras, picaduras | W23: SI | Y23: x | AC23: N/A | AD23: N/A | AE23: N/A | AF23: Incluir en SVE Riesgo Biológico | AG23: Suministro de gafas de seguridad, mascarilla, guantes.
C24: x | E24: Operadores del zoo criadero Personal contratista | F24: Biológico | G24: Macroorganismos (Mordeduras, golpes, pisadas de animales, picadas etc.) fauna acuática. | H24: Contacto con seres vivos (roedores, serpientes, caballos, reptiles, osos, etc.) por medio de mordedura, picadura, rasgadura y en general ataque de animales | I24: Golpes, traumas, heridas, infecciones, intoxicación, Mordeduras, picaduras, punciones, reacciones alérgicas, muerte | J24: 2 | K24: =IF(J24=10,#REF!,IF(J24=6,#REF!,IF(J24=2,#REF!,IF(J24=1,#REF!)))) -> #REF! | L24: 3 | M24: =IF(L24=4,#REF!,IF(L24=3,#REF!,IF(L24=2,#REF!,IF(L24=1,#REF!)))) -> #REF! | N24: =+J24*L24 -> 6 | O24: =IF(AND(N24>=24,N24<=40),#REF!,IF(AND(N24>=10,N24<=20),#REF!,IF(AND(N24>=6,N24<=8),#REF!,IF(AND(N24>=0,N24<=4),#REF!)))) -> #REF! | P24: 60 | Q24: =IF(P24=100,#REF!,IF(P24=60,#REF!,IF(P24=25,#REF!,IF(P24=10,#REF!)))) -> #REF! | R24: =+N24*P24 -> 360 | S24: =IF(AND(R24>=600,R24<=4000),#REF!,IF(AND(R24>=150,R24<=500),#REF!,IF(AND(R24>=40,R24<=120),#REF!,IF(AND(R24>=0,R24<40),#REF!)))) -> #REF! | T24: =IF(AND(S24="I"),#REF!,IF(AND(S24="II"),#REF!,IF(AND(S24="III"),#REF!,IF(AND(S24="IV"),#REF!)))) -> #REF! | U24: 6 | V24: =I24 -> Golpes, traumas, heridas, infecciones, intoxicación, Mordeduras, picaduras, punciones, reacciones alérgicas, muerte | W24: SI | Y24: x | AC24: N/A | AD24: N/A | AE24: N/A | AF24: Diseño e implementación de programa de Vigilancia para el riesgo Biológico. seguimiento a la recuperación del personal que haya sufrido mordeduras o picaduras. Capacitación del personal en primeros auxilios, manejo de heridas, uso de botiquín. Establecer dentro del plan de emergencias, un procedimiento para el manejo de reacciones adversas producto de picaduras, que incluya el listado de clínicas y hospitales del atlántico y su capacidad para la atención de eventos de reacciones de tipo local, sistémicas toxicas, Inmunológicas por mordeduras de serpientes y otros animales. Retiro de elementos en desuso que pueden ser usados por los animales como madrigueras, corte de la vegetación, mejorar las condiciones de iluminación nocturna | AG24: Suministro de guantes, calzado de seguridad, gafas de seguridad
C25: x | E25: Operadores del zoo criadero Personal contratista | F25: Condiciones de seguridad | G25: Manejo de herramientas manuales | H25: uso de herramientas de manuales y eléctricas. | I25: Golpes, traumas, laceraciones, punciones | J25: 2 | K25: =IF(J25=10,#REF!,IF(J25=6,#REF!,IF(J25=2,#REF!,IF(J25=1,#REF!)))) -> #REF! | L25: 3 | M25: =IF(L25=4,#REF!,IF(L25=3,#REF!,IF(L25=2,#REF!,IF(L25=1,#REF!)))) -> #REF! | N25: =+J25*L25 -> 6 | O25: =IF(AND(N25>=24,N25<=40),#REF!,IF(AND(N25>=10,N25<=20),#REF!,IF(AND(N25>=6,N25<=8),#REF!,IF(AND(N25>=0,N25<=4),#REF!)))) -> #REF! | P25: 60 | Q25: =IF(P25=100,#REF!,IF(P25=60,#REF!,IF(P25=25,#REF!,IF(P25=10,#REF!)))) -> #REF! | R25: =+N25*P25 -> 360 | S25: =IF(AND(R25>=600,R25<=4000),#REF!,IF(AND(R25>=150,R25<=500),#REF!,IF(AND(R25>=40,R25<=120),#REF!,IF(AND(R25>=0,R25<40),#REF!)))) -> #REF! | T25: =IF(AND(S25="I"),#REF!,IF(AND(S25="II"),#REF!,IF(AND(S25="III"),#REF!,IF(AND(S25="IV"),#REF!)))) -> #REF! | U25: 6 | V25: =I25 -> Golpes, traumas, laceraciones, punciones | W25: SI | Y25: x | AC25: N/A | AD25: N/A | AE25: N/A | AF25: Programa de riesgo mecánico Actividades de mantenimiento a las herramientas rotativas y manuales. | AG25: Suministro de botas de seguridad, gafas de seguridad y guantes tipo ingeniero, pechera, polainas
C26: x | E26: Operadores del zoo criadero Personal contratista | F26: Biológico | G26: Derivados de origen animal (Pieles, pelo, estiércol, desechos, etc.) | H26: Inhalación, contacto y consumo de pelos, plumas, excrementos, sustancias antigénicas (enzima, proteínas), larvas de invertebrados, polvo vegetal, Polen, Madera, Esporas fúngicas, Micotoxinas, Sustancias antigénicas (antibióticos, polisacáridos) incluye además Musgos, Helechos, Semillas, Derivados de Vegetales | I26: Zoonosis, Enfermedades infecciosas, gastrointestinales, tóxicas y reacciones alérgicas. | J26: 2 | K26: =IF(J26=10,#REF!,IF(J26=6,#REF!,IF(J26=2,#REF!,IF(J26=1,#REF!)))) -> #REF! | L26: 3 | M26: =IF(L26=4,#REF!,IF(L26=3,#REF!,IF(L26=2,#REF!,IF(L26=1,#REF!)))) -> #REF! | N26: =+J26*L26 -> 6 | O26: =IF(AND(N26>=24,N26<=40),#REF!,IF(AND(N26>=10,N26<=20),#REF!,IF(AND(N26>=6,N26<=8),#REF!,IF(AND(N26>=0,N26<=4),#REF!)))) -> #REF! | P26: 60 | Q26: =IF(P26=100,#REF!,IF(P26=60,#REF!,IF(P26=25,#REF!,IF(P26=10,#REF!)))) -> #REF! | R26: =+N26*P26 -> 360 | S26: =IF(AND(R26>=600,R26<=4000),#REF!,IF(AND(R26>=150,R26<=500),#REF!,IF(AND(R26>=40,R26<=120),#REF!,IF(AND(R26>=0,R26<40),#REF!)))) -> #REF! | T26: =IF(AND(S26="I"),#REF!,IF(AND(S26="II"),#REF!,IF(AND(S26="III"),#REF!,IF(AND(S26="IV"),#REF!)))) -> #REF! | U26: 6 | V26: =I26 -> Zoonosis, Enfermedades infecciosas, gastrointestinales, tóxicas y reacciones alérgicas. | W26: SI | Y26: x | AA26: x | AC26: N/A | AD26: N/A | AE26: N/A | AF26: Incluir en SVE Riesgo Biológico. | AG26: Suministro de gafas de seguridad, calzado de seguridad, guantes.
A27: Subdirección ambiental | B27: Manipulación de animales, traslado de animales vivos, traslado, durante, recolección y reubicación. | C27: x | E27: Operadores del zoo criadero Personal contratista | F27: Biomecánicos | G27: Carga dinámica por esfuerzos | H27: Manipulación de cargas | I27: Desordenes de trauma acumulativo, lesiones del sistema músculo esquelético. | J27: 2 | K27: =IF(J27=10,#REF!,IF(J27=6,#REF!,IF(J27=2,#REF!,IF(J27=1,#REF!)))) -> #REF! | L27: 2 | M27: =IF(L27=4,#REF!,IF(L27=3,#REF!,IF(L27=2,#REF!,IF(L27=1,#REF!)))) -> #REF! | N27: =+J27*L27 -> 4 | O27: =IF(AND(N27>=24,N27<=40),#REF!,IF(AND(N27>=10,N27<=20),#REF!,IF(AND(N27>=6,N27<=8),#REF!,IF(AND(N27>=0,N27<=4),#REF!)))) -> #REF! | P27: 60 | Q27: =IF(P27=100,#REF!,IF(P27=60,#REF!,IF(P27=25,#REF!,IF(P27=10,#REF!)))) -> #REF! | R27: =+N27*P27 -> 240 | S27: =IF(AND(R27>=600,R27<=4000),#REF!,IF(AND(R27>=150,R27<=500),#REF!,IF(AND(R27>=40,R27<=120),#REF!,IF(AND(R27>=0,R27<40),#REF!)))) -> #REF! | T27: =IF(AND(S27="I"),#REF!,IF(AND(S27="II"),#REF!,IF(AND(S27="III"),#REF!,IF(AND(S27="IV"),#REF!)))) -> #REF! | U27: 6 | V27: =I27 -> Desordenes de trauma acumulativo, lesiones del sistema músculo esquelético. | W27: SI | Y27: x | AA27: x | AC27: N/A | AD27: N/A | AE27: N/A | AF27: Actividad de manipulación de animales la efectúan entre varias personas. | AG27: Suministro de mascarillas y gafas de seguridad
A28: Subdirección ambiental | B28: Mantenimientos preventivos y correctivos a los equipos del vivero | C28: x | E28: Operadores del zoo criadero Personal contratista | F28: Químico | G28: Líquidos, Gases y vapores | H28: Almacenamiento de productos químicos | I28: Incendios, quemaduras, intoxicación, afectaciones respiratorias, dermatitis, alergias. | J28: 2 | K28: =IF(J28=10,#REF!,IF(J28=6,#REF!,IF(J28=2,#REF!,IF(J28=1,#REF!)))) -> #REF! | L28: 3 | M28: =IF(L28=4,#REF!,IF(L28=3,#REF!,IF(L28=2,#REF!,IF(L28=1,#REF!)))) -> #REF! | N28: =+J28*L28 -> 6 | O28: =IF(AND(N28>=24,N28<=40),#REF!,IF(AND(N28>=10,N28<=20),#REF!,IF(AND(N28>=6,N28<=8),#REF!,IF(AND(N28>=0,N28<=4),#REF!)))) -> #REF! | P28: 60 | Q28: =IF(P28=100,#REF!,IF(P28=60,#REF!,IF(P28=25,#REF!,IF(P28=10,#REF!)))) -> #REF! | R28: =+N28*P28 -> 360 | S28: =IF(AND(R28>=600,R28<=4000),#REF!,IF(AND(R28>=150,R28<=500),#REF!,IF(AND(R28>=40,R28<=120),#REF!,IF(AND(R28>=0,R28<40),#REF!)))) -> #REF! | T28: =IF(AND(S28="I"),#REF!,IF(AND(S28="II"),#REF!,IF(AND(S28="III"),#REF!,IF(AND(S28="IV"),#REF!)))) -> #REF! | U28: 6 | V28: =I28 -> Incendios, quemaduras, intoxicación, afectaciones respiratorias, dermatitis, alergias. | W28: SI | Y28: x | AC28: N/A | AD28: N/A | AE28: N/A | AF28: Capacitación de Brigadas de emergencias. Ciclo de formación continuado y certificado efectuado con la Cruz Roja Programa de manejo de sustancias Químicas. | AG28: Suministro de mascarilla, guantes, gafas de seguridad, calzado de seguridad.
C29: x | F29: Químico | G29: Líquidos, Gases y vapores | H29: Exposición o manipulación de combustibles, sustancias químicas, sustancias tóxicas. | I29: Incendios, quemaduras, intoxicación, afectaciones respiratorias, dermatitis, alergias. | J29: 2 | K29: =IF(J29=10,#REF!,IF(J29=6,#REF!,IF(J29=2,#REF!,IF(J29=1,#REF!)))) -> #REF! | L29: 3 | M29: =IF(L29=4,#REF!,IF(L29=3,#REF!,IF(L29=2,#REF!,IF(L29=1,#REF!)))) -> #REF! | N29: =+J29*L29 -> 6 | O29: =IF(AND(N29>=24,N29<=40),#REF!,IF(AND(N29>=10,N29<=20),#REF!,IF(AND(N29>=6,N29<=8),#REF!,IF(AND(N29>=0,N29<=4),#REF!)))) -> #REF! | P29: 60 | Q29: =IF(P29=100,#REF!,IF(P29=60,#REF!,IF(P29=25,#REF!,IF(P29=10,#REF!)))) -> #REF! | R29: =+N29*P29 -> 360 | S29: =IF(AND(R29>=600,R29<=4000),#REF!,IF(AND(R29>=150,R29<=500),#REF!,IF(AND(R29>=40,R29<=120),#REF!,IF(AND(R29>=0,R29<40),#REF!)))) -> #REF! | T29: =IF(AND(S29="I"),#REF!,IF(AND(S29="II"),#REF!,IF(AND(S29="III"),#REF!,IF(AND(S29="IV"),#REF!)))) -> #REF! | U29: 6 | V29: =I29 -> Incendios, quemaduras, intoxicación, afectaciones respiratorias, dermatitis, alergias. | W29: SI | Y29: x | AC29: N/A | AD29: N/A | AE29: N/A | AF29: Capacitación de Brigadas de emergencias. Ciclo de formación continuado y certificado efectuado con la Cruz Roja Programa de manejo de sustancias Químicas. | AG29: Suministro de mascarilla, guantes, gafas de seguridad, calzado de seguridad.
C30: x | F30: Condiciones de seguridad | G30: Actividades de mantenimiento a la infraestructura o equipos que requieren trabajo en altura. Instalación de equipos que requieren trabajo en altura. Obras civiles que requieren de trabajo en altura | H30: Acceso y desarrollo de trabajo en alturas. | I30: Caídas a diferente nivel, golpes, traumas, laceraciones, muerte. | J30: 2 | K30: =IF(J30=10,#REF!,IF(J30=6,#REF!,IF(J30=2,#REF!,IF(J30=1,#REF!)))) -> #REF! | L30: 2 | M30: =IF(L30=4,#REF!,IF(L30=3,#REF!,IF(L30=2,#REF!,IF(L30=1,#REF!)))) -> #REF! | N30: =+J30*L30 -> 4 | O30: =IF(AND(N30>=24,N30<=40),#REF!,IF(AND(N30>=10,N30<=20),#REF!,IF(AND(N30>=6,N30<=8),#REF!,IF(AND(N30>=0,N30<=4),#REF!)))) -> #REF! | P30: 100 | Q30: =IF(P30=100,#REF!,IF(P30=60,#REF!,IF(P30=25,#REF!,IF(P30=10,#REF!)))) -> #REF! | R30: =+N30*P30 -> 400 | S30: =IF(AND(R30>=600,R30<=4000),#REF!,IF(AND(R30>=150,R30<=500),#REF!,IF(AND(R30>=40,R30<=120),#REF!,IF(AND(R30>=0,R30<40),#REF!)))) -> #REF! | T30: =IF(AND(S30="I"),#REF!,IF(AND(S30="II"),#REF!,IF(AND(S30="III"),#REF!,IF(AND(S30="IV"),#REF!)))) -> #REF! | U30: 6 | V30: =I30 -> Caídas a diferente nivel, golpes, traumas, laceraciones, muerte. | W30: SI | Y30: x | Z30: x | AA30: x | AC30: N/A | AD30: N/A | AE30: N/A | AF30: Diseño e implementación de Programas de trabajo seguro en alturas. Capacitar al personal en TSA, Expedición de permisos, efectuar exámenes médicos para determinar la aptitud física para desarrollar trabajos en alturas. | AG30: Suministro de botas de seguridad, guantes y gafas de seguridad. Impermeables. Suministro de EPP contra caídas.
C31: x | F31: Condiciones de seguridad | G31: Operación y mantenimiento de redes eléctricas o equipos eléctricos | H31: Operación o mantenimiento de equipos o redes eléctricas | I31: Electrocución, afectación de órganos vitales, quemaduras, incendio y muerte | J31: 2 | K31: =IF(J31=10,#REF!,IF(J31=6,#REF!,IF(J31=2,#REF!,IF(J31=1,#REF!)))) -> #REF! | L31: 2 | M31: =IF(L31=4,#REF!,IF(L31=3,#REF!,IF(L31=2,#REF!,IF(L31=1,#REF!)))) -> #REF! | N31: =+J31*L31 -> 4 | O31: =IF(AND(N31>=24,N31<=40),#REF!,IF(AND(N31>=10,N31<=20),#REF!,IF(AND(N31>=6,N31<=8),#REF!,IF(AND(N31>=0,N31<=4),#REF!)))) -> #REF! | P31: 100 | Q31: =IF(P31=100,#REF!,IF(P31=60,#REF!,IF(P31=25,#REF!,IF(P31=10,#REF!)))) -> #REF! | R31: =+N31*P31 -> 400 | S31: =IF(AND(R31>=600,R31<=4000),#REF!,IF(AND(R31>=150,R31<=500),#REF!,IF(AND(R31>=40,R31<=120),#REF!,IF(AND(R31>=0,R31<40),#REF!)))) -> #REF! | T31: =IF(AND(S31="I"),#REF!,IF(AND(S31="II"),#REF!,IF(AND(S31="III"),#REF!,IF(AND(S31="IV"),#REF!)))) -> #REF! | U31: 6 | V31: =I31 -> Electrocución, afectación de órganos vitales, quemaduras, incendio y muerte | W31: SI | Y31: x | Z31: x | AA31: x | AC31: N/A | AD31: N/A | AE31: N/A | AF31: Programa de mantenimiento a equipos eléctricos. Señalización de zonas de riesgo eléctrico Desarrollo de programa de formación en Brigadas: Personal calificado para el desarrollo de los trabajos. Capacitación en uso de extintores. Brigadas de emergencias y plan de emergencias | AG31: Suministro de gafas de seguridad, guantes, mascarilla, botas de seguridad.
C32: x | F32: Condiciones de seguridad | G32: Mecánicos. Atrapamientos. | H32: Contacto con superficies abrasivas o filosas | I32: Heridas, laceraciones, cortes | J32: 1 | K32: =IF(J32=10,#REF!,IF(J32=6,#REF!,IF(J32=2,#REF!,IF(J32=1,#REF!)))) -> #REF! | L32: 1 | M32: =IF(L32=4,#REF!,IF(L32=3,#REF!,IF(L32=2,#REF!,IF(L32=1,#REF!)))) -> #REF! | N32: =+J32*L32 -> 1 | O32: =IF(AND(N32>=24,N32<=40),#REF!,IF(AND(N32>=10,N32<=20),#REF!,IF(AND(N32>=6,N32<=8),#REF!,IF(AND(N32>=0,N32<=4),#REF!)))) -> #REF! | P32: 25 | Q32: =IF(P32=100,#REF!,IF(P32=60,#REF!,IF(P32=25,#REF!,IF(P32=10,#REF!)))) -> #REF! | R32: =+N32*P32 -> 25 | S32: =IF(AND(R32>=600,R32<=4000),#REF!,IF(AND(R32>=150,R32<=500),#REF!,IF(AND(R32>=40,R32<=120),#REF!,IF(AND(R32>=0,R32<40),#REF!)))) -> #REF! | T32: =IF(AND(S32="I"),#REF!,IF(AND(S32="II"),#REF!,IF(AND(S32="III"),#REF!,IF(AND(S32="IV"),#REF!)))) -> #REF! | U32: 6 | V32: =I32 -> Heridas, laceraciones, cortes | W32: SI | Y32: x | AA32: x | AC32: N/A | AD32: N/A | AE32: N/A | AF32: N/A | AG32: Suministro de Guantes Tipo Ing, gafas de seguridad, calzado de seguridad
C33: x | F33: Químico | G33: Material particulado | H33: Exposición a material particulado | I33: intoxicaciones, alteración del sistema nervioso, enfermedades infecto-contagiosas | J33: 1 | K33: =IF(J33=10,#REF!,IF(J33=6,#REF!,IF(J33=2,#REF!,IF(J33=1,#REF!)))) -> #REF! | L33: 3 | M33: =IF(L33=4,#REF!,IF(L33=3,#REF!,IF(L33=2,#REF!,IF(L33=1,#REF!)))) -> #REF! | N33: =+J33*L33 -> 3 | O33: =IF(AND(N33>=24,N33<=40),#REF!,IF(AND(N33>=10,N33<=20),#REF!,IF(AND(N33>=6,N33<=8),#REF!,IF(AND(N33>=0,N33<=4),#REF!)))) -> #REF! | P33: 10 | Q33: =IF(P33=100,#REF!,IF(P33=60,#REF!,IF(P33=25,#REF!,IF(P33=10,#REF!)))) -> #REF! | R33: =+N33*P33 -> 30 | S33: =IF(AND(R33>=600,R33<=4000),#REF!,IF(AND(R33>=150,R33<=500),#REF!,IF(AND(R33>=40,R33<=120),#REF!,IF(AND(R33>=0,R33<40),#REF!)))) -> #REF! | T33: =IF(AND(S33="I"),#REF!,IF(AND(S33="II"),#REF!,IF(AND(S33="III"),#REF!,IF(AND(S33="IV"),#REF!)))) -> #REF! | U33: 6 | V33: =I33 -> intoxicaciones, alteración del sistema nervioso, enfermedades infecto-contagiosas | W33: SI | Y33: x | AA33: x | AC33: N/A | AD33: N/A | AE33: N/A | AF33: N/A | AG33: Uso de mascarilla, gafas de seguridad, guantes tipo ingeniero.
C34: x | F34: Físico | G34: Radiaciones no ionizantes. | H34: Exposición a luz solar y altas temperaturas | I34: Alteraciones de la piel, deshidratación, alteración en algunos tejidos blandos (ojos). Fatiga, estrés, cambios neurológico, resfriados. | J34: 2 | K34: Medio (M) | L34: 2 | M34: Ocasional (EO) | N34: =+J34*L34 -> 4 | O34: Bajo (B) | P34: 25 | Q34: Grave (G) | R34: =+N34*P34 -> 100 | S34: III | T34: MEJORABLE | U34: 6 | V34: Alteraciones de la piel, deshidratación, alteración en algunos tejidos blandos (ojos). Fatiga, estrés, cambios neurológico, resfriados. | W34: SI | Y34: x | Z34: x | AA34: x | AB34: x | AC34: N/A | AD34: N/A | AE34: N/A | AF34: Disponibilidad de puntos de hidratación | AG34: uso de gafas para exteriores, gorras con protección en la nuca, manguillas o camisas mangas largas, uso de protector solar.
C35: x | F35: Biomecánicos | G35: Carga dinámica por esfuerzos | H35: Manipulación de cargas | I35: Desordenes de trauma acumulativo, lesiones del sistema músculo esquelético. | J35: 2 | K35: =IF(J35=10,#REF!,IF(J35=6,#REF!,IF(J35=2,#REF!,IF(J35=1,#REF!)))) -> #REF! | L35: 2 | M35: =IF(L35=4,#REF!,IF(L35=3,#REF!,IF(L35=2,#REF!,IF(L35=1,#REF!)))) -> #REF! | N35: =+J35*L35 -> 4 | O35: =IF(AND(N35>=24,N35<=40),#REF!,IF(AND(N35>=10,N35<=20),#REF!,IF(AND(N35>=6,N35<=8),#REF!,IF(AND(N35>=0,N35<=4),#REF!)))) -> #REF! | P35: 100 | Q35: =IF(P35=100,#REF!,IF(P35=60,#REF!,IF(P35=25,#REF!,IF(P35=10,#REF!)))) -> #REF! | R35: =+N35*P35 -> 400 | S35: =IF(AND(R35>=600,R35<=4000),#REF!,IF(AND(R35>=150,R35<=500),#REF!,IF(AND(R35>=40,R35<=120),#REF!,IF(AND(R35>=0,R35<40),#REF!)))) -> #REF! | T35: =IF(AND(S35="I"),#REF!,IF(AND(S35="II"),#REF!,IF(AND(S35="III"),#REF!,IF(AND(S35="IV"),#REF!)))) -> #REF! | U35: 6 | V35: =I35 -> Desordenes de trauma acumulativo, lesiones del sistema músculo esquelético. | W35: SI | Y35: x | AA35: x | AC35: N/A | AD35: N/A | AE35: N/A | AF35: Capacitación sobre la manipulación segura de cargas | AG35: Suministro de mascarillas y gafas de seguridad
C36: x | F36: Condiciones de seguridad | G36: Uso de herramientas manuales y eléctricas | H36: uso de herramientas de manuales y eléctricas. | I36: Golpes, traumas, laceraciones, punciones | J36: 2 | K36: =IF(J36=10,#REF!,IF(J36=6,#REF!,IF(J36=2,#REF!,IF(J36=1,#REF!)))) -> #REF! | L36: 2 | M36: =IF(L36=4,#REF!,IF(L36=3,#REF!,IF(L36=2,#REF!,IF(L36=1,#REF!)))) -> #REF! | N36: =+J36*L36 -> 4 | O36: =IF(AND(N36>=24,N36<=40),#REF!,IF(AND(N36>=10,N36<=20),#REF!,IF(AND(N36>=6,N36<=8),#REF!,IF(AND(N36>=0,N36<=4),#REF!)))) -> #REF! | P36: 100 | Q36: =IF(P36=100,#REF!,IF(P36=60,#REF!,IF(P36=25,#REF!,IF(P36=10,#REF!)))) -> #REF! | R36: =+N36*P36 -> 400 | S36: =IF(AND(R36>=600,R36<=4000),#REF!,IF(AND(R36>=150,R36<=500),#REF!,IF(AND(R36>=40,R36<=120),#REF!,IF(AND(R36>=0,R36<40),#REF!)))) -> #REF! | T36: =IF(AND(S36="I"),#REF!,IF(AND(S36="II"),#REF!,IF(AND(S36="III"),#REF!,IF(AND(S36="IV"),#REF!)))) -> #REF! | U36: 6 | V36: =I36 -> Golpes, traumas, laceraciones, punciones | W36: SI | Y36: x | Z36: x | AA36: x | AC36: N/A | AD36: N/A | AE36: N/A | AF36: Programa de riesgo mecánico Actividades de mantenimiento a las herramientas rotativas y manuales. | AG36: Suministro de botas de seguridad, gafas de seguridad y guantes tipo ingeniero, pechera, polainas
C37: x | F37: Condiciones de seguridad | G37: Actividades de mantenimiento a la infraestructura o equipos que requieren trabajo en altura. Instalación de equipos que requieren trabajo en altura. Obras civiles que requieren de trabajo en altura | H37: Acceso y desarrollo de trabajo en alturas. | I37: Caídas a diferente nivel, golpes, traumas, laceraciones, muerte. | J37: 2 | K37: =IF(J37=10,#REF!,IF(J37=6,#REF!,IF(J37=2,#REF!,IF(J37=1,#REF!)))) -> #REF! | L37: 2 | M37: =IF(L37=4,#REF!,IF(L37=3,#REF!,IF(L37=2,#REF!,IF(L37=1,#REF!)))) -> #REF! | N37: =+J37*L37 -> 4 | O37: =IF(AND(N37>=24,N37<=40),#REF!,IF(AND(N37>=10,N37<=20),#REF!,IF(AND(N37>=6,N37<=8),#REF!,IF(AND(N37>=0,N37<=4),#REF!)))) -> #REF! | P37: 100 | Q37: =IF(P37=100,#REF!,IF(P37=60,#REF!,IF(P37=25,#REF!,IF(P37=10,#REF!)))) -> #REF! | R37: =+N37*P37 -> 400 | S37: =IF(AND(R37>=600,R37<=4000),#REF!,IF(AND(R37>=150,R37<=500),#REF!,IF(AND(R37>=40,R37<=120),#REF!,IF(AND(R37>=0,R37<40),#REF!)))) -> #REF! | T37: =IF(AND(S37="I"),#REF!,IF(AND(S37="II"),#REF!,IF(AND(S37="III"),#REF!,IF(AND(S37="IV"),#REF!)))) -> #REF! | U37: 6 | V37: =I37 -> Caídas a diferente nivel, golpes, traumas, laceraciones, muerte. | W37: SI | Y37: x | Z37: x | AA37: x | AC37: N/A | AD37: N/A | AE37: N/A | AF37: Diseño e implementación de Programas de trabajo seguro en alturas. Capacitar al personal en TSA, Expedición de permisos, efectuar exámenes médicos para determinar la aptitud física para desarrollar trabajos en alturas. | AG37: Suministro de botas de seguridad, guantes y gafas de seguridad. Impermeables. Suministro de EPP contra caídas.
C38: x | F38: Condiciones de seguridad | G38: Operación y mantenimiento de redes eléctricas o equipos eléctricos | H38: Operación o mantenimiento de equipos o redes eléctricas | I38: Electrocución, afectación de órganos vitales, quemaduras, incendio y muerte | J38: 2 | K38: =IF(J38=10,#REF!,IF(J38=6,#REF!,IF(J38=2,#REF!,IF(J38=1,#REF!)))) -> #REF! | L38: 2 | M38: =IF(L38=4,#REF!,IF(L38=3,#REF!,IF(L38=2,#REF!,IF(L38=1,#REF!)))) -> #REF! | N38: =+J38*L38 -> 4 | O38: =IF(AND(N38>=24,N38<=40),#REF!,IF(AND(N38>=10,N38<=20),#REF!,IF(AND(N38>=6,N38<=8),#REF!,IF(AND(N38>=0,N38<=4),#REF!)))) -> #REF! | P38: 100 | Q38: =IF(P38=100,#REF!,IF(P38=60,#REF!,IF(P38=25,#REF!,IF(P38=10,#REF!)))) -> #REF! | R38: =+N38*P38 -> 400 | S38: =IF(AND(R38>=600,R38<=4000),#REF!,IF(AND(R38>=150,R38<=500),#REF!,IF(AND(R38>=40,R38<=120),#REF!,IF(AND(R38>=0,R38<40),#REF!)))) -> #REF! | T38: =IF(AND(S38="I"),#REF!,IF(AND(S38="II"),#REF!,IF(AND(S38="III"),#REF!,IF(AND(S38="IV"),#REF!)))) -> #REF! | U38: 6 | V38: =I38 -> Electrocución, afectación de órganos vitales, quemaduras, incendio y muerte | W38: SI | Y38: x | Z38: x | AA38: x | AC38: N/A | AD38: N/A | AE38: N/A | AF38: Programa de mantenimiento a equipos eléctricos. Señalización de zonas de riesgo eléctrico Desarrollo de programa de formación en Brigadas: Personal calificado para el desarrollo de los trabajos. Capacitación en uso de extintores. Brigadas de emergencias y plan de emergencias | AG38: Suministro de gafas de seguridad, guantes, mascarilla, botas de seguridad.

Sheet Control de actualización
C1: FORMATO
C2: MATRIZ DE IDENTIFICACIÓN DE PELIGROS Y VALORACIÓN DE RIESGOS PARA LA SEGURIDAD Y SALUD EN EL TRABAJO
C3: Código: GH-FT-25 | D3: Versión: 2 | E3: Fecha: 01/07/2025
A4: CONTROL DE CAMBIOS
A5: No. | B5: FECHA DE REVISIÓN | C5: OBSERVACIONES DE REVISIÓN / ACTUALIZACIÓN | F5: FUNCIONARIO QUE REALIZÓ LA REVISIÓN / ACTUALIZACIÓN
A6: 1 | B6: 44484 | C6: Se retira de la matriz peligro asociado con actividades que implican la inmersión de personal en el agua, debido a que esta actividad ya no se ejecuta en el marco del cumplimiento de las funciones de la Corporación | F6: Liliana Martínez
A7: 2 | B7: 45122 | C7: Se incluyen los peligros de las actividades recreativas y culturales | F7: Liliana Martínez
A8: 3 | B8: 45122 | C8: Se integra matriz actividades internas y externas | F8: Liliana Martínez
A9: 4 | B9: 45161 | C9: Se actualizan controles implementados | F9: Liliana Martínez
A10: 5 | B10: 45231 | C10: Adicion de peligros actores viales | F10: Liliana Martínez
A11: 6 | B11: 45309 | C11: Actualizacion contendido de la matriz | F11: Pamela Castaño
A12: 7 | B12: 45351 | C12: Actualizacion contendido de la matriz. Revision por AT Elias Gonzalez, Katty taffur, Robinson Mafiol. | F12: Pamela Castaño
A13: 8 | B13: 45485 | C13: Ingreso de nuevos procesos: Oficina de Ciencia Tecnologia Desarrollo e innovacion y Subdireccion de Gestion de Riesgo y Cambio Climatico y MOnitoreo | F13: Pamela Castaño
A14: 9 | B14: 45810 | C14: SE actualiza la matriz de peligro incluyendo nuevos controles administrativos para el peligro biologico, biomecanico y controles de ingenieria opara acceaso a aozteas de casa 1 | F14: Pamela Castaño
A15: 10 | B15: 45895 | C15: Actualización de matriz por accidente deportivo | F15: Pamela Castaño
A16: 11 | B16: 45968 | C16: Actualizacion de matriz de peligros. Se extraen aparte los peligros de los conductores, se amplia la indetificacion de peligros de conductores y demas actores viales. | F16: Pamela Castaño

Sheet Matriz SST 2025
D1: FORMATO
D2: MATRIZ DE IDENTIFICACIÓN DE PELIGROS Y VALORACIÓN DE RIESGOS PARA LA SEGURIDAD Y SALUD EN EL TRABAJO
D3: Código: GH-FT-25 | F3: Versión: 2 | H3: Fecha: 01/07/2025
D4: Fecha: | E4: 45485
H5: RUTINARIO | K5: PELIGRO | O5: CONTROLES | T5: EVALUACIÓN DEL RIESGO | AD5: VALORACIÓN DE RIESGO | AG5: REQUISITO LEGAL | AI5: PERSONAL | AM5: MEJORAS IDENTIFICADAS | AT5: RE EVALUACIÓN DEL RIESGO | BD5: VALORACIÓN DE RIESGO
A6: I/A | B6: Zona | C6: Lugar | D6: PROCESO / DEPENDENCIA | E6: AREA | F6: ACTIVIDAD | G6: TAREA | H6: SI | I6: No | J6: CARGOS | K6: CLASIFICACIÓN | L6: DESCRIPCIÓN | M6: FUENTE / PELIGRO (CONDICION / ACTO) | N6: CONSECUENCIA | O6: ELIMINACIÓN | P6: SUSTITUCIÓN | Q6: CONTROLES DE INGIENERÍA | R6: CONTROLES ADMINISTRATIVOS | S6: EQUIPOS/ ELEMENTOS DE PROTECCIÓN PERSONAL | T6: NIVEL DE DEFICIENCIA CUANTITATIVO | U6: NIVEL DE DEFICIENCIA CUALITATIVO | V6: NIVEL DE EXPOSICIÓN CUANTITATIVO | W6: NIVEL DE EXPOSICIÓN CUALITATIVO | X6: NIVEL DE PROBABILIDAD = (ND*NP) | Y6: INTREPRETACIÓN DEL NIVEL DE PROBABILIDAD | Z6: NIVEL DE CONSECUENCIA CUANTITATIVO | AA6: NIVEL DE CONSECUENCIA CUALIATTIVO | AB6: NIVEL DE RIESGO (NR) E INTERVENCIÓN | AC6: INTERPRETACIÓN DEL NIVEL DEL RIESGO | AD6: ACEPTABILIDAD DEL RIESGO | AE6: NUMERO DE EXPUESTOS | AF6: PEOR CONSECUENCIA | AG6: SI | AH6: NO | AI6: Funcionario | AJ6: Contratista | AK6: Estudiantes en práctica | AL6: Visitantes/ Comunidad | AM6: DESCRIPCIÓN DE MEJORAS | AN6: Eliminacion | AO6: Sustitucion | AP6: Ingenieria | AQ6: Administrativos | AR6: EPP | AS6: IMPLEMENTADO | AT6: NIVEL DE DEFICIENCIA CUANTITATIVO | AU6: NIVEL DE DEFICIENCIA CUALITATIVO | AV6: NIVEL DE EXPOSICIÓN CUANTITATIVO | AW6: NIVEL DE EXPOSICIÓN CUALITATIVO | AX6: NIVEL DE PROBABILIDAD = (ND*NP) | AY6: INTREPRETACIÓN DEL NIVEL DE PROBABILIDAD | AZ6: NIVEL DE CONSECUENCIA CUANTITATIVO | BA6: NIVEL DE CONSECUENCIA CUALIATTIVO | BB6: NIVEL DE RIESGO (NR) E INTERVENCIÓN | BC6: INTERPRETACIÓN DEL NIVEL DEL RIESGO | BD6: ACEPTABILIDAD DEL RIESGO | BE6: DISMINUCION DEL RIESGO
B7: todos | C7: Todos | D7: Todos los procesos | E7: Todas las areas | F7: Actividades administrativas dentro de las instalaciones de la Corporación | G7: Todas las tareas | H7: x | J7: Todo el personal | K7: Biológico | L7: Microorganismos (Virus, bacterias) | M7: Exposición a agentes biológicos como Virus, bacterias (contacto directo entre personas, contacto con objetos y superficies contaminados). Contacto con otras personas con sintomas sin EPP, manipulación de herramientas, elementos de trabajo contaminadas, elementos de oficina o superficies de contacto común. | N7: Enfermedad COVID-19, todas las infecciónes Respiratoria Aguda (IRA) de leve a grave, gripas estacionales, que puede ocasionar enfermedad pulmonar crónica,tos, neumonía o muerte. Otras Enfermedades infecto contagiosas como Enfermedades diarreicas agudas (EDA), dengue y conjuntivits, fiebre amarilla, chinqunguña, viruela del mono etc | R7: Normas de Bioseguridad generales. Lavado de manos. seguimiento a sintomas de salud programas de Orden y Aseo, limpieza, desinfeccion y controles de vectores. Reporte de sintomas, aislamiento en caso de recomendacion medica. Uso de mascarillas en caso de sintomas de IRA | S7: Mascarillas | T7: 0 | U7: =IF(T7=10,"Muy Alto",IF(T7=6,"Alto",IF(T7=2,"Medio",IF(T7=0,"Bajo")))) -> Bajo | V7: 4 | W7: =IF(V7=4,"Continua",IF(V7=3,"Frecuente",IF(V7=2,"Ocasional",IF(V7=1,"Esporadica")))) -> Continua | X7: =T7*V7 -> 0 | Y7: =IF(AND(X7>=24,X7<=40),"Medio Alto",IF(AND(X7>=10,X7<=20),"Alto",IF(AND(X7>=6,X7<=8),"Medio",IF(AND(X7>=0,X7<=4),"Bajo")))) -> Bajo | Z7: 60 | AA7: =IF(Z7=100,"Mortal o Catrastrofico",IF(Z7=60,"Muy Grave",IF(Z7=25,"Grave",IF(Z7=10,"Leve")))) -> Muy Grave | AB7: =X7*Z7 -> 0 | AC7: =IF(AND(AB7>=600,Z7<=4000),"I",IF(AND(AB7>=150,AB7<=500),"II",IF(AND(AB7>=40,AB7<=120),"III",IF(AND(AB7>=0,AB7<=40),"IV")))) -> IV | AD7: =IF(AND(AC7="I"),"NO ACEPTABLE",IF(AND(AC7="II"),"ACEPTABLE CON CONTROL ESPECIFICO",IF(AND(AC7="III"),"MEJORABLE",IF(AND(AC7="IV"),"ACEPTABLE")))) -> ACEPTABLE | AE7: Todos los trabajadores | AF7: =N7 -> Enfermedad COVID-19, todas las infecciónes Respiratoria Aguda (IRA) de leve a grave, gripas estacionales, que puede ocasionar enfermedad pulmonar crónica,tos, neumonía o muerte. Otras Enfermedades infecto contagiosas como Enfermedades diarreicas agudas (EDA), dengue y conjuntivits, fiebre amarilla, chinqunguña, viruela del mono etc | AG7: SI | AI7: x | AJ7: x | AK7: x | AL7: x | AU7: =IF(AT7=10,"Muy Alto",IF(AT7=6,"Alto",IF(AT7=2,"Medio",IF(AT7=0,"Bajo")))) -> Bajo | AW7: =IF(AV7=4,"Continua",IF(AV7=3,"Frecuente",IF(AV7=2,"Ocasional",IF(AV7=1,"Esporadica")))) -> FALSE | AX7: =AT7*AV7 -> 0 | AY7: =IF(AND(AX7>=24,AX7<=40),"Medio Alto",IF(AND(AX7>=10,AX7<=20),"Alto",IF(AND(AX7>=6,AX7<=8),"Medio",IF(AND(AX7>=0,AX7<=4),"Bajo")))) -> Bajo | BA7: =IF(AZ7=100,"Mortal o Catrastrofico",IF(AZ7=60,"Muy Grave",IF(AZ7=25,"Grave",IF(AZ7=10,"Leve")))) -> FALSE | BB7: =AX7*AZ7 -> 0 | BC7: =IF(AND(BB7>=600,AZ7<=4000),"I",IF(AND(BB7>=150,BB7<=500),"II",IF(AND(BB7>=40,BB7<=120),"III",IF(AND(BB7>=0,BB7<=40),"IV")))) -> IV | BD7: =IF(AND(BC7="I"),"NO ACEPTABLE",IF(AND(BC7="II"),"ACEPTABLE CON CONTROL ESPECIFICO",IF(AND(BC7="III"),"MEJORABLE",IF(AND(BC7="IV"),"ACEPTABLE")))) -> ACEPTABLE
B8: Externa | C8: Vias, calles, carreteras | D8: Todos los procesos | E8: Todas las areas | F8: Traslado a pie sede 1 - sede 2. Actividades administrativas dentro de las instalaciones de la Corporación | G8: Todas las tareas | H8: x | J8: Todo el personal | K8: Condiciones de seguridad | L8: Locativo | M8: Presencia de cobtaculos escalones, piso, desniveles, piso resbaloso,,Presencia de superficies irregulares, deslizantes. Traslado por diferenete areas. Al bajar del vehiculo areas del entorno | N8: Contusiones. Laceraciones. Esguinces. Fracturas. | R8: Inspeccion y verificacion del entorno de trabajo. | S8: Botas antideslizantes | T8: 0 | U8: =IF(T8=10,"Muy Alto",IF(T8=6,"Alto",IF(T8=2,"Medio",IF(T8=0,"Bajo")))) -> Bajo | V8: 2 | W8: =IF(V8=4,"Continua",IF(V8=3,"Frecuente",IF(V8=2,"Ocasional",IF(V8=1,"Esporadica")))) -> Ocasional | X8: =T8*V8 -> 0 | Y8: =IF(AND(X8>=24,X8<=40),"Medio Alto",IF(AND(X8>=10,X8<=20),"Alto",IF(AND(X8>=6,X8<=8),"Medio",IF(AND(X8>=0,X8<=4),"Bajo")))) -> Bajo | Z8: 25 | AA8: =IF(Z8=100,"Mortal o Catrastrofico",IF(Z8=60,"Muy Grave",IF(Z8=25,"Grave",IF(Z8=10,"Leve")))) -> Grave | AB8: =X8*Z8 -> 0 | AC8: =IF(AND(AB8>=600,Z8<=4000),"I",IF(AND(AB8>=150,AB8<=500),"II",IF(AND(AB8>=40,AB8<=120),"III",IF(AND(AB8>=0,AB8<=40),"IV")))) -> IV | AD8: =IF(AND(AC8="I"),"NO ACEPTABLE",IF(AND(AC8="II"),"ACEPTABLE CON CONTROL ESPECIFICO",IF(AND(AC8="III"),"MEJORABLE",IF(AND(AC8="IV"),"ACEPTABLE")))) -> ACEPTABLE | AF8: =N8 -> Contusiones. Laceraciones. Esguinces. Fracturas. | AG8: SI | AI8: x | AJ8: x
B9: Externa | C9: Vias, calles, carreteras | D9: Todos los procesos | E9: Todas las areas | F9: Traslado a pie sede 1 - sede 2. Actividades administrativas dentro de las instalaciones de la Corporación | G9: Todas las tareas | H9: x | J9: Todo el personal | K9: Condiciones de seguridad | L9: Transito | M9: Transito dessplazamiento a pie . Rol peaton. desplazamiento a pie por acera y cruce de calle. Atropellado por vehiculos. | N9: golpes, fracturas, muerte, cortadas | R9: auto cuidado verificacion del entorno, caminar al cruzar la calle no correr. uso de areas peatonales al cruzar la calle | T9: 0 | U9: =IF(T9=10,"Muy Alto",IF(T9=6,"Alto",IF(T9=2,"Medio",IF(T9=0,"Bajo")))) -> Bajo | V9: 4 | W9: =IF(V9=4,"Continua",IF(V9=3,"Frecuente",IF(V9=2,"Ocasional",IF(V9=1,"Esporadica")))) -> Continua | X9: =T9*V9 -> 0 | Y9: =IF(AND(X9>=24,X9<=40),"Medio Alto",IF(AND(X9>=10,X9<=20),"Alto",IF(AND(X9>=6,X9<=8),"Medio",IF(AND(X9>=0,X9<=4),"Bajo")))) -> Bajo | Z9: 100 | AA9: =IF(Z9=100,"Mortal o Catrastrofico",IF(Z9=60,"Muy Grave",IF(Z9=25,"Grave",IF(Z9=10,"Leve")))) -> Mortal o Catrastrofico | AB9: =X9*Z9 -> 0 | AC9: =IF(AND(AB9>=600,Z9<=4000),"I",IF(AND(AB9>=150,AB9<=500),"II",IF(AND(AB9>=40,AB9<=120),"III",IF(AND(AB9>=0,AB9<=40),"IV")))) -> IV | AD9: =IF(AND(AC9="I"),"NO ACEPTABLE",IF(AND(AC9="II"),"ACEPTABLE CON CONTROL ESPECIFICO",IF(AND(AC9="III"),"MEJORABLE",IF(AND(AC9="IV"),"ACEPTABLE")))) -> ACEPTABLE | AF9: =N9 -> golpes, fracturas, muerte, cortadas | AG9: SI | AI9: x | AJ9: x
B10: Externa | C10: Vias, calles, carreteras | D10: Todos los procesos | E10: Todas las areas | F10: Traslado a pie sede 1 - sede 2. Actividades administrativas dentro de las instalaciones de la Corporación | G10: Todas las tareas | H10: x | J10: Todo el personal | K10: Condiciones de seguridad | L10: Públicos (robos, atracos, asaltos, atentados, desorden público, etc.) | M10: Robos, atracos, delincuencia comun | N10: Tension, stress | R10: Control de seguridad, guardas de control de ingreso de personas. Comunicaciones. Contactos con la policia nacional. | U10: =IF(T10=10,"Muy Alto",IF(T10=6,"Alto",IF(T10=2,"Medio",IF(T10=0,"Bajo")))) -> Bajo | V10: 4 | W10: =IF(V10=4,"Continua",IF(V10=3,"Frecuente",IF(V10=2,"Ocasional",IF(V10=1,"Esporadica")))) -> Continua | X10: =T10*V10 -> 0 | Y10: =IF(AND(X10>=24,X10<=40),"Medio Alto",IF(AND(X10>=10,X10<=20),"Alto",IF(AND(X10>=6,X10<=8),"Medio",IF(AND(X10>=0,X10<=4),"Bajo")))) -> Bajo | Z10: 10 | AA10: =IF(Z10=100,"Mortal o Catrastrofico",IF(Z10=60,"Muy Grave",IF(Z10=25,"Grave",IF(Z10=10,"Leve")))) -> Leve | AB10: =X10*Z10 -> 0 | AC10: =IF(AND(AB10>=600,Z10<=4000),"I",IF(AND(AB10>=150,AB10<=500),"II",IF(AND(AB10>=40,AB10<=120),"III",IF(AND(AB10>=0,AB10<=40),"IV")))) -> IV | AD10: =IF(AND(AC10="I"),"NO ACEPTABLE",IF(AND(AC10="II"),"ACEPTABLE CON CONTROL ESPECIFICO",IF(AND(AC10="III"),"MEJORABLE",IF(AND(AC10="IV"),"ACEPTABLE")))) -> ACEPTABLE | AE10: Todos los trabajadores | AF10: =N10 -> Tension, stress | AG10: SI | AI10: x | AJ10: x | AK10: x | AL10: x | AU10: =IF(AT10=10,"Muy Alto",IF(AT10=6,"Alto",IF(AT10=2,"Medio",IF(AT10=0,"Bajo")))) -> Bajo | AW10: =IF(AV10=4,"Continua",IF(AV10=3,"Frecuente",IF(AV10=2,"Ocasional",IF(AV10=1,"Esporadica")))) -> FALSE | AX10: =AT10*AV10 -> 0 | AY10: =IF(AND(AX10>=24,AX10<=40),"Medio Alto",IF(AND(AX10>=10,AX10<=20),"Alto",IF(AND(AX10>=6,AX10<=8),"Medio",IF(AND(AX10>=0,AX10<=4),"Bajo")))) -> Bajo | BA10: =IF(AZ10=100,"Mortal o Catrastrofico",IF(AZ10=60,"Muy Grave",IF(AZ10=25,"Grave",IF(AZ10=10,"Leve")))) -> FALSE | BB10: =AX10*AZ10 -> 0 | BC10: =IF(AND(BB10>=600,AZ10<=4000),"I",IF(AND(BB10>=150,BB10<=500),"II",IF(AND(BB10>=40,BB10<=120),"III",IF(AND(BB10>=0,BB10<=40),"IV")))) -> IV | BD10: =IF(AND(BC10="I"),"NO ACEPTABLE",IF(AND(BC10="II"),"ACEPTABLE CON CONTROL ESPECIFICO",IF(AND(BC10="III"),"MEJORABLE",IF(AND(BC10="IV"),"ACEPTABLE")))) -> ACEPTABLE
B11: Interna | C11: Casa 1/ Casa 2 | D11: Todos los procesos | E11: Todas las areas | F11: Actividades administrativas dentro de las instalaciones de la Corporación | G11: Todas las tareas | H11: x | J11: Todo el personal | K11: Fisico | L11: Temperaturas Extremas Frio / calor | M11: Exposición a altos niveles de calor radiante o dirigido considerados altos si la temperatura profunda del cuerpo se incrementa a más de 42 grados centígrados.Temperatura de aires acondicionados | N11: Fatiga que puede producir disminución de la vigilancia, la destreza manual y la rapidez, mareos, desmayos por deshidratación, agravamiento de trastornos cardiovasculares. | Q11: Control de temperaturas mediante controles de aires acondicionados de ventana Y termostatos de equipos | R11: Programa de mantenimiento de aires acondicionados. Distribucion de aireas dentro de las instalaciones | U11: =IF(T11=10,"Muy Alto",IF(T11=6,"Alto",IF(T11=2,"Medio",IF(T11=0,"Bajo")))) -> Bajo | V11: 4 | W11: =IF(V11=4,"Continua",IF(V11=3,"Frecuente",IF(V11=2,"Ocasional",IF(V11=1,"Esporadica")))) -> Continua | X11: =T11*V11 -> 0 | Y11: =IF(AND(X11>=24,X11<=40),"Medio Alto",IF(AND(X11>=10,X11<=20),"Alto",IF(AND(X11>=6,X11<=8),"Medio",IF(AND(X11>=0,X11<=4),"Bajo")))) -> Bajo | Z11: 10 | AA11: =IF(Z11=100,"Mortal o Catrastrofico",IF(Z11=60,"Muy Grave",IF(Z11=25,"Grave",IF(Z11=10,"Leve")))) -> Leve | AB11: =X11*Z11 -> 0 | AC11: =IF(AND(AB11>=600,Z11<=4000),"I",IF(AND(AB11>=150,AB11<=500),"II",IF(AND(AB11>=40,AB11<=120),"III",IF(AND(AB11>=0,AB11<=40),"IV")))) -> IV | AD11: =IF(AND(AC11="I"),"NO ACEPTABLE",IF(AND(AC11="II"),"ACEPTABLE CON CONTROL ESPECIFICO",IF(AND(AC11="III"),"MEJORABLE",IF(AND(AC11="IV"),"ACEPTABLE")))) -> ACEPTABLE | AE11: Todos los trabajadores | AF11: =N11 -> Fatiga que puede producir disminución de la vigilancia, la destreza manual y la rapidez, mareos, desmayos por deshidratación, agravamiento de trastornos cardiovasculares. | AG11: SI | AI11: x | AJ11: x | AK11: x | AL11: x | AU11: =IF(AT11=10,"Muy Alto",IF(AT11=6,"Alto",IF(AT11=2,"Medio",IF(AT11=0,"Bajo")))) -> Bajo | AW11: =IF(AV11=4,"Continua",IF(AV11=3,"Frecuente",IF(AV11=2,"Ocasional",IF(AV11=1,"Esporadica")))) -> FALSE | AX11: =AT11*AV11 -> 0 | AY11: =IF(AND(AX11>=24,AX11<=40),"Medio Alto",IF(AND(AX11>=10,AX11<=20),"Alto",IF(AND(AX11>=6,AX11<=8),"Medio",IF(AND(AX11>=0,AX11<=4),"Bajo")))) -> Bajo | BA11: =IF(AZ11=100,"Mortal o Catrastrofico",IF(AZ11=60,"Muy Grave",IF(AZ11=25,"Grave",IF(AZ11=10,"Leve")))) -> FALSE | BB11: =AX11*AZ11 -> 0 | BC11: =IF(AND(BB11>=600,AZ11<=4000),"I",IF(AND(BB11>=150,BB11<=500),"II",IF(AND(BB11>=40,BB11<=120),"III",IF(AND(BB11>=0,BB11<=40),"IV")))) -> IV | BD11: =IF(AND(BC11="I"),"NO ACEPTABLE",IF(AND(BC11="II"),"ACEPTABLE CON CONTROL ESPECIFICO",IF(AND(BC11="III"),"MEJORABLE",IF(AND(BC11="IV"),"ACEPTABLE")))) -> ACEPTABLE
B12: Interna | C12: Casa 1/ Casa 2 | D12: Todos los procesos | E12: Todas las areas | F12: Actividades administrativas dentro de las instalaciones de la Corporación | G12: Todas las tareas | H12: x | J12: Todo el personal | K12: Fenómenos naturales | L12: Tormentas, vientos huracanados, Tormentas electricas | M12: Cambios en condiciones termo higrométricas (Temperatura ambiental, Humedad relativa y Velocidad del aire). Generado por situaciones naturales o antrópicas. condiciones climatológicas adversas. cambio climatico | N12: estrés, resfriados, golpes, traumas. | R12: Capacitación de Brigadas de emergencias, Plan de emergencia, Programasd e Mantenimiento de la infraestructura de las casas 1 y 2. | U12: =IF(T12=10,"Muy Alto",IF(T12=6,"Alto",IF(T12=2,"Medio",IF(T12=0,"Bajo")))) -> Bajo | V12: 2 | W12: =IF(V12=4,"Continua",IF(V12=3,"Frecuente",IF(V12=2,"Ocasional",IF(V12=1,"Esporadica")))) -> Ocasional | X12: =T12*V12 -> 0 | Y12: =IF(AND(X12>=24,X12<=40),"Medio Alto",IF(AND(X12>=10,X12<=20),"Alto",IF(AND(X12>=6,X12<=8),"Medio",IF(AND(X12>=0,X12<=4),"Bajo")))) -> Bajo | Z12: 25 | AA12: =IF(Z12=100,"Mortal o Catrastrofico",IF(Z12=60,"Muy Grave",IF(Z12=25,"Grave",IF(Z12=10,"Leve")))) -> Grave | AB12: =X12*Z12 -> 0 | AC12: =IF(AND(AB12>=600,Z12<=4000),"I",IF(AND(AB12>=150,AB12<=500),"II",IF(AND(AB12>=40,AB12<=120),"III",IF(AND(AB12>=0,AB12<=40),"IV")))) -> IV | AD12: =IF(AND(AC12="I"),"NO ACEPTABLE",IF(AND(AC12="II"),"ACEPTABLE CON CONTROL ESPECIFICO",IF(AND(AC12="III"),"MEJORABLE",IF(AND(AC12="IV"),"ACEPTABLE")))) -> ACEPTABLE | AE12: Todos los trabajadores | AF12: =N12 -> estrés, resfriados, golpes, traumas. | AG12: SI | AI12: x | AJ12: x | AK12: x | AL12: x | AU12: =IF(AT12=10,"Muy Alto",IF(AT12=6,"Alto",IF(AT12=2,"Medio",IF(AT12=0,"Bajo")))) -> Bajo | AW12: =IF(AV12=4,"Continua",IF(AV12=3,"Frecuente",IF(AV12=2,"Ocasional",IF(AV12=1,"Esporadica")))) -> FALSE | AX12: =AT12*AV12 -> 0 | AY12: =IF(AND(AX12>=24,AX12<=40),"Medio Alto",IF(AND(AX12>=10,AX12<=20),"Alto",IF(AND(AX12>=6,AX12<=8),"Medio",IF(AND(AX12>=0,AX12<=4),"Bajo")))) -> Bajo | BA12: =IF(AZ12=100,"Mortal o Catrastrofico",IF(AZ12=60,"Muy Grave",IF(AZ12=25,"Grave",IF(AZ12=10,"Leve")))) -> FALSE | BB12: =AX12*AZ12 -> 0 | BC12: =IF(AND(BB12>=600,AZ12<=4000),"I",IF(AND(BB12>=150,BB12<=500),"II",IF(AND(BB12>=40,BB12<=120),"III",IF(AND(BB12>=0,BB12<=40),"IV")))) -> IV | BD12: =IF(AND(BC12="I"),"NO ACEPTABLE",IF(AND(BC12="II"),"ACEPTABLE CON CONTROL ESPECIFICO",IF(AND(BC12="III"),"MEJORABLE",IF(AND(BC12="IV"),"ACEPTABLE")))) -> ACEPTABLE
B13: Interna | C13: Casa 1/ Casa 2 | D13: Todos los procesos | E13: Todas las areas | F13: Actividades administrativas dentro de las instalaciones de la Corporación | G13: Todas las tareas | H13: x | J13: Todo el personal | K13: Fenómenos naturales | L13: Terremoto | M13: Sismo, terremotos. | N13: Golpes, trapamientos, aplastamiento, muerte | R13: Capacitación de Brigadas de emergencias, Plan de emergencia, Programasd e Mantenimiento de la infraestructura de las casas 1 y 2. | U13: =IF(T13=10,"Muy Alto",IF(T13=6,"Alto",IF(T13=2,"Medio",IF(T13=0,"Bajo")))) -> Bajo | V13: 2 | W13: =IF(V13=4,"Continua",IF(V13=3,"Frecuente",IF(V13=2,"Ocasional",IF(V13=1,"Esporadica")))) -> Ocasional | X13: =T13*V13 -> 0 | Y13: =IF(AND(X13>=24,X13<=40),"Medio Alto",IF(AND(X13>=10,X13<=20),"Alto",IF(AND(X13>=6,X13<=8),"Medio",IF(AND(X13>=0,X13<=4),"Bajo")))) -> Bajo | Z13: 25 | AA13: =IF(Z13=100,"Mortal o Catrastrofico",IF(Z13=60,"Muy Grave",IF(Z13=25,"Grave",IF(Z13=10,"Leve")))) -> Grave | AB13: =X13*Z13 -> 0 | AC13: =IF(AND(AB13>=600,Z13<=4000),"I",IF(AND(AB13>=150,AB13<=500),"II",IF(AND(AB13>=40,AB13<=120),"III",IF(AND(AB13>=0,AB13<=40),"IV")))) -> IV | AD13: =IF(AND(AC13="I"),"NO ACEPTABLE",IF(AND(AC13="II"),"ACEPTABLE CON CONTROL ESPECIFICO",IF(AND(AC13="III"),"MEJORABLE",IF(AND(AC13="IV"),"ACEPTABLE")))) -> ACEPTABLE | AE13: Todos los trabajadores | AF13: =N13 -> Golpes, trapamientos, aplastamiento, muerte | AG13: SI | AI13: x | AJ13: x | AK13: x | AL13: x | AU13: =IF(AT13=10,"Muy Alto",IF(AT13=6,"Alto",IF(AT13=2,"Medio",IF(AT13=0,"Bajo")))) -> Bajo | AW13: =IF(AV13=4,"Continua",IF(AV13=3,"Frecuente",IF(AV13=2,"Ocasional",IF(AV13=1,"Esporadica")))) -> FALSE | AX13: =AT13*AV13 -> 0 | AY13: =IF(AND(AX13>=24,AX13<=40),"Medio Alto",IF(AND(AX13>=10,AX13<=20),"Alto",IF(AND(AX13>=6,AX13<=8),"Medio",IF(AND(AX13>=0,AX13<=4),"Bajo")))) -> Bajo | BA13: =IF(AZ13=100,"Mortal o Catrastrofico",IF(AZ13=60,"Muy Grave",IF(AZ13=25,"Grave",IF(AZ13=10,"Leve")))) -> FALSE | BB13: =AX13*AZ13 -> 0 | BC13: =IF(AND(BB13>=600,AZ13<=4000),"I",IF(AND(BB13>=150,BB13<=500),"II",IF(AND(BB13>=40,BB13<=120),"III",IF(AND(BB13>=0,BB13<=40),"IV")))) -> IV | BD13: =IF(AND(BC13="I"),"NO ACEPTABLE",IF(AND(BC13="II"),"ACEPTABLE CON CONTROL ESPECIFICO",IF(AND(BC13="III"),"MEJORABLE",IF(AND(BC13="IV"),"ACEPTABLE")))) -> ACEPTABLE
B14: Interna | C14: Casa 1 | D14: Todos los procesos | E14: Todas las areas | F14: Actividades administrativas dentro de las instalaciones de la Corporación | G14: Todas las tareas | H14: x | J14: Todo el personal | K14: Tenologico | L14: Incendio | M14: Incendios en: sotano, Almacenamiento de combustibles bodega de infraestructura, y presencia de Tranformador (casa 1). Instalaciones electricas almacenamiento de material combustible, carton papel, en oficinas | N14: Quemaduras, intoxicación, afectaciones respiratorias | Q14: Extintores Sistema de alarma de notificcaion de emergencias | R14: Brigada de emergencias, plan de emergencias, manejo de extintores, capacitacion de brigadas, alarmas. Programa de mantenimiento del transformador.Mejora de las condiciones de almacenamiento del area almacenamiento en sotano. Señalizacion y comunicación del riesgo. | T14: 2 | U14: =IF(T14=10,"Muy Alto",IF(T14=6,"Alto",IF(T14=2,"Medio",IF(T14=0,"Bajo")))) -> Medio | V14: 2 | W14: =IF(V14=4,"Continua",IF(V14=3,"Frecuente",IF(V14=2,"Ocasional",IF(V14=1,"Esporadica")))) -> Ocasional | X14: =T14*V14 -> 4 | Y14: =IF(AND(X14>=24,X14<=40),"Medio Alto",IF(AND(X14>=10,X14<=20),"Alto",IF(AND(X14>=6,X14<=8),"Medio",IF(AND(X14>=0,X14<=4),"Bajo")))) -> Bajo | Z14: 100 | AA14: =IF(Z14=100,"Mortal o Catrastrofico",IF(Z14=60,"Muy Grave",IF(Z14=25,"Grave",IF(Z14=10,"Leve")))) -> Mortal o Catrastrofico | AB14: =X14*Z14 -> 400 | AC14: =IF(AND(AB14>=600,Z14<=4000),"I",IF(AND(AB14>=150,AB14<=500),"II",IF(AND(AB14>=40,AB14<=120),"III",IF(AND(AB14>=0,AB14<=40),"IV")))) -> II | AD14: =IF(AND(AC14="I"),"NO ACEPTABLE",IF(AND(AC14="II"),"ACEPTABLE CON CONTROL ESPECIFICO",IF(AND(AC14="III"),"MEJORABLE",IF(AND(AC14="IV"),"ACEPTABLE")))) -> ACEPTABLE CON CONTROL ESPECIFICO | AE14: Todos los trabajadores | AF14: Golpes, traumas, heridas, infecciones, intoxicación, Mordeduras, picaduras, punciones, reacciones alérgicas, muerte | AG14: SI | AH14: x | AI14: x | AJ14: x | AK14: x | AL14: x | AM14: Mantenimiento de instalaciones electricas casa 1 y casa2, transformador casa1 | AP14: x | AQ14: x | AU14: =IF(AT14=10,"Muy Alto",IF(AT14=6,"Alto",IF(AT14=2,"Medio",IF(AT14=0,"Bajo")))) -> Bajo | AW14: =IF(AV14=4,"Continua",IF(AV14=3,"Frecuente",IF(AV14=2,"Ocasional",IF(AV14=1,"Esporadica")))) -> FALSE | AX14: =AT14*AV14 -> 0 | AY14: =IF(AND(AX14>=24,AX14<=40),"Medio Alto",IF(AND(AX14>=10,AX14<=20),"Alto",IF(AND(AX14>=6,AX14<=8),"Medio",IF(AND(AX14>=0,AX14<=4),"Bajo")))) -> Bajo | BA14: =IF(AZ14=100,"Mortal o Catrastrofico",IF(AZ14=60,"Muy Grave",IF(AZ14=25,"Grave",IF(AZ14=10,"Leve")))) -> FALSE | BB14: =AX14*AZ14 -> 0 | BC14: =IF(AND(BB14>=600,AZ14<=4000),"I",IF(AND(BB14>=150,BB14<=500),"II",IF(AND(BB14>=40,BB14<=120),"III",IF(AND(BB14>=0,BB14<=40),"IV")))) -> IV | BD14: =IF(AND(BC14="I"),"NO ACEPTABLE",IF(AND(BC14="II"),"ACEPTABLE CON CONTROL ESPECIFICO",IF(AND(BC14="III"),"MEJORABLE",IF(AND(BC14="IV"),"ACEPTABLE")))) -> ACEPTABLE
B15: Interna | C15: Casa 2 | D15: Todos los procesos | E15: Todas las areas | F15: Actividades administrativas dentro de las instalaciones de la Corporación | G15: Todas las tareas | H15: x | J15: Todo el personal | K15: Tenologico | L15: Incendio | M15: Areas de archivos de documentos (Casa 2). Instalaciones electricas almacenamiento de material combustible, carton papel, en oficinas | N15: Quemaduras, intoxicación, afectaciones respiratorias | Q15: Extintores Sistema de alarma de notificcaion de emergencias | R15: Brigada de emergencias, plan de emergencias, manejo de extintores, capacitacion de brigadas, alarmas. Programa de mantenimiento de instalacioens electricas .Mejora de las condiciones de almacenamiento de documentos, areas ventiladas. Señalizacion y comunicación del riesgo. | T15: 2 | U15: =IF(T15=10,"Muy Alto",IF(T15=6,"Alto",IF(T15=2,"Medio",IF(T15=0,"Bajo")))) -> Medio | V15: 2 | W15: =IF(V15=4,"Continua",IF(V15=3,"Frecuente",IF(V15=2,"Ocasional",IF(V15=1,"Esporadica")))) -> Ocasional | X15: =T15*V15 -> 4 | Y15: =IF(AND(X15>=24,X15<=40),"Medio Alto",IF(AND(X15>=10,X15<=20),"Alto",IF(AND(X15>=6,X15<=8),"Medio",IF(AND(X15>=0,X15<=4),"Bajo")))) -> Bajo | Z15: 100 | AA15: =IF(Z15=100,"Mortal o Catrastrofico",IF(Z15=60,"Muy Grave",IF(Z15=25,"Grave",IF(Z15=10,"Leve")))) -> Mortal o Catrastrofico | AB15: =X15*Z15 -> 400 | AC15: =IF(AND(AB15>=600,Z15<=4000),"I",IF(AND(AB15>=150,AB15<=500),"II",IF(AND(AB15>=40,AB15<=120),"III",IF(AND(AB15>=0,AB15<=40),"IV")))) -> II | AD15: =IF(AND(AC15="I"),"NO ACEPTABLE",IF(AND(AC15="II"),"ACEPTABLE CON CONTROL ESPECIFICO",IF(AND(AC15="III"),"MEJORABLE",IF(AND(AC15="IV"),"ACEPTABLE")))) -> ACEPTABLE CON CONTROL ESPECIFICO | AE15: Todos los trabajadores | AF15: Golpes, traumas, heridas, infecciones, intoxicación, Mordeduras, picaduras, punciones, reacciones alérgicas, muerte | AG15: SI | AH15: x | AI15: x | AJ15: x | AK15: x | AL15: x | AM15: Mantenimiento de instalaciones electricas casa 1 y casa2, | AP15: x | AQ15: x | AU15: =IF(AT15=10,"Muy Alto",IF(AT15=6,"Alto",IF(AT15=2,"Medio",IF(AT15=0,"Bajo")))) -> Bajo | AW15: =IF(AV15=4,"Continua",IF(AV15=3,"Frecuente",IF(AV15=2,"Ocasional",IF(AV15=1,"Esporadica")))) -> FALSE | AX15: =AT15*AV15 -> 0 | AY15: =IF(AND(AX15>=24,AX15<=40),"Medio Alto",IF(AND(AX15>=10,AX15<=20),"Alto",IF(AND(AX15>=6,AX15<=8),"Medio",IF(AND(AX15>=0,AX15<=4),"Bajo")))) -> Bajo | BA15: =IF(AZ15=100,"Mortal o Catrastrofico",IF(AZ15=60,"Muy Grave",IF(AZ15=25,"Grave",IF(AZ15=10,"Leve")))) -> FALSE | BB15: =AX15*AZ15 -> 0 | BC15: =IF(AND(BB15>=600,AZ15<=4000),"I",IF(AND(BB15>=150,BB15<=500),"II",IF(AND(BB15>=40,BB15<=120),"III",IF(AND(BB15>=0,BB15<=40),"IV")))) -> IV | BD15: =IF(AND(BC15="I"),"NO ACEPTABLE",IF(AND(BC15="II"),"ACEPTABLE CON CONTROL ESPECIFICO",IF(AND(BC15="III"),"MEJORABLE",IF(AND(BC15="IV"),"ACEPTABLE")))) -> ACEPTABLE
B16: Interna | C16: Casa 1/ Casa 2 | D16: Todos los procesos | E16: Todas las areas | F16: Actividades administrativas dentro de las instalaciones de la Corporación | G16: Todas las tareas | H16: x | J16: Todo el personal | K16: Condiciones de seguridad | L16: Mecánico | M16: Presencia de muebles y equipos de trabajo, escritorios, elementos en las diferentes areas | N16: Golpes, atrapamientos, contusiones. | R16: Mantenimiento de las condiciones de orden en areas de trabajo.ubicacion de muebles en lugares asignados, que no obstaculiecen las ares de paso | U16: =IF(T16=10,"Muy Alto",IF(T16=6,"Alto",IF(T16=2,"Medio",IF(T16=0,"Bajo")))) -> Bajo | V16: 2 | W16: =IF(V16=4,"Continua",IF(V16=3,"Frecuente",IF(V16=2,"Ocasional",IF(V16=1,"Esporadica")))) -> Ocasional | X16: =T16*V16 -> 0 | Y16: =IF(AND(X16>=24,X16<=40),"Medio Alto",IF(AND(X16>=10,X16<=20),"Alto",IF(AND(X16>=6,X16<=8),"Medio",IF(AND(X16>=0,X16<=4),"Bajo")))) -> Bajo | Z16: 60 | AA16: =IF(Z16=100,"Mortal o Catrastrofico",IF(Z16=60,"Muy Grave",IF(Z16=25,"Grave",IF(Z16=10,"Leve")))) -> Muy Grave | AB16: =X16*Z16 -> 0 | AC16: =IF(AND(AB16>=600,Z16<=4000),"I",IF(AND(AB16>=150,AB16<=500),"II",IF(AND(AB16>=40,AB16<=120),"III",IF(AND(AB16>=0,AB16<=40),"IV")))) -> IV | AD16: =IF(AND(AC16="I"),"NO ACEPTABLE",IF(AND(AC16="II"),"ACEPTABLE CON CONTROL ESPECIFICO",IF(AND(AC16="III"),"MEJORABLE",IF(AND(AC16="IV"),"ACEPTABLE")))) -> ACEPTABLE | AE16: Todos los trabajadores | AF16: =N16 -> Golpes, atrapamientos, contusiones. | AG16: SI | AI16: x | AJ16: x | AK16: x | AU16: =IF(AT16=10,"Muy Alto",IF(AT16=6,"Alto",IF(AT16=2,"Medio",IF(AT16=0,"Bajo")))) -> Bajo | AW16: =IF(AV16=4,"Continua",IF(AV16=3,"Frecuente",IF(AV16=2,"Ocasional",IF(AV16=1,"Esporadica")))) -> FALSE | AX16: =AT16*AV16 -> 0 | AY16: =IF(AND(AX16>=24,AX16<=40),"Medio Alto",IF(AND(AX16>=10,AX16<=20),"Alto",IF(AND(AX16>=6,AX16<=8),"Medio",IF(AND(AX16>=0,AX16<=4),"Bajo")))) -> Bajo | BA16: =IF(AZ16=100,"Mortal o Catrastrofico",IF(AZ16=60,"Muy Grave",IF(AZ16=25,"Grave",IF(AZ16=10,"Leve")))) -> FALSE | BB16: =AX16*AZ16 -> 0 | BC16: =IF(AND(BB16>=600,AZ16<=4000),"I",IF(AND(BB16>=150,BB16<=500),"II",IF(AND(BB16>=40,BB16<=120),"III",IF(AND(BB16>=0,BB16<=40),"IV")))) -> IV | BD16: =IF(AND(BC16="I"),"NO ACEPTABLE",IF(AND(BC16="II"),"ACEPTABLE CON CONTROL ESPECIFICO",IF(AND(BC16="III"),"MEJORABLE",IF(AND(BC16="IV"),"ACEPTABLE")))) -> ACEPTABLE
A17: AT 2025 | B17: Interna | C17: Casa 1/ Casa 2 | D17: Todos los procesos | E17: Todas las areas | F17: Actividades administrativas dentro de las instalaciones de la Corporación | G17: Todas las tareas | H17: x | J17: Todo el personal | K17: Condiciones de seguridad | L17: Locativo | M17: Circulación por las diferentes áreas de las instalaciones de la Corporación. Presencia de superficies resbalosas.Condiciones de condiciones de orden y aseo, . Deficiencia de orden y aseo. Superficies resbalosas, deslizantes e irregulares, desniveles, escaleras. | N17: Caidas golpes, colapso de estructuras y estantes | R17: Actividades de Orden y Aseo. Programa de mantenimiento de instalaciones. verificacion del entorno. Escaleras con varandas y entrepaños, cintas antdezlizantes.Señalización de áreas y superficies resbalosas, demarcacion de superficies. | U17: =IF(T17=10,"Muy Alto",IF(T17=6,"Alto",IF(T17=2,"Medio",IF(T17=0,"Bajo")))) -> Bajo | V17: 2 | W17: =IF(V17=4,"Continua",IF(V17=3,"Frecuente",IF(V17=2,"Ocasional",IF(V17=1,"Esporadica")))) -> Ocasional | X17: =T17*V17 -> 0 | Y17: =IF(AND(X17>=24,X17<=40),"Medio Alto",IF(AND(X17>=10,X17<=20),"Alto",IF(AND(X17>=6,X17<=8),"Medio",IF(AND(X17>=0,X17<=4),"Bajo")))) -> Bajo | Z17: 25 | AA17: =IF(Z17=100,"Mortal o Catrastrofico",IF(Z17=60,"Muy Grave",IF(Z17=25,"Grave",IF(Z17=10,"Leve")))) -> Grave | AB17: =X17*Z17 -> 0 | AC17: =IF(AND(AB17>=600,Z17<=4000),"I",IF(AND(AB17>=150,AB17<=500),"II",IF(AND(AB17>=40,AB17<=120),"III",IF(AND(AB17>=0,AB17<=40),"IV")))) -> IV | AD17: =IF(AND(AC17="I"),"NO ACEPTABLE",IF(AND(AC17="II"),"ACEPTABLE CON CONTROL ESPECIFICO",IF(AND(AC17="III"),"MEJORABLE",IF(AND(AC17="IV"),"ACEPTABLE")))) -> ACEPTABLE | AE17: Todos los trabajadores | AF17: Golpes, traumas, heridas, infecciones, intoxicación, Mordeduras, picaduras, punciones, reacciones alérgicas, muerte | AG17: SI | AH17: x | AI17: x | AJ17: x | AK17: x | AL17: x | AU17: =IF(AT17=10,"Muy Alto",IF(AT17=6,"Alto",IF(AT17=2,"Medio",IF(AT17=0,"Bajo")))) -> Bajo | AW17: =IF(AV17=4,"Continua",IF(AV17=3,"Frecuente",IF(AV17=2,"Ocasional",IF(AV17=1,"Esporadica")))) -> FALSE | AX17: =AT17*AV17 -> 0 | AY17: =IF(AND(AX17>=24,AX17<=40),"Medio Alto",IF(AND(AX17>=10,AX17<=20),"Alto",IF(AND(AX17>=6,AX17<=8),"Medio",IF(AND(AX17>=0,AX17<=4),"Bajo")))) -> Bajo | BA17: =IF(AZ17=100,"Mortal o Catrastrofico",IF(AZ17=60,"Muy Grave",IF(AZ17=25,"Grave",IF(AZ17=10,"Leve")))) -> FALSE | BB17: =AX17*AZ17 -> 0 | BC17: =IF(AND(BB17>=600,AZ17<=4000),"I",IF(AND(BB17>=150,BB17<=500),"II",IF(AND(BB17>=40,BB17<=120),"III",IF(AND(BB17>=0,BB17<=40),"IV")))) -> IV | BD17: =IF(AND(BC17="I"),"NO ACEPTABLE",IF(AND(BC17="II"),"ACEPTABLE CON CONTROL ESPECIFICO",IF(AND(BC17="III"),"MEJORABLE",IF(AND(BC17="IV"),"ACEPTABLE")))) -> ACEPTABLE
B18: Interna | C18: Casa 1/ Casa 2 | D18: Dirección General | E18: Dirección | F18: Actividades administrativas dentro de las instalaciones de la Corporación | G18: Todas las tareas | H18: x | J18: Director General, Asesor de Dirección, Secretaria Ejecutiva, Profesional Especializado | K18: Condiciones de seguridad | L18: Locativo | M18: Uso de escaleras (escaleras de caracol, rectas) daños o deterioro en la escalera. . Presencia de superficies resbalosas. | N18: Caídas al mismo nivel, caídas a diferente nivel, contusiones, golpes, fracturas | R18: Actividades de Orden y Aseo. Programa de mantenimiento de instalaciones. verificacion del entorno. Escaleras con varandas y entrepaños, cintas antdezlizantes.Señalización de áreas y superficies resbalosas, demarcacion de superficies. | T18: 2 | U18: =IF(T18=10,"Muy Alto",IF(T18=6,"Alto",IF(T18=2,"Medio",IF(T18=0,"Bajo")))) -> Medio | V18: 2 | W18: =IF(V18=4,"Continua",IF(V18=3,"Frecuente",IF(V18=2,"Ocasional",IF(V18=1,"Esporadica")))) -> Ocasional | X18: =T18*V18 -> 4 | Y18: =IF(AND(X18>=24,X18<=40),"Medio Alto",IF(AND(X18>=10,X18<=20),"Alto",IF(AND(X18>=6,X18<=8),"Medio",IF(AND(X18>=0,X18<=4),"Bajo")))) -> Bajo | Z18: 25 | AA18: =IF(Z18=100,"Mortal o Catrastrofico",IF(Z18=60,"Muy Grave",IF(Z18=25,"Grave",IF(Z18=10,"Leve")))) -> Grave | AB18: =X18*Z18 -> 100 | AC18: =IF(AND(AB18>=600,Z18<=4000),"I",IF(AND(AB18>=150,AB18<=500),"II",IF(AND(AB18>=40,AB18<=120),"III",IF(AND(AB18>=0,AB18<=40),"IV")))) -> III | AD18: =IF(AND(AC18="I"),"NO ACEPTABLE",IF(AND(AC18="II"),"ACEPTABLE CON CONTROL ESPECIFICO",IF(AND(AC18="III"),"MEJORABLE",IF(AND(AC18="IV"),"ACEPTABLE")))) -> MEJORABLE | AE18: 9 | AF18: =N18 -> Caídas al mismo nivel, caídas a diferente nivel, contusiones, golpes, fracturas | AG18: SI | AI18: x | AJ18: x | AM18: Instalacion de barandas en escaleras casa 1, acceso a escalera de caracol y casa 2 que conduce al patio. | AP18: x | AS18: x | AU18: =IF(AT18=10,"Muy Alto",IF(AT18=6,"Alto",IF(AT18=2,"Medio",IF(AT18=0,"Bajo")))) -> Bajo | AV18: 3 | AW18: =IF(AV18=4,"Continua",IF(AV18=3,"Frecuente",IF(AV18=2,"Ocasional",IF(AV18=1,"Esporadica")))) -> Frecuente | AX18: =AT18*AV18 -> 0 | AY18: =IF(AND(AX18>=24,AX18<=40),"Medio Alto",IF(AND(AX18>=10,AX18<=20),"Alto",IF(AND(AX18>=6,AX18<=8),"Medio",IF(AND(AX18>=0,AX18<=4),"Bajo")))) -> Bajo | AZ18: 25 | BA18: =IF(AZ18=100,"Mortal o Catrastrofico",IF(AZ18=60,"Muy Grave",IF(AZ18=25,"Grave",IF(AZ18=10,"Leve")))) -> Grave | BB18: =AX18*AZ18 -> 0 | BC18: =IF(AND(BB18>=600,AZ18<=4000),"I",IF(AND(BB18>=150,BB18<=500),"II",IF(AND(BB18>=40,BB18<=120),"III",IF(AND(BB18>=0,BB18<=40),"IV")))) -> IV | BD18: =IF(AND(BC18="I"),"NO ACEPTABLE",IF(AND(BC18="II"),"ACEPTABLE CON CONTROL ESPECIFICO",IF(AND(BC18="III"),"MEJORABLE",IF(AND(BC18="IV"),"ACEPTABLE")))) -> ACEPTABLE | BE18: DISMINUCION DEL RIESGO
B19: Interna | C19: Casa 1 | D19: Dirección General | E19: Dirección | F19: Actividades administrativas dentro de las instalaciones de la Corporación | G19: Dirigir, coordinar, planear, controlar y evaluar la gestión de todos los funcionaros de la entidad, encaminado al cumplimiento de políticas, planes y programas nacionales para logar una cultura ambiental que permita la administración responsable y auto sostenible de los recursos naturales renovables y no renovables en el Departamento del Atlántico. | H19: x | J19: Director General, Asesor de Dirección, Secretaria Ejecutiva, Profesional Especializado | K19: Biológico | L19: Macroorganismos (Mordeduras, golpes, pisadas de animales, picadas , puncion, cortes etc.) | M19: Programa de manejo de Riesgo biologico. Presencia de animales en la corporacion y en los alrededores de las instalaciones de la Corporación. Contacto con seres vivos (roedores, serpientes, reptiles, mosquitos) por medio de mordedura, picadura, rasgadura y en general ataque de animales | N19: Golpes, traumas, heridas, infecciones, intoxicación, Mordeduras, picaduras, punciones, reacciones alérgicas, muerte | R19: Labores de aseo general para mantener orden y aseo en las instalaciones de la Corporación. Fumigación y control de plagas. Conformación de brigadas de emergencia. Retiro de elementos en desuso que pueden ser usados por los animales como madrigueras, corte de la vegetación, mejorar las condiciones de iluminación nocturna. Fumigacion, Obesrvacion del entorno. | T19: 0 | U19: =IF(T19=10,"Muy Alto",IF(T19=6,"Alto",IF(T19=2,"Medio",IF(T19=0,"Bajo")))) -> Bajo | V19: 1 | W19: =IF(V19=4,"Continua",IF(V19=3,"Frecuente",IF(V19=2,"Ocasional",IF(V19=1,"Esporadica")))) -> Esporadica | X19: =T19*V19 -> 0 | Y19: =IF(AND(X19>=24,X19<=40),"Medio Alto",IF(AND(X19>=10,X19<=20),"Alto",IF(AND(X19>=6,X19<=8),"Medio",IF(AND(X19>=0,X19<=4),"Bajo")))) -> Bajo | Z19: 10 | AA19: =IF(Z19=100,"Mortal o Catrastrofico",IF(Z19=60,"Muy Grave",IF(Z19=25,"Grave",IF(Z19=10,"Leve")))) -> Leve | AB19: =X19*Z19 -> 0 | AC19: =IF(AND(AB19>=600,Z19<=4000),"I",IF(AND(AB19>=150,AB19<=500),"II",IF(AND(AB19>=40,AB19<=120),"III",IF(AND(AB19>=0,AB19<=40),"IV")))) -> IV | AD19: =IF(AND(AC19="I"),"NO ACEPTABLE",IF(AND(AC19="II"),"ACEPTABLE CON CONTROL ESPECIFICO",IF(AND(AC19="III"),"MEJORABLE",IF(AND(AC19="IV"),"ACEPTABLE")))) -> ACEPTABLE | AE19: 9 | AF19: =N19 -> Golpes, traumas, heridas, infecciones, intoxicación, Mordeduras, picaduras, punciones, reacciones alérgicas, muerte | AG19: SI | AI19: x | AJ19: x | AL19: x | AU19: =IF(AT19=10,"Muy Alto",IF(AT19=6,"Alto",IF(AT19=2,"Medio",IF(AT19=0,"Bajo")))) -> Bajo | AW19: =IF(AV19=4,"Continua",IF(AV19=3,"Frecuente",IF(AV19=2,"Ocasional",IF(AV19=1,"Esporadica")))) -> FALSE | AX19: =AT19*AV19 -> 0 | AY19: =IF(AND(AX19>=24,AX19<=40),"Medio Alto",IF(AND(AX19>=10,AX19<=20),"Alto",IF(AND(AX19>=6,AX19<=8),"Medio",IF(AND(AX19>=0,AX19<=4),"Bajo")))) -> Bajo | BA19: =IF(AZ19=100,"Mortal o Catrastrofico",IF(AZ19=60,"Muy Grave",IF(AZ19=25,"Grave",IF(AZ19=10,"Leve")))) -> FALSE | BB19: =AX19*AZ19 -> 0 | BC19: =IF(AND(BB19>=600,AZ19<=4000),"I",IF(AND(BB19>=150,BB19<=500),"II",IF(AND(BB19>=40,BB19<=120),"III",IF(AND(BB19>=0,BB19<=40),"IV")))) -> IV | BD19: =IF(AND(BC19="I"),"NO ACEPTABLE",IF(AND(BC19="II"),"ACEPTABLE CON CONTROL ESPECIFICO",IF(AND(BC19="III"),"MEJORABLE",IF(AND(BC19="IV"),"ACEPTABLE")))) -> ACEPTABLE
B20: Interna | C20: Casa 1 | D20: Dirección General | E20: Dirección | F20: Actividades administrativas dentro de las instalaciones de la Corporación | G20: Dirigir, coordinar, planear, controlar y evaluar la gestión de todos los funcionaros de la entidad, encaminado al cumplimiento de políticas, planes y programas nacionales para logar una cultura ambiental que permita la administración responsable y auto sostenible de los recursos naturales renovables y no renovables en el Departamento del Atlántico. | H20: x | J20: Director General, Asesor de Dirección, Secretaria Ejecutiva, Profesional Especializado | K20: Condiciones de seguridad | L20: Electrico. | M20: Manipulación de equipos eléctricos conexion y desconexion de equipos (PC, impresora, cargadores, monitor, proyector, entre otros), Exposicion a estatica | N20: Descargas eléctricas, dolor de cabeza, quemaduras, shock, golpes, heridas, contusiones. | Q20: CPU, reguladores de voltaje. Corriente regulada Polo tierra | R20: Señalización de zonas de riesgo eléctrico Desarrollo de programa de formación en Brigadas: Capacitación en uso de extintores. Brigadas de emergenciasCronograma de Mantenimiento de Equipos gestionado por Gestión de sistemas. Cableado en ductos | U20: =IF(T20=10,"Muy Alto",IF(T20=6,"Alto",IF(T20=2,"Medio",IF(T20=0,"Bajo")))) -> Bajo | V20: 2 | W20: =IF(V20=4,"Continua",IF(V20=3,"Frecuente",IF(V20=2,"Ocasional",IF(V20=1,"Esporadica")))) -> Ocasional | X20: =T20*V20 -> 0 | Y20: =IF(AND(X20>=24,X20<=40),"Medio Alto",IF(AND(X20>=10,X20<=20),"Alto",IF(AND(X20>=6,X20<=8),"Medio",IF(AND(X20>=0,X20<=4),"Bajo")))) -> Bajo | Z20: 60 | AA20: =IF(Z20=100,"Mortal o Catrastrofico",IF(Z20=60,"Muy Grave",IF(Z20=25,"Grave",IF(Z20=10,"Leve")))) -> Muy Grave | AB20: =X20*Z20 -> 0 | AC20: =IF(AND(AB20>=600,Z20<=4000),"I",IF(AND(AB20>=150,AB20<=500),"II",IF(AND(AB20>=40,AB20<=120),"III",IF(AND(AB20>=0,AB20<=40),"IV")))) -> IV | AD20: =IF(AND(AC20="I"),"NO ACEPTABLE",IF(AND(AC20="II"),"ACEPTABLE CON CONTROL ESPECIFICO",IF(AND(AC20="III"),"MEJORABLE",IF(AND(AC20="IV"),"ACEPTABLE")))) -> ACEPTABLE | AE20: 9 | AF20: =N20 -> Descargas eléctricas, dolor de cabeza, quemaduras, shock, golpes, heridas, contusiones. | AG20: SI | AI20: x | AJ20: x | AU20: =IF(AT20=10,"Muy Alto",IF(AT20=6,"Alto",IF(AT20=2,"Medio",IF(AT20=0,"Bajo")))) -> Bajo | AW20: =IF(AV20=4,"Continua",IF(AV20=3,"Frecuente",IF(AV20=2,"Ocasional",IF(AV20=1,"Esporadica")))) -> FALSE | AX20: =AT20*AV20 -> 0 | AY20: =IF(AND(AX20>=24,AX20<=40),"Medio Alto",IF(AND(AX20>=10,AX20<=20),"Alto",IF(AND(AX20>=6,AX20<=8),"Medio",IF(AND(AX20>=0,AX20<=4),"Bajo")))) -> Bajo | BA20: =IF(AZ20=100,"Mortal o Catrastrofico",IF(AZ20=60,"Muy Grave",IF(AZ20=25,"Grave",IF(AZ20=10,"Leve")))) -> FALSE | BB20: =AX20*AZ20 -> 0 | BC20: =IF(AND(BB20>=600,AZ20<=4000),"I",IF(AND(BB20>=150,BB20<=500),"II",IF(AND(BB20>=40,BB20<=120),"III",IF(AND(BB20>=0,BB20<=40),"IV")))) -> IV | BD20: =IF(AND(BC20="I"),"NO ACEPTABLE",IF(AND(BC20="II"),"ACEPTABLE CON CONTROL ESPECIFICO",IF(AND(BC20="III"),"MEJORABLE",IF(AND(BC20="IV"),"ACEPTABLE")))) -> ACEPTABLE
B21: Interna | C21: Casa 1 | D21: Dirección General | E21: Dirección | F21: Actividades administrativas dentro de las instalaciones de la Corporación | G21: Dirigir, coordinar, planear, controlar y evaluar la gestión de todos los funcionaros de la entidad, encaminado al cumplimiento de políticas, planes y programas nacionales para logar una cultura ambiental que permita la administración responsable y auto sostenible de los recursos naturales renovables y no renovables en el Departamento del Atlántico. | H21: x | J21: Director General, Asesor de Dirección, Secretaria Ejecutiva, Profesional Especializado | K21: Condiciones de seguridad | L21: Mecánico | M21: Presencia de muebles y equipos de trabajo, escritorios, elementos en las diferentes areas | N21: Golpes, atrapamientos, contusiones. | R21: Mantenimiento de las condiciones de orden en areas de trabajo.ubicacion de muebles en lugares asignados, que no obstaculiecen las ares de paso | U21: =IF(T21=10,"Muy Alto",IF(T21=6,"Alto",IF(T21=2,"Medio",IF(T21=0,"Bajo")))) -> Bajo | V21: 2 | W21: =IF(V21=4,"Continua",IF(V21=3,"Frecuente",IF(V21=2,"Ocasional",IF(V21=1,"Esporadica")))) -> Ocasional | X21: =T21*V21 -> 0 | Y21: =IF(AND(X21>=24,X21<=40),"Medio Alto",IF(AND(X21>=10,X21<=20),"Alto",IF(AND(X21>=6,X21<=8),"Medio",IF(AND(X21>=0,X21<=4),"Bajo")))) -> Bajo | Z21: 60 | AA21: =IF(Z21=100,"Mortal o Catrastrofico",IF(Z21=60,"Muy Grave",IF(Z21=25,"Grave",IF(Z21=10,"Leve")))) -> Muy Grave | AB21: =X21*Z21 -> 0 | AC21: =IF(AND(AB21>=600,Z21<=4000),"I",IF(AND(AB21>=150,AB21<=500),"II",IF(AND(AB21>=40,AB21<=120),"III",IF(AND(AB21>=0,AB21<=40),"IV")))) -> IV | AD21: =IF(AND(AC21="I"),"NO ACEPTABLE",IF(AND(AC21="II"),"ACEPTABLE CON CONTROL ESPECIFICO",IF(AND(AC21="III"),"MEJORABLE",IF(AND(AC21="IV"),"ACEPTABLE")))) -> ACEPTABLE | AE21: 9 | AF21: =N21 -> Golpes, atrapamientos, contusiones. | AG21: SI | AI21: x | AJ21: x | AU21: =IF(AT21=10,"Muy Alto",IF(AT21=6,"Alto",IF(AT21=2,"Medio",IF(AT21=0,"Bajo")))) -> Bajo | AW21: =IF(AV21=4,"Continua",IF(AV21=3,"Frecuente",IF(AV21=2,"Ocasional",IF(AV21=1,"Esporadica")))) -> FALSE | AX21: =AT21*AV21 -> 0 | AY21: =IF(AND(AX21>=24,AX21<=40),"Medio Alto",IF(AND(AX21>=10,AX21<=20),"Alto",IF(AND(AX21>=6,AX21<=8),"Medio",IF(AND(AX21>=0,AX21<=4),"Bajo")))) -> Bajo | BA21: =IF(AZ21=100,"Mortal o Catrastrofico",IF(AZ21=60,"Muy Grave",IF(AZ21=25,"Grave",IF(AZ21=10,"Leve")))) -> FALSE | BB21: =AX21*AZ21 -> 0 | BC21: =IF(AND(BB21>=600,AZ21<=4000),"I",IF(AND(BB21>=150,BB21<=500),"II",IF(AND(BB21>=40,BB21<=120),"III",IF(AND(BB21>=0,BB21<=40),"IV")))) -> IV | BD21: =IF(AND(BC21="I"),"NO ACEPTABLE",IF(AND(BC21="II"),"ACEPTABLE CON CONTROL ESPECIFICO",IF(AND(BC21="III"),"MEJORABLE",IF(AND(BC21="IV"),"ACEPTABLE")))) -> ACEPTABLE
B22: Interna | C22: Casa 1 | D22: Dirección General | E22: Dirección | F22: Actividades administrativas dentro de las instalaciones de la Corporación | G22: Dirigir, coordinar, planear, controlar y evaluar la gestión de todos los funcionaros de la entidad, encaminado al cumplimiento de políticas, planes y programas nacionales para logar una cultura ambiental que permita la administración responsable y auto sostenible de los recursos naturales renovables y no renovables en el Departamento del Atlántico. | H22: x | J22: Director General, Asesor de Dirección, Secretaria Ejecutiva, Profesional Especializado | K22: Condiciones de seguridad | L22: Mecánico | M22: Uso de herramientas de oficina (grapadora, cosedora, tijeras, exactos, ganchos, entre otros) | N22: Golpes, traumas, laceraciones, punciones | R22: Actividades de mantenimiento por parte de recursos físicos (Reparación, reemplazo de herramientas de oficina). Verificacion del estado de los equipos de oficina | U22: =IF(T22=10,"Muy Alto",IF(T22=6,"Alto",IF(T22=2,"Medio",IF(T22=0,"Bajo")))) -> Bajo | V22: 3 | W22: =IF(V22=4,"Continua",IF(V22=3,"Frecuente",IF(V22=2,"Ocasional",IF(V22=1,"Esporadica")))) -> Frecuente | X22: =T22*V22 -> 0 | Y22: =IF(AND(X22>=24,X22<=40),"Medio Alto",IF(AND(X22>=10,X22<=20),"Alto",IF(AND(X22>=6,X22<=8),"Medio",IF(AND(X22>=0,X22<=4),"Bajo")))) -> Bajo | Z22: 10 | AA22: =IF(Z22=100,"Mortal o Catrastrofico",IF(Z22=60,"Muy Grave",IF(Z22=25,"Grave",IF(Z22=10,"Leve")))) -> Leve | AB22: =X22*Z22 -> 0 | AC22: =IF(AND(AB22>=600,Z22<=4000),"I",IF(AND(AB22>=150,AB22<=500),"II",IF(AND(AB22>=40,AB22<=120),"III",IF(AND(AB22>=0,AB22<=40),"IV")))) -> IV | AD22: =IF(AND(AC22="I"),"NO ACEPTABLE",IF(AND(AC22="II"),"ACEPTABLE CON CONTROL ESPECIFICO",IF(AND(AC22="III"),"MEJORABLE",IF(AND(AC22="IV"),"ACEPTABLE")))) -> ACEPTABLE | AE22: 9 | AF22: =N22 -> Golpes, traumas, laceraciones, punciones | AG22: SI | AI22: x | AJ22: x | AU22: =IF(AT22=10,"Muy Alto",IF(AT22=6,"Alto",IF(AT22=2,"Medio",IF(AT22=0,"Bajo")))) -> Bajo | AW22: =IF(AV22=4,"Continua",IF(AV22=3,"Frecuente",IF(AV22=2,"Ocasional",IF(AV22=1,"Esporadica")))) -> FALSE | AX22: =AT22*AV22 -> 0 | AY22: =IF(AND(AX22>=24,AX22<=40),"Medio Alto",IF(AND(AX22>=10,AX22<=20),"Alto",IF(AND(AX22>=6,AX22<=8),"Medio",IF(AND(AX22>=0,AX22<=4),"Bajo")))) -> Bajo | BA22: =IF(AZ22=100,"Mortal o Catrastrofico",IF(AZ22=60,"Muy Grave",IF(AZ22=25,"Grave",IF(AZ22=10,"Leve")))) -> FALSE | BB22: =AX22*AZ22 -> 0 | BC22: =IF(AND(BB22>=600,AZ22<=4000),"I",IF(AND(BB22>=150,BB22<=500),"II",IF(AND(BB22>=40,BB22<=120),"III",IF(AND(BB22>=0,BB22<=40),"IV")))) -> IV | BD22: =IF(AND(BC22="I"),"NO ACEPTABLE",IF(AND(BC22="II"),"ACEPTABLE CON CONTROL ESPECIFICO",IF(AND(BC22="III"),"MEJORABLE",IF(AND(BC22="IV"),"ACEPTABLE")))) -> ACEPTABLE
B23: Interna | C23: Casa 1 | D23: Dirección General | E23: Dirección | F23: Actividades administrativas dentro de las instalaciones de la Corporación | G23: Dirigir, coordinar, planear, controlar y evaluar la gestión de todos los funcionaros de la entidad, encaminado al cumplimiento de políticas, planes y programas nacionales para logar una cultura ambiental que permita la administración responsable y auto sostenible de los recursos naturales renovables y no renovables en el Departamento del Atlántico. | H23: x | J23: Director General, Asesor de Dirección, Secretaria Ejecutiva, Profesional Especializado | K23: Biomecanico | L23: Movimientos repetitivos | M23: Movimientos repetitivos (digitación, uso del mouse, uso del celular) actividades administrativas, digitar informacion uso de celular, computador y perifericos. | N23: Desordenes de trauma acumulativo, lesiones del sistema músculo esquelético, Tendinitis, síndrome del túnel carpiano (STC) | Q23: Puestos de trabajos diseñados sillas ergonómicos. | R23: Exámenes médicos ocupacionales con énfasis osteomuscular. Suministro de Sillas ergonómicas ajustables a la antropometría del trabajador. Programa para el manejo del riesgo musco esquelético Capacitación Pausas Activas, Higiene postural. | U23: =IF(T23=10,"Muy Alto",IF(T23=6,"Alto",IF(T23=2,"Medio",IF(T23=0,"Bajo")))) -> Bajo | V23: 3 | W23: =IF(V23=4,"Continua",IF(V23=3,"Frecuente",IF(V23=2,"Ocasional",IF(V23=1,"Esporadica")))) -> Frecuente | X23: =T23*V23 -> 0 | Y23: =IF(AND(X23>=24,X23<=40),"Medio Alto",IF(AND(X23>=10,X23<=20),"Alto",IF(AND(X23>=6,X23<=8),"Medio",IF(AND(X23>=0,X23<=4),"Bajo")))) -> Bajo | Z23: 10 | AA23: =IF(Z23=100,"Mortal o Catrastrofico",IF(Z23=60,"Muy Grave",IF(Z23=25,"Grave",IF(Z23=10,"Leve")))) -> Leve | AB23: =X23*Z23 -> 0 | AC23: =IF(AND(AB23>=600,Z23<=4000),"I",IF(AND(AB23>=150,AB23<=500),"II",IF(AND(AB23>=40,AB23<=120),"III",IF(AND(AB23>=0,AB23<=40),"IV")))) -> IV | AD23: =IF(AND(AC23="I"),"NO ACEPTABLE",IF(AND(AC23="II"),"ACEPTABLE CON CONTROL ESPECIFICO",IF(AND(AC23="III"),"MEJORABLE",IF(AND(AC23="IV"),"ACEPTABLE")))) -> ACEPTABLE | AE23: 9 | AF23: =N23 -> Desordenes de trauma acumulativo, lesiones del sistema músculo esquelético, Tendinitis, síndrome del túnel carpiano (STC) | AG23: SI | AI23: x | AJ23: x | AU23: =IF(AT23=10,"Muy Alto",IF(AT23=6,"Alto",IF(AT23=2,"Medio",IF(AT23=0,"Bajo")))) -> Bajo | AW23: =IF(AV23=4,"Continua",IF(AV23=3,"Frecuente",IF(AV23=2,"Ocasional",IF(AV23=1,"Esporadica")))) -> FALSE | AX23: =AT23*AV23 -> 0 | AY23: =IF(AND(AX23>=24,AX23<=40),"Medio Alto",IF(AND(AX23>=10,AX23<=20),"Alto",IF(AND(AX23>=6,AX23<=8),"Medio",IF(AND(AX23>=0,AX23<=4),"Bajo")))) -> Bajo | BA23: =IF(AZ23=100,"Mortal o Catrastrofico",IF(AZ23=60,"Muy Grave",IF(AZ23=25,"Grave",IF(AZ23=10,"Leve")))) -> FALSE | BB23: =AX23*AZ23 -> 0 | BC23: =IF(AND(BB23>=600,AZ23<=4000),"I",IF(AND(BB23>=150,BB23<=500),"II",IF(AND(BB23>=40,BB23<=120),"III",IF(AND(BB23>=0,BB23<=40),"IV")))) -> IV | BD23: =IF(AND(BC23="I"),"NO ACEPTABLE",IF(AND(BC23="II"),"ACEPTABLE CON CONTROL ESPECIFICO",IF(AND(BC23="III"),"MEJORABLE",IF(AND(BC23="IV"),"ACEPTABLE")))) -> ACEPTABLE
B24: Interna | C24: Casa 1 | D24: Dirección General | E24: Dirección | F24: Actividades administrativas dentro de las instalaciones de la Corporación | G24: Dirigir, coordinar, planear, controlar y evaluar la gestión de todos los funcionaros de la entidad, encaminado al cumplimiento de políticas, planes y programas nacionales para logar una cultura ambiental que permita la administración responsable y auto sostenible de los recursos naturales renovables y no renovables en el Departamento del Atlántico. | H24: x | J24: Director General, Asesor de Dirección, Secretaria Ejecutiva, Profesional Especializado | K24: Biomecanico | L24: Posturas prolongadas | M24: Posturas prolongadas de pie y/o sentado, etc. Actividades administrativas, uso del computador, puestos de trabajo, escritorios | N24: Desordenes de trauma acumulativo, lesiones del sistema músculo esquelético | Q24: Puestos de trabajos diseñados bajo criterios ergonómicos. Suministro de Sillas ergonómicas ajustables a la antropometría del trabajador. | R24: Exámenes médicos ocupacionales con énfasis osteomuscular. Programa para el manejo del riesgo musco esquelético Pausas Activas, seguimiento a casos, aplicación de encuestas de motbilidad | U24: =IF(T24=10,"Muy Alto",IF(T24=6,"Alto",IF(T24=2,"Medio",IF(T24=0,"Bajo")))) -> Bajo | V24: 4 | W24: =IF(V24=4,"Continua",IF(V24=3,"Frecuente",IF(V24=2,"Ocasional",IF(V24=1,"Esporadica")))) -> Continua | X24: =T24*V24 -> 0 | Y24: =IF(AND(X24>=24,X24<=40),"Medio Alto",IF(AND(X24>=10,X24<=20),"Alto",IF(AND(X24>=6,X24<=8),"Medio",IF(AND(X24>=0,X24<=4),"Bajo")))) -> Bajo | Z24: 10 | AA24: =IF(Z24=100,"Mortal o Catrastrofico",IF(Z24=60,"Muy Grave",IF(Z24=25,"Grave",IF(Z24=10,"Leve")))) -> Leve | AB24: =X24*Z24 -> 0 | AC24: =IF(AND(AB24>=600,Z24<=4000),"I",IF(AND(AB24>=150,AB24<=500),"II",IF(AND(AB24>=40,AB24<=120),"III",IF(AND(AB24>=0,AB24<=40),"IV")))) -> IV | AD24: =IF(AND(AC24="I"),"NO ACEPTABLE",IF(AND(AC24="II"),"ACEPTABLE CON CONTROL ESPECIFICO",IF(AND(AC24="III"),"MEJORABLE",IF(AND(AC24="IV"),"ACEPTABLE")))) -> ACEPTABLE | AE24: 9 | AF24: =N24 -> Desordenes de trauma acumulativo, lesiones del sistema músculo esquelético | AG24: SI | AI24: x | AJ24: x | AU24: =IF(AT24=10,"Muy Alto",IF(AT24=6,"Alto",IF(AT24=2,"Medio",IF(AT24=0,"Bajo")))) -> Bajo | AW24: =IF(AV24=4,"Continua",IF(AV24=3,"Frecuente",IF(AV24=2,"Ocasional",IF(AV24=1,"Esporadica")))) -> FALSE | AX24: =AT24*AV24 -> 0 | AY24: =IF(AND(AX24>=24,AX24<=40),"Medio Alto",IF(AND(AX24>=10,AX24<=20),"Alto",IF(AND(AX24>=6,AX24<=8),"Medio",IF(AND(AX24>=0,AX24<=4),"Bajo")))) -> Bajo | BA24: =IF(AZ24=100,"Mortal o Catrastrofico",IF(AZ24=60,"Muy Grave",IF(AZ24=25,"Grave",IF(AZ24=10,"Leve")))) -> FALSE | BB24: =AX24*AZ24 -> 0 | BC24: =IF(AND(BB24>=600,AZ24<=4000),"I",IF(AND(BB24>=150,BB24<=500),"II",IF(AND(BB24>=40,BB24<=120),"III",IF(AND(BB24>=0,BB24<=40),"IV")))) -> IV | BD24: =IF(AND(BC24="I"),"NO ACEPTABLE",IF(AND(BC24="II"),"ACEPTABLE CON CONTROL ESPECIFICO",IF(AND(BC24="III"),"MEJORABLE",IF(AND(BC24="IV"),"ACEPTABLE")))) -> ACEPTABLE
B25: Interna | C25: Casa 1 | D25: Dirección General | E25: Dirección | F25: Actividades administrativas dentro de las instalaciones de la Corporación | G25: Dirigir, coordinar, planear, controlar y evaluar la gestión de todos los funcionaros de la entidad, encaminado al cumplimiento de políticas, planes y programas nacionales para logar una cultura ambiental que permita la administración responsable y auto sostenible de los recursos naturales renovables y no renovables en el Departamento del Atlántico. | H25: x | J25: Director General, Asesor de Dirección, Secretaria Ejecutiva, Profesional Especializado | K25: Psicosocial | L25: Condiciones de la tarea (carga mental, contenido de la tarea, demandas emocionales). Comunicación, tecnología, organización del trabajo, demandas cualitativas y cuantitativas de la labor. | M25: Alta carga laboral. Atención a personal externo e interno (usuarios, funcionarios, contratistas, asesores, entes de control). Exigencia en las actividades diarias. Trabajo bajo presión. Estilos de mando y liderazgo. Jornadas extenuantes de trabajo. | N25: Fatiga, estrés, disminución de la destreza y precisión. Estados de ansiedad y/o depresión y trastornos del aparato digestivo. | R25: Desarrollo de SVE Psicosocial. Implementación de las baterías de medición del riesgo psicosocial Implementación de las actividades de promoción, prevención e intervención contempladas en el Plan anual de trabajo y en el Cronograma de actividades de bienestar y desarrollo. Desarrollo de actividades de bienestar, trabajo en equipo, técnicas de relajación, pausas activas, rumba terapias. | U25: =IF(T25=10,"Muy Alto",IF(T25=6,"Alto",IF(T25=2,"Medio",IF(T25=0,"Bajo")))) -> Bajo | V25: 3 | W25: =IF(V25=4,"Continua",IF(V25=3,"Frecuente",IF(V25=2,"Ocasional",IF(V25=1,"Esporadica")))) -> Frecuente | X25: =T25*V25 -> 0 | Y25: =IF(AND(X25>=24,X25<=40),"Medio Alto",IF(AND(X25>=10,X25<=20),"Alto",IF(AND(X25>=6,X25<=8),"Medio",IF(AND(X25>=0,X25<=4),"Bajo")))) -> Bajo | Z25: 25 | AA25: =IF(Z25=100,"Mortal o Catrastrofico",IF(Z25=60,"Muy Grave",IF(Z25=25,"Grave",IF(Z25=10,"Leve")))) -> Grave | AB25: =X25*Z25 -> 0 | AC25: =IF(AND(AB25>=600,Z25<=4000),"I",IF(AND(AB25>=150,AB25<=500),"II",IF(AND(AB25>=40,AB25<=120),"III",IF(AND(AB25>=0,AB25<=40),"IV")))) -> IV | AD25: =IF(AND(AC25="I"),"NO ACEPTABLE",IF(AND(AC25="II"),"ACEPTABLE CON CONTROL ESPECIFICO",IF(AND(AC25="III"),"MEJORABLE",IF(AND(AC25="IV"),"ACEPTABLE")))) -> ACEPTABLE | AE25: Todos los trabajadores | AF25: =N25 -> Fatiga, estrés, disminución de la destreza y precisión. Estados de ansiedad y/o depresión y trastornos del aparato digestivo. | AG25: SI | AI25: x | AJ25: x | AU25: =IF(AT25=10,"Muy Alto",IF(AT25=6,"Alto",IF(AT25=2,"Medio",IF(AT25=0,"Bajo")))) -> Bajo | AW25: =IF(AV25=4,"Continua",IF(AV25=3,"Frecuente",IF(AV25=2,"Ocasional",IF(AV25=1,"Esporadica")))) -> FALSE | AX25: =AT25*AV25 -> 0 | AY25: =IF(AND(AX25>=24,AX25<=40),"Medio Alto",IF(AND(AX25>=10,AX25<=20),"Alto",IF(AND(AX25>=6,AX25<=8),"Medio",IF(AND(AX25>=0,AX25<=4),"Bajo")))) -> Bajo | BA25: =IF(AZ25=100,"Mortal o Catrastrofico",IF(AZ25=60,"Muy Grave",IF(AZ25=25,"Grave",IF(AZ25=10,"Leve")))) -> FALSE | BB25: =AX25*AZ25 -> 0 | BC25: =IF(AND(BB25>=600,AZ25<=4000),"I",IF(AND(BB25>=150,BB25<=500),"II",IF(AND(BB25>=40,BB25<=120),"III",IF(AND(BB25>=0,BB25<=40),"IV")))) -> IV | BD25: =IF(AND(BC25="I"),"NO ACEPTABLE",IF(AND(BC25="II"),"ACEPTABLE CON CONTROL ESPECIFICO",IF(AND(BC25="III"),"MEJORABLE",IF(AND(BC25="IV"),"ACEPTABLE")))) -> ACEPTABLE
B26: Interna | C26: Casa 1 | D26: Dirección General | E26: Dirección | F26: Actividades administrativas dentro de las instalaciones de la Corporación | G26: Dirigir, coordinar, planear, controlar y evaluar la gestión de todos los funcionaros de la entidad, encaminado al cumplimiento de políticas, planes y programas nacionales para logar una cultura ambiental que permita la administración responsable y auto sostenible de los recursos naturales renovables y no renovables en el Departamento del Atlántico. | H26: x | J26: Director General, Asesor de Dirección, Secretaria Ejecutiva, Profesional Especializado | K26: Fisico | L26: Iluminación deficiente o en exceso. | M26: Exposición a fuentes inadecuadas de iluminación, por ubicación de luminarias y puestos de trabajo, distribucion de oficinas, aportes de luz natural, brillos reflejos. Intensidad de luminarias y distancia a puestos de trabajo | N26: Fatiga visual, cefalea, disminución de la destreza y precisión, afectaciones a la vista, deslumbramiento, caídas a nivel, golpes. | Q26: Cronograma de mantenimiento de recursos físicos. Reposicion y limpieza de luminarias | R26: Mediciones higiénicas para verificar los niveles de iluminación de las áreas de trabajo. Efectuar r | T26: 2 | U26: =IF(T26=10,"Muy Alto",IF(T26=6,"Alto",IF(T26=2,"Medio",IF(T26=0,"Bajo")))) -> Medio | V26: 4 | W26: =IF(V26=4,"Continua",IF(V26=3,"Frecuente",IF(V26=2,"Ocasional",IF(V26=1,"Esporadica")))) -> Continua | X26: =T26*V26 -> 8 | Y26: =IF(AND(X26>=24,X26<=40),"Medio Alto",IF(AND(X26>=10,X26<=20),"Alto",IF(AND(X26>=6,X26<=8),"Medio",IF(AND(X26>=0,X26<=4),"Bajo")))) -> Medio | Z26: 10 | AA26: =IF(Z26=100,"Mortal o Catrastrofico",IF(Z26=60,"Muy Grave",IF(Z26=25,"Grave",IF(Z26=10,"Leve")))) -> Leve | AB26: =X26*Z26 -> 80 | AC26: =IF(AND(AB26>=600,Z26<=4000),"I",IF(AND(AB26>=150,AB26<=500),"II",IF(AND(AB26>=40,AB26<=120),"III",IF(AND(AB26>=0,AB26<=40),"IV")))) -> III | AD26: =IF(AND(AC26="I"),"NO ACEPTABLE",IF(AND(AC26="II"),"ACEPTABLE CON CONTROL ESPECIFICO",IF(AND(AC26="III"),"MEJORABLE",IF(AND(AC26="IV"),"ACEPTABLE")))) -> MEJORABLE | AE26: 9 | AF26: =N26 -> Fatiga visual, cefalea, disminución de la destreza y precisión, afectaciones a la vista, deslumbramiento, caídas a nivel, golpes. | AG26: SI | AI26: x | AJ26: x | AM26: Efectuar mantenimiento, limpieza y reemplazo de las lámparas actuales 2. Cambiar la distribución e intensidad lumínica de las luminarias actuales, aumentando el número de lámparas, aumentando la capacidad de las luminarias, 3. Verificar los niveles de iluminación por áreas y de ser necesario, efectuar ajustes en la ubicación del mobiliario que pueda estar afectando la iluminación de acuerdo a la normativa vigente y a las recomendacioens del estudio de iluminacion. | AP26: x | AQ26: x | AU26: =IF(AT26=10,"Muy Alto",IF(AT26=6,"Alto",IF(AT26=2,"Medio",IF(AT26=0,"Bajo")))) -> Bajo | AW26: =IF(AV26=4,"Continua",IF(AV26=3,"Frecuente",IF(AV26=2,"Ocasional",IF(AV26=1,"Esporadica")))) -> FALSE | AX26: =AT26*AV26 -> 0 | AY26: =IF(AND(AX26>=24,AX26<=40),"Medio Alto",IF(AND(AX26>=10,AX26<=20),"Alto",IF(AND(AX26>=6,AX26<=8),"Medio",IF(AND(AX26>=0,AX26<=4),"Bajo")))) -> Bajo | BA26: =IF(AZ26=100,"Mortal o Catrastrofico",IF(AZ26=60,"Muy Grave",IF(AZ26=25,"Grave",IF(AZ26=10,"Leve")))) -> FALSE | BB26: =AX26*AZ26 -> 0 | BC26: =IF(AND(BB26>=600,AZ26<=4000),"I",IF(AND(BB26>=150,BB26<=500),"II",IF(AND(BB26>=40,BB26<=120),"III",IF(AND(BB26>=0,BB26<=40),"IV")))) -> IV | BD26: =IF(AND(BC26="I"),"NO ACEPTABLE",IF(AND(BC26="II"),"ACEPTABLE CON CONTROL ESPECIFICO",IF(AND(BC26="III"),"MEJORABLE",IF(AND(BC26="IV"),"ACEPTABLE")))) -> ACEPTABLE
B27: Externa | C27: Vias, calles, carreteras | D27: Dirección General | E27: Conductores | F27: Conduccion Transporte a traves de calles y carreteras. | G27: Trasnsporte terrestre de personas en comision, para desarrollo de sus funciones. | H27: x | J27: Conductor | K27: Fenómenos naturales | L27: Tormentas, vientos huracanados, inundaciones, arroyos, crecientes, mareas. | M27: Cambios en condiciones termo higrométricas (Temperatura ambiental, Humedad relativa y Velocidad del aire). Generado por situaciones naturales o antrópicas. condiciones climatológicas adversas | N27: Golpes, descargas electricas, heridas | R27: Plan de emergencia. Suspensión de las actividades ante cambios en el estado del tiempo, presencia de tormentas en las inmediaciones del vivero.Sistema de comunicación, Plan de emergencia | S27: Suministro de Indumentarias propias para afrontar cambios climáticos, impermeables, botas pantaneras | T27: 0 | U27: =IF(T27=10,"Muy Alto",IF(T27=6,"Alto",IF(T27=2,"Medio",IF(T27=0,"Bajo")))) -> Bajo | V27: 2 | W27: =IF(V27=4,"Continua",IF(V27=3,"Frecuente",IF(V27=2,"Ocasional",IF(V27=1,"Esporadica")))) -> Ocasional | X27: =T27*V27 -> 0 | Y27: =IF(AND(X27>=24,X27<=40),"Medio Alto",IF(AND(X27>=10,X27<=20),"Alto",IF(AND(X27>=6,X27<=8),"Medio",IF(AND(X27>=0,X27<=4),"Bajo")))) -> Bajo | Z27: 25 | AA27: =IF(Z27=100,"Mortal o Catrastrofico",IF(Z27=60,"Muy Grave",IF(Z27=25,"Grave",IF(Z27=10,"Leve")))) -> Grave | AB27: =X27*Z27 -> 0 | AC27: =IF(AND(AB27>=600,Z27<=4000),"I",IF(AND(AB27>=150,AB27<=500),"II",IF(AND(AB27>=40,AB27<=120),"III",IF(AND(AB27>=0,AB27<=40),"IV")))) -> IV | AD27: =IF(AND(AC27="I"),"NO ACEPTABLE",IF(AND(AC27="II"),"ACEPTABLE CON CONTROL ESPECIFICO",IF(AND(AC27="III"),"MEJORABLE",IF(AND(AC27="IV"),"ACEPTABLE")))) -> ACEPTABLE | AF27: =N27 -> Golpes, descargas electricas, heridas | AG27: SI | AI27: x | AJ27: x | AL27: x
B28: Externa | C28: Vias, calles, carreteras | D28: Dirección General | E28: Conductores | F28: Conduccion Transporte a traves de calles y carreteras. Transporte de personas. | G28: Trasnsporte terrestre de personas en comision, para desarrollo de sus funciones. | H28: x | J28: Conductor | K28: Biomecanico | L28: Movimientos repetitivos | M28: MOVIMIENTOS REPETITIVOS. Conduccion, operación del vehiculo, movimiento de palanca de cambio y pedales | N28: Síndrome de túnel del carpo, Tenosinovitis de Quervain Fatiga muscular Tensión lumbar y cervical Epicondilitis | R28: Exámenes médicos ocupacionales con énfasis osteomuscular. Suministro de Sillas ergonómicas ajustables a la antropometría del trabajador. Programa para el manejo del riesgo musco esquelético Capacitación Pausas Activas, Higiene postural. Mantenimiento prevnetivo del vehiculo. | T28: 0 | U28: =IF(T28=10,"Muy Alto",IF(T28=6,"Alto",IF(T28=2,"Medio",IF(T28=0,"Bajo")))) -> Bajo | V28: 3 | W28: =IF(V28=4,"Continua",IF(V28=3,"Frecuente",IF(V28=2,"Ocasional",IF(V28=1,"Esporadica")))) -> Frecuente | X28: =T28*V28 -> 0 | Y28: =IF(AND(X28>=24,X28<=40),"Medio Alto",IF(AND(X28>=10,X28<=20),"Alto",IF(AND(X28>=6,X28<=8),"Medio",IF(AND(X28>=0,X28<=4),"Bajo")))) -> Bajo | Z28: 25 | AA28: =IF(Z28=100,"Mortal o Catrastrofico",IF(Z28=60,"Muy Grave",IF(Z28=25,"Grave",IF(Z28=10,"Leve")))) -> Grave | AB28: =X28*Z28 -> 0 | AC28: =IF(AND(AB28>=600,Z28<=4000),"I",IF(AND(AB28>=150,AB28<=500),"II",IF(AND(AB28>=40,AB28<=120),"III",IF(AND(AB28>=0,AB28<=40),"IV")))) -> IV | AD28: =IF(AND(AC28="I"),"NO ACEPTABLE",IF(AND(AC28="II"),"ACEPTABLE CON CONTROL ESPECIFICO",IF(AND(AC28="III"),"MEJORABLE",IF(AND(AC28="IV"),"ACEPTABLE")))) -> ACEPTABLE | AF28: =N28 -> Síndrome de túnel del carpo, Tenosinovitis de Quervain Fatiga muscular Tensión lumbar y cervical Epicondilitis | AG28: SI | AI28: x | AJ28: x
B29: Externa | C29: Vias, calles, carreteras | D29: Dirección General | E29: Conductores | F29: Conduccion Transporte a traves de calles y carreteras. Transporte de personas. | G29: Trasnsporte terrestre de personas en comision, para desarrollo de sus funciones. | H29: x | J29: Conductor | K29: Condiciones de seguridad | L29: Locativo | M29: Presencia de cobtaculos escalones, piso, desniveles, piso resbaloso,,Presencia de superficies irregulares, deslizantes. Traslado por diferenete areas. Al bajar del vehiculo areas del entorno | N29: Contusiones. Laceraciones. Esguinces. Fracturas. | R29: Inspeccion y verificacion del entorno de trabajo. | S29: Botas antideslizantes | T29: 0 | U29: =IF(T29=10,"Muy Alto",IF(T29=6,"Alto",IF(T29=2,"Medio",IF(T29=0,"Bajo")))) -> Bajo | V29: 2 | W29: =IF(V29=4,"Continua",IF(V29=3,"Frecuente",IF(V29=2,"Ocasional",IF(V29=1,"Esporadica")))) -> Ocasional | X29: =T29*V29 -> 0 | Y29: =IF(AND(X29>=24,X29<=40),"Medio Alto",IF(AND(X29>=10,X29<=20),"Alto",IF(AND(X29>=6,X29<=8),"Medio",IF(AND(X29>=0,X29<=4),"Bajo")))) -> Bajo | Z29: 25 | AA29: =IF(Z29=100,"Mortal o Catrastrofico",IF(Z29=60,"Muy Grave",IF(Z29=25,"Grave",IF(Z29=10,"Leve")))) -> Grave | AB29: =X29*Z29 -> 0 | AC29: =IF(AND(AB29>=600,Z29<=4000),"I",IF(AND(AB29>=150,AB29<=500),"II",IF(AND(AB29>=40,AB29<=120),"III",IF(AND(AB29>=0,AB29<=40),"IV")))) -> IV | AD29: =IF(AND(AC29="I"),"NO ACEPTABLE",IF(AND(AC29="II"),"ACEPTABLE CON CONTROL ESPECIFICO",IF(AND(AC29="III"),"MEJORABLE",IF(AND(AC29="IV"),"ACEPTABLE")))) -> ACEPTABLE | AF29: =N29 -> Contusiones. Laceraciones. Esguinces. Fracturas. | AG29: SI | AI29: x | AJ29: x
B30: Externa | C30: Vias, calles, carreteras | D30: Dirección General | E30: Conductores | F30: Conduccion Transporte a traves de calles y carreteras. Transporte de personas. | G30: Trasnsporte terrestre de personas en comision, para desarrollo de sus funciones. | H30: x | J30: Conductor | K30: Condiciones de seguridad | L30: Transito | M30: Transito dessplazamiento terrestres carretera. Rol conductor: Colision con infraestructura vial, objetos, instalaciones, choques con personas, u tros vehiculos. Rol peaton: atropellamiento por vehiculos | N30: golpes, fracturas, muerte, cortadas | Q30: Monitoreo GPS | R30: Plan estrategico de seguridad vial. programa de capcitacion y actividades en seguridad vial. programa de mantenimiento de vehiculos. MOnitoreo con GPS. Vehiculos nuevos | S30: cinturon de seguridad | T30: 0 | U30: =IF(T30=10,"Muy Alto",IF(T30=6,"Alto",IF(T30=2,"Medio",IF(T30=0,"Bajo")))) -> Bajo | V30: 4 | W30: =IF(V30=4,"Continua",IF(V30=3,"Frecuente",IF(V30=2,"Ocasional",IF(V30=1,"Esporadica")))) -> Continua | X30: =T30*V30 -> 0 | Y30: =IF(AND(X30>=24,X30<=40),"Medio Alto",IF(AND(X30>=10,X30<=20),"Alto",IF(AND(X30>=6,X30<=8),"Medio",IF(AND(X30>=0,X30<=4),"Bajo")))) -> Bajo | Z30: 100 | AA30: =IF(Z30=100,"Mortal o Catrastrofico",IF(Z30=60,"Muy Grave",IF(Z30=25,"Grave",IF(Z30=10,"Leve")))) -> Mortal o Catrastrofico | AB30: =X30*Z30 -> 0 | AC30: =IF(AND(AB30>=600,Z30<=4000),"I",IF(AND(AB30>=150,AB30<=500),"II",IF(AND(AB30>=40,AB30<=120),"III",IF(AND(AB30>=0,AB30<=40),"IV")))) -> IV | AD30: =IF(AND(AC30="I"),"NO ACEPTABLE",IF(AND(AC30="II"),"ACEPTABLE CON CONTROL ESPECIFICO",IF(AND(AC30="III"),"MEJORABLE",IF(AND(AC30="IV"),"ACEPTABLE")))) -> ACEPTABLE | AF30: =N30 -> golpes, fracturas, muerte, cortadas | AG30: SI | AI30: x | AJ30: x
B31: Externa | C31: Vias, calles, carreteras | D31: Dirección General | E31: Conductores | F31: Conduccion Transporte a traves de calles y carreteras. Transporte de personas. | G31: Trasnsporte terrestre de personas en comision, para desarrollo de sus funciones. | H31: x | J31: Conductor | K31: Condiciones de seguridad | L31: Mecánico | M31: contacto con la estructura del vehiculo durante la conduccion que puede generar golpes | N31: golpes laceraciones | R31: Inspeccion y verificacion del entorno de trabajo. | T31: 0 | U31: =IF(T31=10,"Muy Alto",IF(T31=6,"Alto",IF(T31=2,"Medio",IF(T31=0,"Bajo")))) -> Bajo | V31: 3 | W31: =IF(V31=4,"Continua",IF(V31=3,"Frecuente",IF(V31=2,"Ocasional",IF(V31=1,"Esporadica")))) -> Frecuente | X31: =T31*V31 -> 0 | Y31: =IF(AND(X31>=24,X31<=40),"Medio Alto",IF(AND(X31>=10,X31<=20),"Alto",IF(AND(X31>=6,X31<=8),"Medio",IF(AND(X31>=0,X31<=4),"Bajo")))) -> Bajo | Z31: 10 | AA31: =IF(Z31=100,"Mortal o Catrastrofico",IF(Z31=60,"Muy Grave",IF(Z31=25,"Grave",IF(Z31=10,"Leve")))) -> Leve | AB31: =X31*Z31 -> 0 | AC31: =IF(AND(AB31>=600,Z31<=4000),"I",IF(AND(AB31>=150,AB31<=500),"II",IF(AND(AB31>=40,AB31<=120),"III",IF(AND(AB31>=0,AB31<=40),"IV")))) -> IV | AD31: =IF(AND(AC31="I"),"NO ACEPTABLE",IF(AND(AC31="II"),"ACEPTABLE CON CONTROL ESPECIFICO",IF(AND(AC31="III"),"MEJORABLE",IF(AND(AC31="IV"),"ACEPTABLE")))) -> ACEPTABLE | AF31: =N31 -> golpes laceraciones | AG31: SI | AI31: x | AJ31: x
B32: Externa | C32: Vias, calles, carreteras | D32: Dirección General | E32: Conductores | F32: Conduccion Transporte a traves de calles y carreteras. Transporte de personas. | G32: Trasnsporte terrestre de personas en comision, para desarrollo de sus funciones. | H32: x | J32: Conductor | K32: Condiciones de seguridad | L32: Público. Orden público. | M32: Alteraciones del orden publico, atentados robos, presencia de grupos al margen de la ley. Protestas, cierres viales, atraco, secuestro. | N32: Heridas. Golpes. Muerte. | R32: verificacion del entorno de trabajo, verificacion de ruras,reporte e condiciones inseguras, seguuimiento GPS, Procedimientos efectuados con policia nacional | T32: 0 | U32: =IF(T32=10,"Muy Alto",IF(T32=6,"Alto",IF(T32=2,"Medio",IF(T32=0,"Bajo")))) -> Bajo | V32: 4 | W32: =IF(V32=4,"Continua",IF(V32=3,"Frecuente",IF(V32=2,"Ocasional",IF(V32=1,"Esporadica")))) -> Continua | X32: =T32*V32 -> 0 | Y32: =IF(AND(X32>=24,X32<=40),"Medio Alto",IF(AND(X32>=10,X32<=20),"Alto",IF(AND(X32>=6,X32<=8),"Medio",IF(AND(X32>=0,X32<=4),"Bajo")))) -> Bajo | Z32: 60 | AA32: =IF(Z32=100,"Mortal o Catrastrofico",IF(Z32=60,"Muy Grave",IF(Z32=25,"Grave",IF(Z32=10,"Leve")))) -> Muy Grave | AB32: =X32*Z32 -> 0 | AC32: =IF(AND(AB32>=600,Z32<=4000),"I",IF(AND(AB32>=150,AB32<=500),"II",IF(AND(AB32>=40,AB32<=120),"III",IF(AND(AB32>=0,AB32<=40),"IV")))) -> IV | AD32: =IF(AND(AC32="I"),"NO ACEPTABLE",IF(AND(AC32="II"),"ACEPTABLE CON CONTROL ESPECIFICO",IF(AND(AC32="III"),"MEJORABLE",IF(AND(AC32="IV"),"ACEPTABLE")))) -> ACEPTABLE | AF32: =N32 -> Heridas. Golpes. Muerte. | AG32: SI | AI32: x | AJ32: x
B33: Externa | C33: Vias, calles, carreteras | D33: Dirección General | E33: Conductores | F33: Conduccion Transporte a traves de calles y carreteras. Transporte de personas. | G33: Trasnsporte terrestre de personas en comision, para desarrollo de sus funciones. | H33: x | J33: Conductor | K33: Fisico | L33: Vibracion | M33: vibracion que genera el vehiculo durante la conduccion | N33: fatiga, problemas musculoesqueléticos y del sistema nervioso | R33: Programa de Mantenimiento de vehiculos (suspencion , balanceo, amortiguadores, motor). Inspeccion preoperacional, reposicion de vehiculos. Pausas activas y descansos. | T33: 0 | U33: =IF(T33=10,"Muy Alto",IF(T33=6,"Alto",IF(T33=2,"Medio",IF(T33=0,"Bajo")))) -> Bajo | V33: 3 | W33: =IF(V33=4,"Continua",IF(V33=3,"Frecuente",IF(V33=2,"Ocasional",IF(V33=1,"Esporadica")))) -> Frecuente | X33: =T33*V33 -> 0 | Y33: =IF(AND(X33>=24,X33<=40),"Medio Alto",IF(AND(X33>=10,X33<=20),"Alto",IF(AND(X33>=6,X33<=8),"Medio",IF(AND(X33>=0,X33<=4),"Bajo")))) -> Bajo | Z33: 10 | AA33: =IF(Z33=100,"Mortal o Catrastrofico",IF(Z33=60,"Muy Grave",IF(Z33=25,"Grave",IF(Z33=10,"Leve")))) -> Leve | AB33: =X33*Z33 -> 0 | AC33: =IF(AND(AB33>=600,Z33<=4000),"I",IF(AND(AB33>=150,AB33<=500),"II",IF(AND(AB33>=40,AB33<=120),"III",IF(AND(AB33>=0,AB33<=40),"IV")))) -> IV | AD33: =IF(AND(AC33="I"),"NO ACEPTABLE",IF(AND(AC33="II"),"ACEPTABLE CON CONTROL ESPECIFICO",IF(AND(AC33="III"),"MEJORABLE",IF(AND(AC33="IV"),"ACEPTABLE")))) -> ACEPTABLE | AF33: =N33 -> fatiga, problemas musculoesqueléticos y del sistema nervioso | AG33: SI | AI33: x | AJ33: x
B34: Externa | C34: Vias, calles, carreteras | D34: Dirección General | E34: Conductores | F34: Conduccion Transporte a traves de calles y carreteras. Transporte de personas. | G34: Trasnsporte terrestre de personas en comision, para desarrollo de sus funciones. | H34: x | J34: Conductor | K34: Fisico | L34: Ruido | M34: Ruido de la operación de conduccion y de los demas actores viales | N34: Disminucion de la capacidad auditiva Reducción temporal del umbral auditivo, Disminucion de la capacidad auditiva, cefalea, desconcentracion | R34: Cabina cerrada atenua el ruid den exterior. vEhiculo climatizado. Examemes medicos ocupacionales para evaluar la afectacion del riesgo | T34: 0 | U34: =IF(T34=10,"Muy Alto",IF(T34=6,"Alto",IF(T34=2,"Medio",IF(T34=0,"Bajo")))) -> Bajo | V34: 3 | W34: =IF(V34=4,"Continua",IF(V34=3,"Frecuente",IF(V34=2,"Ocasional",IF(V34=1,"Esporadica")))) -> Frecuente | X34: =T34*V34 -> 0 | Y34: =IF(AND(X34>=24,X34<=40),"Medio Alto",IF(AND(X34>=10,X34<=20),"Alto",IF(AND(X34>=6,X34<=8),"Medio",IF(AND(X34>=0,X34<=4),"Bajo")))) -> Bajo | Z34: 10 | AA34: =IF(Z34=100,"Mortal o Catrastrofico",IF(Z34=60,"Muy Grave",IF(Z34=25,"Grave",IF(Z34=10,"Leve")))) -> Leve | AB34: =X34*Z34 -> 0 | AC34: =IF(AND(AB34>=600,Z34<=4000),"I",IF(AND(AB34>=150,AB34<=500),"II",IF(AND(AB34>=40,AB34<=120),"III",IF(AND(AB34>=0,AB34<=40),"IV")))) -> IV | AD34: =IF(AND(AC34="I"),"NO ACEPTABLE",IF(AND(AC34="II"),"ACEPTABLE CON CONTROL ESPECIFICO",IF(AND(AC34="III"),"MEJORABLE",IF(AND(AC34="IV"),"ACEPTABLE")))) -> ACEPTABLE | AF34: =N34 -> Disminucion de la capacidad auditiva Reducción temporal del umbral auditivo, Disminucion de la capacidad auditiva, cefalea, desconcentracion | AG34: SI | AI34: x | AJ34: x
B35: Externa | C35: Vias, calles, carreteras | D35: Dirección General | E35: Conductores | F35: Conduccion Transporte a traves de calles y carreteras. Transporte de personas. | G35: Trasnsporte terrestre de personas en comision, para desarrollo de sus funciones. | H35: x | J35: Conductor | K35: Fisico | L35: Temperaturas Extremas Frio / calor | M35: Exposición a altos niveles de calor radiante o dirigido considerados altos si la temperatura profunda del cuerpo se incrementa a más de 42 grados centígrados.Temperatura de aires acondicionados. Calor radiante en la cabina del vehiculo por ingreso de luz solar, traslados fuera del vehiculo | N35: Fatiga que puede producir disminución de la vigilancia, la destreza manual y la rapidez, mareos, desmayos por deshidratación, agravamiento de trastornos cardiovasculares. | Q35: Panoramico y vidrios laterales con pelicula filtrante de luz. rayos UV. | R35: Programa de mantenimiento de aires acondicionados. Distribucion de aireas dentro de las instalaciones Vidrios cabina con pelicula filtrante de luz solar. vEhiculo climatizado. Hidratacion | S35: Camisa mangas largas o manguillas, gafas oscuras, gorra | T35: 0 | U35: =IF(T35=10,"Muy Alto",IF(T35=6,"Alto",IF(T35=2,"Medio",IF(T35=0,"Bajo")))) -> Bajo | V35: 3 | W35: =IF(V35=4,"Continua",IF(V35=3,"Frecuente",IF(V35=2,"Ocasional",IF(V35=1,"Esporadica")))) -> Frecuente | X35: =T35*V35 -> 0 | Y35: =IF(AND(X35>=24,X35<=40),"Medio Alto",IF(AND(X35>=10,X35<=20),"Alto",IF(AND(X35>=6,X35<=8),"Medio",IF(AND(X35>=0,X35<=4),"Bajo")))) -> Bajo | Z35: 10 | AA35: =IF(Z35=100,"Mortal o Catrastrofico",IF(Z35=60,"Muy Grave",IF(Z35=25,"Grave",IF(Z35=10,"Leve")))) -> Leve | AB35: =X35*Z35 -> 0 | AC35: =IF(AND(AB35>=600,Z35<=4000),"I",IF(AND(AB35>=150,AB35<=500),"II",IF(AND(AB35>=40,AB35<=120),"III",IF(AND(AB35>=0,AB35<=40),"IV")))) -> IV | AD35: =IF(AND(AC35="I"),"NO ACEPTABLE",IF(AND(AC35="II"),"ACEPTABLE CON CONTROL ESPECIFICO",IF(AND(AC35="III"),"MEJORABLE",IF(AND(AC35="IV"),"ACEPTABLE")))) -> ACEPTABLE | AF35: =N35 -> Fatiga que puede producir disminución de la vigilancia, la destreza manual y la rapidez, mareos, desmayos por deshidratación, agravamiento de trastornos cardiovasculares. | AG35: SI | AI35: x | AJ35: x
B36: Externa | C36: Vias, calles, carreteras | D36: Dirección General | E36: Conductores | F36: Conduccion Transporte a traves de calles y carreteras. Transporte de personas. | G36: Trasnsporte terrestre de personas en comision, para desarrollo de sus funciones. | H36: x | J36: Conductor | K36: Fisico | L36: Radiaciones no ionizantes. | M36: luz del sol que ingresa a la cabina por panoramico | N36: Deshidratacion, desconcentracion, fatiga, quemaduras en piel y tejido blando | Q36: Panoramico y vidrios laterales con pelicula filtrante de luz. rayos UV. | R36: Vidrios cabina con pelicula filtrante de luz solar. vEhiculo climatizado. Hidratacion | S36: Camisa mangas largas o manguillas, gafas oscuras | T36: 0 | U36: =IF(T36=10,"Muy Alto",IF(T36=6,"Alto",IF(T36=2,"Medio",IF(T36=0,"Bajo")))) -> Bajo | V36: 3 | W36: =IF(V36=4,"Continua",IF(V36=3,"Frecuente",IF(V36=2,"Ocasional",IF(V36=1,"Esporadica")))) -> Frecuente | X36: =T36*V36 -> 0 | Y36: =IF(AND(X36>=24,X36<=40),"Medio Alto",IF(AND(X36>=10,X36<=20),"Alto",IF(AND(X36>=6,X36<=8),"Medio",IF(AND(X36>=0,X36<=4),"Bajo")))) -> Bajo | Z36: 10 | AA36: =IF(Z36=100,"Mortal o Catrastrofico",IF(Z36=60,"Muy Grave",IF(Z36=25,"Grave",IF(Z36=10,"Leve")))) -> Leve | AB36: =X36*Z36 -> 0 | AC36: =IF(AND(AB36>=600,Z36<=4000),"I",IF(AND(AB36>=150,AB36<=500),"II",IF(AND(AB36>=40,AB36<=120),"III",IF(AND(AB36>=0,AB36<=40),"IV")))) -> IV | AD36: =IF(AND(AC36="I"),"NO ACEPTABLE",IF(AND(AC36="II"),"ACEPTABLE CON CONTROL ESPECIFICO",IF(AND(AC36="III"),"MEJORABLE",IF(AND(AC36="IV"),"ACEPTABLE")))) -> ACEPTABLE | AF36: =N36 -> Deshidratacion, desconcentracion, fatiga, quemaduras en piel y tejido blando | AG36: SI | AI36: x | AJ36: x
B37: Externa | C37: Vias, calles, carreteras | D37: Dirección General | E37: Conductores | F37: Conduccion Transporte a traves de calles y carreteras. Transporte de personas. | G37: Trasnsporte terrestre de personas en comision, para desarrollo de sus funciones. | H37: x | J37: Conductor | K37: Psicosocial | L37: Condiciones de la tarea | M37: Demandas de carga mental. atención, minuciosidad, variedad y apremio de tiempo | N37: Ansiedad Estrés laboral Desconcentración Trastornos de sueño | R37: Programa Psicosocial. aplicacion de bateria psicosocial, implementacion de resultados. Actividades de bienestar. Medicion del clima de trabajo. | T37: 0 | U37: =IF(T37=10,"Muy Alto",IF(T37=6,"Alto",IF(T37=2,"Medio",IF(T37=0,"Bajo")))) -> Bajo | V37: 3 | W37: =IF(V37=4,"Continua",IF(V37=3,"Frecuente",IF(V37=2,"Ocasional",IF(V37=1,"Esporadica")))) -> Frecuente | X37: =T37*V37 -> 0 | Y37: =IF(AND(X37>=24,X37<=40),"Medio Alto",IF(AND(X37>=10,X37<=20),"Alto",IF(AND(X37>=6,X37<=8),"Medio",IF(AND(X37>=0,X37<=4),"Bajo")))) -> Bajo | Z37: 25 | AA37: =IF(Z37=100,"Mortal o Catrastrofico",IF(Z37=60,"Muy Grave",IF(Z37=25,"Grave",IF(Z37=10,"Leve")))) -> Grave | AB37: =X37*Z37 -> 0 | AC37: =IF(AND(AB37>=600,Z37<=4000),"I",IF(AND(AB37>=150,AB37<=500),"II",IF(AND(AB37>=40,AB37<=120),"III",IF(AND(AB37>=0,AB37<=40),"IV")))) -> IV | AD37: =IF(AND(AC37="I"),"NO ACEPTABLE",IF(AND(AC37="II"),"ACEPTABLE CON CONTROL ESPECIFICO",IF(AND(AC37="III"),"MEJORABLE",IF(AND(AC37="IV"),"ACEPTABLE")))) -> ACEPTABLE | AF37: =N37 -> Ansiedad Estrés laboral Desconcentración Trastornos de sueño | AG37: SI | AI37: x | AJ37: x
B38: Externa | C38: Vias, calles, carreteras | D38: Dirección General | E38: Conductores | F38: Conduccion Transporte a traves de calles y carreteras. Transporte de personas. | G38: Trasnsporte terrestre de personas en comision, para desarrollo de sus funciones. | H38: x | J38: Conductor | K38: Condiciones de seguridad | L38: Tecnologico | M38: Incendios generados por fallas eléctricas, las fugas de líquidos inflamables, los fallos mecánicosy estado general del vehiculos | N38: Heridas. Agresiones física o verbales. Golpes. Secuestro. Muerte. | Q38: Extintor | R38: Plan de emergencias. Extintores. Comunicaciones. Capacitacion de brigadas en uso de extintores. | T38: 0 | U38: =IF(T38=10,"Muy Alto",IF(T38=6,"Alto",IF(T38=2,"Medio",IF(T38=0,"Bajo")))) -> Bajo | V38: 3 | W38: =IF(V38=4,"Continua",IF(V38=3,"Frecuente",IF(V38=2,"Ocasional",IF(V38=1,"Esporadica")))) -> Frecuente | X38: =T38*V38 -> 0 | Y38: =IF(AND(X38>=24,X38<=40),"Medio Alto",IF(AND(X38>=10,X38<=20),"Alto",IF(AND(X38>=6,X38<=8),"Medio",IF(AND(X38>=0,X38<=4),"Bajo")))) -> Bajo | Z38: 25 | AA38: =IF(Z38=100,"Mortal o Catrastrofico",IF(Z38=60,"Muy Grave",IF(Z38=25,"Grave",IF(Z38=10,"Leve")))) -> Grave | AB38: =X38*Z38 -> 0 | AC38: =IF(AND(AB38>=600,Z38<=4000),"I",IF(AND(AB38>=150,AB38<=500),"II",IF(AND(AB38>=40,AB38<=120),"III",IF(AND(AB38>=0,AB38<=40),"IV")))) -> IV | AD38: =IF(AND(AC38="I"),"NO ACEPTABLE",IF(AND(AC38="II"),"ACEPTABLE CON CONTROL ESPECIFICO",IF(AND(AC38="III"),"MEJORABLE",IF(AND(AC38="IV"),"ACEPTABLE")))) -> ACEPTABLE | AF38: =N38 -> Heridas. Agresiones física o verbales. Golpes. Secuestro. Muerte. | AG38: SI | AI38: x | AJ38: x
B39: Externa | C39: Vias, calles, carreteras | D39: Dirección General | E39: Conductores | F39: Conduccion Transporte a traves de calles y carreteras. Transporte de personas. | G39: Trasnsporte terrestre de personas en comision, para desarrollo de sus funciones. | H39: x | J39: Conductor | K39: Biomecanico | L39: postura | M39: postura sentado durante la conduccion del vehiculo.trayectos largos entre cuidades, intermunicipal | N39: Dolor dorsal y lumbar Dolor en cuello y hombros Alteraciones osteomusculares | R39: Silla en buen estado. sistema de amortiguacion del equipo. Pausas activas. descansos. SVE BIomecanico. Estudio de puesto de trabajo, morbilidad sentida e intervenciones. Pausas activas y descansos. | T39: 0 | U39: =IF(T39=10,"Muy Alto",IF(T39=6,"Alto",IF(T39=2,"Medio",IF(T39=0,"Bajo")))) -> Bajo | V39: 4 | W39: =IF(V39=4,"Continua",IF(V39=3,"Frecuente",IF(V39=2,"Ocasional",IF(V39=1,"Esporadica")))) -> Continua | X39: =T39*V39 -> 0 | Y39: =IF(AND(X39>=24,X39<=40),"Medio Alto",IF(AND(X39>=10,X39<=20),"Alto",IF(AND(X39>=6,X39<=8),"Medio",IF(AND(X39>=0,X39<=4),"Bajo")))) -> Bajo | Z39: 25 | AA39: =IF(Z39=100,"Mortal o Catrastrofico",IF(Z39=60,"Muy Grave",IF(Z39=25,"Grave",IF(Z39=10,"Leve")))) -> Grave | AB39: =X39*Z39 -> 0 | AC39: =IF(AND(AB39>=600,Z39<=4000),"I",IF(AND(AB39>=150,AB39<=500),"II",IF(AND(AB39>=40,AB39<=120),"III",IF(AND(AB39>=0,AB39<=40),"IV")))) -> IV | AD39: =IF(AND(AC39="I"),"NO ACEPTABLE",IF(AND(AC39="II"),"ACEPTABLE CON CONTROL ESPECIFICO",IF(AND(AC39="III"),"MEJORABLE",IF(AND(AC39="IV"),"ACEPTABLE")))) -> ACEPTABLE | AF39: =N39 -> Dolor dorsal y lumbar Dolor en cuello y hombros Alteraciones osteomusculares | AG39: SI | AI39: x | AJ39: x
B40: Externa | C40: Vias, calles, carreteras | D40: Dirección General | E40: Conductores | F40: Conduccion Transporte a traves de calles y carreteras. Transporte de personas. | G40: Trasnsporte terrestre de personas en comision, para desarrollo de sus funciones. | H40: x | J40: Conductor | K40: Biomecanico | L40: Movimientos repetitivos | M40: Conduccion, operación del vehiculo, movimiento de palanca de cambio y pedales | N40: Síndrome de túnel del carpo, Tenosinovitis de Quervain Fatiga muscular Tensión lumbar y cervical Epicondilitis | R40: Pausas activas. descansos. SVE BIomecanico. Estudio de puesto de trabajo, morbilidad sentida e intervenciones. | T40: 0 | U40: =IF(T40=10,"Muy Alto",IF(T40=6,"Alto",IF(T40=2,"Medio",IF(T40=0,"Bajo")))) -> Bajo | V40: 3 | W40: =IF(V40=4,"Continua",IF(V40=3,"Frecuente",IF(V40=2,"Ocasional",IF(V40=1,"Esporadica")))) -> Frecuente | X40: =T40*V40 -> 0 | Y40: =IF(AND(X40>=24,X40<=40),"Medio Alto",IF(AND(X40>=10,X40<=20),"Alto",IF(AND(X40>=6,X40<=8),"Medio",IF(AND(X40>=0,X40<=4),"Bajo")))) -> Bajo | Z40: 25 | AA40: =IF(Z40=100,"Mortal o Catrastrofico",IF(Z40=60,"Muy Grave",IF(Z40=25,"Grave",IF(Z40=10,"Leve")))) -> Grave | AB40: =X40*Z40 -> 0 | AC40: =IF(AND(AB40>=600,Z40<=4000),"I",IF(AND(AB40>=150,AB40<=500),"II",IF(AND(AB40>=40,AB40<=120),"III",IF(AND(AB40>=0,AB40<=40),"IV")))) -> IV | AD40: =IF(AND(AC40="I"),"NO ACEPTABLE",IF(AND(AC40="II"),"ACEPTABLE CON CONTROL ESPECIFICO",IF(AND(AC40="III"),"MEJORABLE",IF(AND(AC40="IV"),"ACEPTABLE")))) -> ACEPTABLE | AF40: =N40 -> Síndrome de túnel del carpo, Tenosinovitis de Quervain Fatiga muscular Tensión lumbar y cervical Epicondilitis | AG40: SI | AI40: x | AJ40: x
B41: Interna | C41: Casa 1/ Casa 2 | D41: Secretaria General | E41: Secretaria General , Archivo, Recursos Físicos, Sistemas Integrados de Gestión, Educacion Ambiental, compras adquision de bienes, secretaria, Recursos fisicos, asistente, Recepcion | F41: Actividades administrativas dentro de las instalaciones de la Corporación | G41: Actividades administrativas de apoyo a la gestion de la Corporacion. (Compras, gestion documental, educacion ambiental, mantenimiento de infraestructura) | H41: x | J41: Secretario General, Profesional Especializado, Profesional Universitario, Técnico Operativo, Técnico Administrativo, Secretario General, Secretario (a) | K41: Biomecanico | L41: Posturas prolongadas | M41: Posturas prolongadas de pie y/o sentado, etc. Actividades administrativas, uso del computador, puestos de trabajo, escritorios | N41: Desordenes de trauma acumulativo, lesiones del sistema músculo esquelético | Q41: Puestos de trabajos diseñados bajo criterios ergonómicos. Suministro de Sillas ergonómicas ajustables. | R41: Exámenes médicos ocupacionales con énfasis osteomuscular. Programa para el manejo del riesgo musco esquelético Pausas Activas, seguimiento a casos. | U41: =IF(T41=10,"Muy Alto",IF(T41=6,"Alto",IF(T41=2,"Medio",IF(T41=0,"Bajo")))) -> Bajo | V41: 4 | W41: =IF(V41=4,"Continua",IF(V41=3,"Frecuente",IF(V41=2,"Ocasional",IF(V41=1,"Esporadica")))) -> Continua | X41: =T41*V41 -> 0 | Y41: =IF(AND(X41>=24,X41<=40),"Medio Alto",IF(AND(X41>=10,X41<=20),"Alto",IF(AND(X41>=6,X41<=8),"Medio",IF(AND(X41>=0,X41<=4),"Bajo")))) -> Bajo | Z41: 10 | AA41: =IF(Z41=100,"Mortal o Catrastrofico",IF(Z41=60,"Muy Grave",IF(Z41=25,"Grave",IF(Z41=10,"Leve")))) -> Leve | AB41: =X41*Z41 -> 0 | AC41: =IF(AND(AB41>=600,Z41<=4000),"I",IF(AND(AB41>=150,AB41<=500),"II",IF(AND(AB41>=40,AB41<=120),"III",IF(AND(AB41>=0,AB41<=40),"IV")))) -> IV | AD41: =IF(AND(AC41="I"),"NO ACEPTABLE",IF(AND(AC41="II"),"ACEPTABLE CON CONTROL ESPECIFICO",IF(AND(AC41="III"),"MEJORABLE",IF(AND(AC41="IV"),"ACEPTABLE")))) -> ACEPTABLE | AE41: Todos los trabajadores | AF41: =N41 -> Desordenes de trauma acumulativo, lesiones del sistema músculo esquelético | AG41: SI | AI41: x | AJ41: x | AK41: x | AU41: =IF(AT41=10,"Muy Alto",IF(AT41=6,"Alto",IF(AT41=2,"Medio",IF(AT41=0,"Bajo")))) -> Bajo | AW41: =IF(AV41=4,"Continua",IF(AV41=3,"Frecuente",IF(AV41=2,"Ocasional",IF(AV41=1,"Esporadica")))) -> FALSE | AX41: =AT41*AV41 -> 0 | AY41: =IF(AND(AX41>=24,AX41<=40),"Medio Alto",IF(AND(AX41>=10,AX41<=20),"Alto",IF(AND(AX41>=6,AX41<=8),"Medio",IF(AND(AX41>=0,AX41<=4),"Bajo")))) -> Bajo | BA41: =IF(AZ41=100,"Mortal o Catrastrofico",IF(AZ41=60,"Muy Grave",IF(AZ41=25,"Grave",IF(AZ41=10,"Leve")))) -> FALSE | BB41: =AX41*AZ41 -> 0 | BC41: =IF(AND(BB41>=600,AZ41<=4000),"I",IF(AND(BB41>=150,BB41<=500),"II",IF(AND(BB41>=40,BB41<=120),"III",IF(AND(BB41>=0,BB41<=40),"IV")))) -> IV | BD41: =IF(AND(BC41="I"),"NO ACEPTABLE",IF(AND(BC41="II"),"ACEPTABLE CON CONTROL ESPECIFICO",IF(AND(BC41="III"),"MEJORABLE",IF(AND(BC41="IV"),"ACEPTABLE")))) -> ACEPTABLE
B42: Interna | C42: Casa 1/ Casa 2 | D42: Secretaria General | E42: Recepcion | F42: Actividades administrativas dentro de las instalaciones de la Corporación | G42: Actividades administrativas de apoyo a la gestion de la Corporacion. (Compras, gestion documental, educacion ambiental, mantenimiento de infraestructura) | H42: x | J42: Técnico Administrativo | K42: Condiciones de seguridad | L42: Públicos (robos, atracos, asaltos, atentados, desorden público, etc.) | M42: Atencion de personas, terceros, usuarios, quejas reclamos, agresion verbal | N42: Tension, stress | Q42: Sistemas de control de acceso, CCTV. Area de recepccion Cerrada | R42: Control de seguridad, guardas de control de ingreso de personas. Comunicaciones. Contactos con la policia nacional | U42: =IF(T42=10,"Muy Alto",IF(T42=6,"Alto",IF(T42=2,"Medio",IF(T42=0,"Bajo")))) -> Bajo | V42: 4 | W42: =IF(V42=4,"Continua",IF(V42=3,"Frecuente",IF(V42=2,"Ocasional",IF(V42=1,"Esporadica")))) -> Continua | X42: =T42*V42 -> 0 | Y42: =IF(AND(X42>=24,X42<=40),"Medio Alto",IF(AND(X42>=10,X42<=20),"Alto",IF(AND(X42>=6,X42<=8),"Medio",IF(AND(X42>=0,X42<=4),"Bajo")))) -> Bajo | Z42: 10 | AA42: =IF(Z42=100,"Mortal o Catrastrofico",IF(Z42=60,"Muy Grave",IF(Z42=25,"Grave",IF(Z42=10,"Leve")))) -> Leve | AB42: =X42*Z42 -> 0 | AC42: =IF(AND(AB42>=600,Z42<=4000),"I",IF(AND(AB42>=150,AB42<=500),"II",IF(AND(AB42>=40,AB42<=120),"III",IF(AND(AB42>=0,AB42<=40),"IV")))) -> IV | AD42: =IF(AND(AC42="I"),"NO ACEPTABLE",IF(AND(AC42="II"),"ACEPTABLE CON CONTROL ESPECIFICO",IF(AND(AC42="III"),"MEJORABLE",IF(AND(AC42="IV"),"ACEPTABLE")))) -> ACEPTABLE | AE42: Todos los trabajadores | AF42: =N42 -> Tension, stress | AG42: SI | AI42: x | AJ42: x | AK42: x | AL42: x | AU42: =IF(AT42=10,"Muy Alto",IF(AT42=6,"Alto",IF(AT42=2,"Medio",IF(AT42=0,"Bajo")))) -> Bajo | AW42: =IF(AV42=4,"Continua",IF(AV42=3,"Frecuente",IF(AV42=2,"Ocasional",IF(AV42=1,"Esporadica")))) -> FALSE | AX42: =AT42*AV42 -> 0 | AY42: =IF(AND(AX42>=24,AX42<=40),"Medio Alto",IF(AND(AX42>=10,AX42<=20),"Alto",IF(AND(AX42>=6,AX42<=8),"Medio",IF(AND(AX42>=0,AX42<=4),"Bajo")))) -> Bajo | BA42: =IF(AZ42=100,"Mortal o Catrastrofico",IF(AZ42=60,"Muy Grave",IF(AZ42=25,"Grave",IF(AZ42=10,"Leve")))) -> FALSE | BB42: =AX42*AZ42 -> 0 | BC42: =IF(AND(BB42>=600,AZ42<=4000),"I",IF(AND(BB42>=150,BB42<=500),"II",IF(AND(BB42>=40,BB42<=120),"III",IF(AND(BB42>=0,BB42<=40),"IV")))) -> IV | BD42: =IF(AND(BC42="I"),"NO ACEPTABLE",IF(AND(BC42="II"),"ACEPTABLE CON CONTROL ESPECIFICO",IF(AND(BC42="III"),"MEJORABLE",IF(AND(BC42="IV"),"ACEPTABLE")))) -> ACEPTABLE
